Workbook
Name BldgExpCodes: Lists!$A$308:$B$329
Name Budgets: Lists!$A$2:$A$19
Name BuildingCodes: Lists!$A$355:$A$358
Name BuildingExpenses: Lists!$A$308:$A$329
Name CAPCalcs: 'Total Expenses'!$X$74:$AA$140
Name Capital: Lists!$A$377:$A$384
Name CapitalCodes: Lists!$A$377:$B$384
Name Classification: Lists!$A$255:$A$257
Name Contract: Lists!$A$273:$A$278
Name ContractStatus: Lists!$A$281:$A$284
Name EEStatus: Lists!$A$260:$A$266
Name Employees: Lists!$A$121:$A$245
Name Existing: Lists!$A$249:$A$252
Name Funded: Lists!$A$269:$A$270
Name Funding: Lists!$A$23:$A$86
Name Location: Lists!$A$332:$A$336
Name OtherExpenses: Lists!$A$287:$A$305
Name OtherOperatingCodes: Lists!$B$287:$B$305
Name OtherOperatingExpenses: Lists!$A$287:$B$305
Name PayrollData: HR!$A$29:$Y$445
Name ProfessionalAccts: Lists!$A$347:$A$352
Name ProfExpCodes: Lists!$A$365:$B$370
Name Revenues: Lists!$A$90:$A$117
Name Supplies: Lists!$A$361:$A$362
Name SuppliesExpCodes: Lists!$A$373:$B$374
Name SuppliesType: Lists!$A$373:$A$374
Name TravelAccts: Lists!$A$339:$A$344
Name TravelExpenses: Lists!$A$339:$C$344

Sheet Summary
A1: Louisiana Housing Corporation
A2: Operating Budget - FY 16/17
A4: Operating Income | B4: FY 2013 Budget | C4: FY 2013 Actual | D4: FY 2014 Budget | E4: FY 2014 Actual | F4: FY 2015 Budget | G4: FY 2015 Actual | H4: Average Budget for FY 2012 - 2015 | I4: Average Expenses for FY 2012 - 2015 | J4: FY 2016 Budget | K4: FY 2016 Actuals - May 2016 | L4: FY 2016 Projected Actuals | M4: FY 2017 Budget Request | N4: Changes | O4: Post-meeting Updated FY 2017 Budget | P4: % Increase / (Decrease) | Q4: Projected Benefit / Accomplishment | R4: Comments/Remarks
A5: Investment/Interest Income | B5: 2045943 | C5: 2173685 | D5: 2095437 | E5: 3317530 | F5: 2354652 | G5: 1214206 | H5: =AVERAGE(B5,D5,F5) -> 2165344 | I5: =AVERAGE(C5,E5,G5) -> 2235140.3 | J5: 1010000 | K5: =Revenues!K6 -> 708673.62 | L5: 830108 | M5: =Revenues!Y6 -> 0 | O5: =SUM(M5:N5) -> 0 | P5: =(O5-J5)/J5 -> -1
A6: Home/Nat'l Hsg Trust Fund Program & Agency Admin Fees | B6: 3026603 | C6: 2211249 | D6: 1975000 | E6: 977111 | F6: 1975000 | G6: =-16178+74075-57897+300000+48.25 -> 300048.25 | H6: =AVERAGE(B6,D6,F6) -> 2325534.3 | I6: =AVERAGE(C6,E6,G6) -> 1162802.8 | J6: 407249 | K6: =Revenues!K19 -> 306600 | L6: 413849 | M6: =Revenues!Y19 -> 903821 | O6: =SUM(M6:N6) -> 903821 | P6: =(O6-J6)/J6 -> 1.2193326
A7: HUD Disposition Program Income | B7: 1998770 | C7: 1421151 | D7: 2239777 | E7: 1948320 | F7: 1926713 | G7: 2082572 | H7: =AVERAGE(B7,D7,F7) -> 2055086.7 | I7: =AVERAGE(C7,E7,G7) -> 1817347.7 | J7: 1675521 | K7: =Revenues!K36 -> 1445874 | L7: 1735049 | M7: =Revenues!Y36 -> 1955116 | O7: =SUM(M7:N7) -> 1955116 | P7: =(O7-J7)/J7 -> 0.16687048
A8: LA Housing Authority/Supportive Housing | B8: 1022446 | C8: 338070 | D8: 2275915 | E8: 1256352 | F8: 2706945 | G8: 1441207 | H8: =AVERAGE(B8,D8,F8) -> 2001768.7 | I8: =AVERAGE(C8,E8,G8) -> 1011876.3 | J8: 1323312 | K8: =Revenues!K40 -> 1623933.5 | L8: 1762981 | M8: =Revenues!Y40 -> 1837355.1 | O8: =SUM(M8:N8) -> 1837355.1 | P8: =(O8-J8)/J8 -> 0.38845193
A9: Compliance Monitoring -LIHTC Recipients | B9: 139000 | C9: 146741 | D9: 139000 | E9: 178059 | F9: 215512 | G9: 591784 | H9: =AVERAGE(B9,D9,F9) -> 164504 | I9: =AVERAGE(C9,E9,G9) -> 305528 | J9: 250720 | K9: =Revenues!K52 -> 241945.4 | L9: 241945 | M9: =Revenues!Y52 -> 213723 | O9: =SUM(M9:N9) -> 213723 | P9: =(O9-J9)/J9 -> -0.14756302
A10: Multi Family LIHTC Fees, M2M & Risk Sharing | B10: 640000 | C10: 984147 | D10: 1150000 | E10: 1274330 | F10: 1510000 | G10: 1047412 | H10: =AVERAGE(B10,D10,F10) -> 1100000 | I10: =AVERAGE(C10,E10,G10) -> 1101963 | J10: 2639250 | K10: =Revenues!K56 -> 1689049 | L10: 1690989 | M10: =Revenues!Y56-Revenues!Y57 -> 1107001 | O10: =SUM(M10:N10) -> 1107001 | P10: =(O10-J10)/J10 -> -0.58056227
A11: Multi Family Issuer Fees and MRB Application Fees | B11: 303521 | C11: 345680 | D11: 366688 | E11: 411970 | F11: 334961 | G11: 318966 | H11: =AVERAGE(B11,D11,F11) -> 335056.67 | I11: =AVERAGE(C11,E11,G11) -> 358872 | J11: 331132 | K11: =Revenues!K77 -> 375536.64 | L11: 375537 | M11: =Revenues!Y77 -> 265070 | O11: =SUM(M11:N11) -> 265070 | P11: =(O11-J11)/J11 -> -0.19950352
A12: Energy Programs (LIHEAP, WAP, ARRA WAP) | B12: 583698 | C12: 808324 | D12: 726816 | E12: =1049659+62560 -> 1112219 | F12: 1095708 | G12: 1233842 | H12: =AVERAGE(B12,D12,F12) -> 802074 | I12: =AVERAGE(C12,E12,G12) -> 1051461.7 | J12: 1313452 | K12: =Revenues!K84 -> 834099.96 | L12: 925425 | M12: =Revenues!Y84 -> 1325383.5 | O12: =SUM(M12:N12) -> 1325383.5 | P12: =(O12-J12)/J12 -> 0.0090840472
A13: Section 8 Contract Administration | B13: 2178197 | C13: 2645533 | D13: 2480140 | E13: 2742656 | F13: 2747556 | G13: 2766598 | H13: =AVERAGE(B13,D13,F13) -> 2468631 | I13: =AVERAGE(C13,E13,G13) -> 2718262.3 | J13: 2773561 | K13: =Revenues!K94 -> 2607195.3 | L13: 2851278 | M13: =Revenues!Y94 -> 3156300.1 | O13: =SUM(M13:N13) -> 3156300.1 | P13: =(O13-J13)/J13 -> 0.13799557
A14: Single Family Homebuyer/Counseling Programs | B14: 347015 | C14: 14925 | D14: 117326 | E14: 366974 | F14: 767326 | G14: 502273 | H14: =AVERAGE(B14,D14,F14) -> 410555.67 | I14: =AVERAGE(C14,E14,G14) -> 294724 | J14: =592877+60143 -> 653020 | K14: =Revenues!K103 -> 637142.95 | L14: 753869 | M14: =Revenues!Y103 -> 553904 | O14: =SUM(M14:N14) -> 553904 | P14: =(O14-J14)/J14 -> -0.15178096
A15: Single Family Bond Deal Income | B15: 1505171 | C15: 1423202 | D15: 1150820 | E15: 1290971 | F15: 980965 | G15: 1091503 | H15: =AVERAGE(B15,D15,F15) -> 1212318.7 | I15: =AVERAGE(C15,E15,G15) -> 1268558.7 | J15: 2412826 | K15: =Revenues!K118 -> 1067150.2 | L15: 2334292 | M15: =Revenues!Y118 -> 846990.42 | O15: =SUM(M15:N15) -> 846990.42 | P15: =(O15-J15)/J15 -> -0.64896332
A16: Disaster Housing Programs - Administrative Fees | B16: 1200217 | C16: 1712534 | D16: 1300855 | E16: 499370 | F16: =1524511+1000000+505000 -> 3029511 | G16: =1322114+64499 -> 1386613 | H16: =AVERAGE(B16,D16,F16) -> 1843527.7 | I16: =AVERAGE(C16,E16,G16) -> 1199505.7 | J16: =1116721+344150+495000 -> 1955871 | K16: =Revenues!K123 -> 710117.76 | L16: 1220877 | M16: =Revenues!Y123+Revenues!Y57 -> 2232352.5 | O16: =SUM(M16:N16) -> 2232352.5 | P16: =(O16-J16)/J16 -> 0.1413598
A17: Miscellaneous Income | B17: 0 | C17: 144319 | D17: 0 | E17: 9493 | F17: 0 | G17: 36818 | H17: =AVERAGE(B17,D17,F17) -> 0 | I17: =AVERAGE(C17,E17,G17) -> 63543.333 | J17: 0 | K17: =Revenues!K140 -> 22991 | L17: 22991 | M17: =Revenues!Y140 -> 6000 | O17: =SUM(M17:N17) -> 6000 | P17: =(O17-J17)/J17 -> #DIV/0!
A18: Total Operating Income | B18: =SUM(B5:B17) -> 14990581 | C18: =SUM(C5:C17) -> 14369560 | D18: =SUM(D5:D17) -> 16017774 | E18: =SUM(E5:E17) -> 15385355 | F18: =SUM(F5:F17) -> 19644849 | G18: =SUM(G5:G17) -> 14013842 | H18: =SUM(H5:H17) -> 16884401 | I18: =SUM(I5:I17) -> 14589586 | ... O18: =SUM(O5:O17) -> 14403017 | P18: =(O18-J18)/J18 -> -0.1399086
A20: Operating Expenses
A21: Human Resources | B21: 9765084 | C21: 9324126 | D21: 10647007 | E21: 10096645 | F21: 13825940 | G21: 11646799 | H21: =AVERAGE(B21,D21,F21) -> 11412677 | I21: =AVERAGE(C21,E21,G21) -> 10355857 | J21: ='Total Expenses'!C4 -> 11439323 | K21: 9190394 | L21: 10000000 | M21: ='Total Expenses'!D68 -> 10391631 | O21: =SUM(M21:N21) -> 10391631 | P21: =(O21-J21)/J21 -> -0.091586915
A22: Travel & Training | B22: 346584 | C22: 279926 | D22: 387025 | E22: 326365 | F22: 463895 | G22: 241929 | H22: =AVERAGE(B22,D22,F22) -> 399168 | I22: =AVERAGE(C22,E22,G22) -> 282740 | J22: ='Total Expenses'!C7 -> 332257 | K22: 95971 | L22: 135000 | M22: ='Total Expenses'!G68 -> 315244.5 | O22: =SUM(M22:N22) -> 315244.5 | P22: =(O22-J22)/J22 -> -0.051202834
A23: Operating Services | B23: 1088849 | C23: 1033778 | D23: 1249981 | E23: 1145211 | F23: 1228526 | G23: 1061236 | H23: =AVERAGE(B23,D23,F23) -> 1189118.7 | I23: =AVERAGE(C23,E23,G23) -> 1080075 | J23: ='Total Expenses'!C8 -> 954232 | K23: 1070908 | L23: 1165000 | M23: ='Total Expenses'!H68 -> 1254026.2 | O23: =SUM(M23:N23) -> 1254026.2 | P23: =(O23-J23)/J23 -> 0.31417329
A24: Building Bond Interest | B24: 97024 | C24: 93588 | D24: 77637 | E24: 74838 | F24: 56819 | G24: 83006 | H24: =AVERAGE(B24,D24,F24) -> 77160 | I24: =AVERAGE(C24,E24,G24) -> 83810.667 | J24: ='Total Expenses'!C11 -> 38275 | K24: 0 | L24: 38275 | M24: ='Total Expenses'!K68 -> 13568.75 | O24: =SUM(M24:N24) -> 13568.75 | P24: =(O24-J24)/J24 -> -0.64549314
A25: Building Expenses | B25: 271150 | C25: 290576 | D25: =250100+0 -> 250100 | E25: =262835+43885-1 -> 306719 | F25: =252360+71037 -> 323397 | G25: =315150+57095 -> 372245 | H25: =AVERAGE(B25,D25,F25) -> 281549 | I25: =AVERAGE(C25,E25,G25) -> 323180 | J25: ='Total Expenses'!C12 -> 373297 | K25: 275320 | L25: 300350 | M25: ='Total Expenses'!L68 -> 357727 | O25: =SUM(M25:N25) -> 357727 | P25: =(O25-J25)/J25 -> -0.041709416
A26: Supplies | B26: 155200 | C26: 123246 | D26: 158417 | E26: 108140 | F26: 132351 | G26: 105727 | H26: =AVERAGE(B26,D26,F26) -> 148656 | I26: =AVERAGE(C26,E26,G26) -> 112371 | J26: ='Total Expenses'!C9 -> 118400 | K26: 53558 | L26: 58450 | M26: ='Total Expenses'!I68 -> 100150 | O26: =SUM(M26:N26) -> 100150 | P26: =(O26-J26)/J26 -> -0.15413851
A27: Auditing | B27: 132750 | C27: 131990 | D27: 151965 | E27: 175405 | F27: 160465 | G27: =99930 -> 99930 | H27: =AVERAGE(B27,D27,F27) -> 148393.33 | I27: =AVERAGE(C27,E27,G27) -> 135775 | J27: ='Total Expenses'!C10 -> 244515 | K27: 181354 | L27: 230000 | M27: ='Total Expenses'!J68 -> 222500 | O27: =SUM(M27:N27) -> 222500 | P27: =(O27-J27)/J27 -> -0.090035376
A28: Legal Services | B28: 100000 | C28: 69729 | D28: 104000 | E28: 76956 | F28: 105000 | G28: =65344 -> 65344 | H28: =AVERAGE(B28,D28,F28) -> 103000 | I28: =AVERAGE(C28,E28,G28) -> 70676.333 | J28: ='Total Expenses'!C6 -> 92334 | K28: 47602 | L28: 53000 | M28: ='Total Expenses'!F68 -> 100000 | O28: =SUM(M28:N28) -> 100000 | P28: =(O28-J28)/J28 -> 0.083024671
A29: Professional Services | B29: 1736839 | C29: 1210757 | D29: 2103165 | E29: 1922313 | F29: 2582825 | G29: 2608090 | H29: =AVERAGE(B29,D29,F29) -> 2140943 | I29: =AVERAGE(C29,E29,G29) -> 1913720 | J29: ='Total Expenses'!C5 -> 2240639 | K29: 1182882 | L29: 1300000 | M29: ='Total Expenses'!E68 -> 1425459 | O29: =SUM(M29:N29) -> 1425459 | P29: =(O29-J29)/J29 -> -0.36381585
A30: 2/23/16 Tornado Emergency Assistance Program | B30: 0 | C30: 0 | D30: 0 | E30: 0 | F30: 0 | G30: 0 | H30: =AVERAGE(B30,D30,F30) -> 0 | I30: =AVERAGE(C30,E30,G30) -> 0 | J30: =1000000-1000000 -> 0 | K30: 0 | L30: 0 | M30: 0 | O30: =SUM(M30:N30) -> 0 | P30: =(O30-J30)/J30 -> #DIV/0!
A31: Total Operating Expenses | B31: =SUM(B21:B30) -> 13693480 | C31: =SUM(C21:C30) -> 12557716 | D31: =SUM(D21:D30) -> 15129297 | E31: =SUM(E21:E30) -> 14232592 | F31: =SUM(F21:F30) -> 18879218 | G31: =SUM(G21:G29) -> 16284306 | H31: =SUM(H21:H30) -> 15900665 | I31: =SUM(I21:I30) -> 14358205 | J31: =SUM(J21:J30) -> 15833272 | K31: =SUM(K21:K30) -> 12097989 | L31: =SUM(L21:L30) -> 13280075 | M31: =SUM(M21:M30) -> 14180306 | N31: =SUM(N21:N29) -> 0 | O31: =SUM(O21:O29) -> 14180306 | P31: =(O31-J31)/J31 -> -0.10439825
A33: Excess Revenues Over Expenses from Operations | B33: =B18-B31 -> 1297101 | C33: =C18-C31 -> 1811844 | D33: =D18-D31 -> 888477 | E33: =E18-E31 -> 1152763 | F33: =F18-F31 -> 765631 | G33: =G18-G31 -> -2270463.8 | H33: =H18-H31 -> 983736.33 | I33: =I18-I31 -> 231381.08 | ... O33: =O18-O31 -> 222710.51 | P33: =(O33-J33)/J33 -> -0.75597167
A35: Capital Expenditures | B35: 440000 | C35: 327332 | D35: 341000 | E35: 269877 | F35: 362603 | G35: 275691 | H35: =AVERAGE(B35,D35,F35) -> 381201 | I35: =AVERAGE(C35,E35,G35) -> 290966.67 | J35: 0 | K35: 22401 | L35: 22401 | M35: ='Capital Exp'!E3 -> 85000 | O35: =SUM(M35:N35) -> 85000 | P35: =(O35-J35)/J35 -> #DIV/0!
A37: Net Excess Revenue Over Expenditures from Operations | B37: =B33-B35 -> 857101 | C37: =C33-C35 -> 1484512 | D37: =D33-D35 -> 547477 | E37: =E33-E35 -> 882886 | F37: =F33-F35 -> 403028 | G37: =G33-G35 -> -2546154.8 | H37: =H33-H35 -> 602535.33 | I37: =I33-I35 -> -59585.583 | ... O37: =O33-O35 -> 137710.51 | P37: =(O37-J37)/J37 -> -0.84910786
A39: Full-Time Employees | B39: 126.5 | C39: 116 | D39: 132 | E39: 123 | F39: 153 | G39: 119 | H39: =AVERAGE(B39,D39,F39) -> 137.16667 | I39: =AVERAGE(C39,E39,G39) -> 119.33333 | J39: 120 | K39: 106 | L39: 101 | M39: =HR!I3 -> 110 | O39: =SUM(M39:N39) -> 110 | P39: =(O39-J39)/J39 -> -0.083333333

Sheet Revenues
B1: Operating Income
A4: GL | C4: Budget | D4: Funding | E4: Grant/Program | F4: Expiration | G4: Maximum | K4: To-Date | L4: Balance | M4: Quarter 1 | P4: Quarter 2 | S4: Quarter 3 | V4: Quarter 4
A5: Account | B5: Description | C5: Unit | D5: Source | E5: Year | F5: Date | G5: Fee | H5: FY 2013 | I5: FY 2014 | J5: FY 2015 | K5: FY 2016 | L5: Available | M5: Base Rate | N5: Qty | O5: Estimate | P5: Base Rate | Q5: Qty | R5: Estimate | S5: Base Rate | T5: Qty | U5: Estimate | V5: Base Rate | W5: Qty | X5: Estimate | Y5: Total Estimate
B6: Investment/Interest Income | G6: =SUM(G7:G16) -> 0 | H6: =SUM(H7:H17) -> 2173685.1 | I6: =SUM(I7:I17) -> 3317529.9 | J6: =SUM(J7:J17) -> 1214206.1 | K6: =SUM(K7:K17) -> 708673.62 | L6: =SUM(L7:L17) -> 0 | O6: =SUM(O7:O17) -> 0 | R6: =SUM(R7:R17) -> 0 | U6: =SUM(U7:U17) -> 0 | X6: =SUM(X7:X17) -> 0 | Y6: =SUM(Y7:Y17) -> 0
A7: 4040*005*000*266 | B7: Investment/Interest Income | C7: Executive Staff | D7: Shared - General Fund | E7: N/A | F7: N/A | G7: 0 | H7: 85.29 | I7: 0 | J7: 0 | K7: 290.75 | L7: 0 | M7: 0 | N7: 0 | O7: =N7*M7 -> 0 | P7: 0 | Q7: 0 | R7: =Q7*P7 -> 0 | S7: 0 | T7: 0 | U7: =T7*S7 -> 0 | V7: 0 | W7: 0 | X7: =W7*V7 -> 0 | Y7: =X7+U7+R7+O7 -> 0
A8: 4040*040*090*267 | B8: Investment/Interest Income | C8: Energy Assistance Programs | D8: Risk Sharing Program | E8: N/A | F8: N/A | G8: 0 | H8: 6.83 | I8: 0.1 | J8: 0.12 | K8: 1.21 | L8: 0 | M8: 0 | N8: 0 | O8: =N8*M8 -> 0 | P8: 0 | Q8: 0 | R8: =Q8*P8 -> 0 | S8: 0 | T8: 0 | U8: =T8*S8 -> 0 | V8: 0 | W8: 0 | X8: =W8*V8 -> 0 | Y8: =X8+U8+R8+O8 -> 0
A9: 4040*040*110*313 | B9: Investment/Interest Income | C9: Single Family Production (part of Rental Production) | D9: Mortgage Revenue Bonds | E9: N/A | F9: N/A | G9: 0 | H9: 5.56 | I9: 41.18 | J9: 34.91 | K9: 160.29 | L9: 0 | M9: 0 | N9: 0 | O9: =N9*M9 -> 0 | P9: 0 | Q9: 0 | R9: =Q9*P9 -> 0 | S9: 0 | T9: 0 | U9: =T9*S9 -> 0 | V9: 0 | W9: 0 | X9: =W9*V9 -> 0 | Y9: =X9+U9+R9+O9 -> 0
A10: 4040*040*150*273 | B10: Investment/Interest Income | C10: Executive Staff | D10: HUD Disposition - Gaslight/Village de Jardin | E10: N/A | F10: N/A | G10: 0 | H10: -9742.88 | I10: 59.67 | J10: 18.23 | K10: 390.28 | L10: 0 | M10: 0 | N10: 0 | O10: =N10*M10 -> 0 | P10: 0 | Q10: 0 | R10: =Q10*P10 -> 0 | S10: 0 | T10: 0 | U10: =T10*S10 -> 0 | V10: 0 | W10: 0 | X10: =W10*V10 -> 0 | Y10: =X10+U10+R10+O10 -> 0
A11: 4040*040*000*322 | B11: Investment/Interest Income | C11: Executive Staff | D11: Workforce Development Program | E11: N/A | F11: N/A | G11: 0 | H11: 0 | I11: 0 | J11: 0 | K11: 325.71 | L11: 0 | M11: 0 | N11: 0 | O11: =N11*M11 -> 0 | P11: 0 | Q11: 0 | R11: =Q11*P11 -> 0 | S11: 0 | T11: 0 | U11: =T11*S11 -> 0 | V11: 0 | W11: 0 | X11: =W11*V11 -> 0 | Y11: =X11+U11+R11+O11 -> 0
A12: 4045*005*000*266 | B12: Investment/Interest Income | C12: Executive Staff | D12: Allocable - Shared Funding including General Fund | E12: N/A | F12: N/A | G12: 0 | H12: 1377711.8 | I12: 2403529.2 | J12: 312007.7 | K12: 93307.74 | L12: 0 | M12: 0 | N12: 0 | O12: =N12*M12 -> 0 | P12: 0 | Q12: 0 | R12: =Q12*P12 -> 0 | S12: 0 | T12: 0 | U12: =T12*S12 -> 0 | V12: 0 | W12: 0 | X12: =W12*V12 -> 0 | Y12: =X12+U12+R12+O12 -> 0
A13: 4045*040*000*322 | B13: Investment/Interest Income | C13: Executive Staff | D13: Workforce Development Program | E13: N/A | F13: N/A | G13: 0 | H13: 0 | I13: 88857.6 | J13: 277876.17 | K13: 158194.04 | L13: 0 | M13: 0 | N13: 0 | O13: =N13*M13 -> 0 | P13: 0 | Q13: 0 | R13: =Q13*P13 -> 0 | S13: 0 | T13: 0 | U13: =T13*S13 -> 0 | V13: 0 | W13: 0 | X13: =W13*V13 -> 0 | Y13: =X13+U13+R13+O13 -> 0
A14: 4045*040*090*267 | B14: Investment/Interest Income | C14: Energy Assistance Programs | D14: Risk Sharing Program | E14: N/A | F14: N/A | G14: 0 | H14: 102758.73 | I14: 92109.35 | J14: 94783.98 | K14: 76923.57 | L14: 0 | M14: 0 | N14: 0 | O14: =N14*M14 -> 0 | P14: 0 | Q14: 0 | R14: =Q14*P14 -> 0 | S14: 0 | T14: 0 | U14: =T14*S14 -> 0 | V14: 0 | W14: 0 | X14: =W14*V14 -> 0 | Y14: =X14+U14+R14+O14 -> 0
A15: 4045*040*090*445 | B15: Investment/Interest Income | C15: Rental Production (includes Single Family Production) | D15: Risk Sharing Program | E15: N/A | F15: N/A | G15: 0 | H15: 251.89 | I15: 69.42 | J15: =197743.87-197743.87 -> 0 | K15: 1458.73 | L15: 0 | M15: 0 | N15: 0 | O15: =N15*M15 -> 0 | P15: 0 | Q15: 0 | R15: =Q15*P15 -> 0 | S15: 0 | T15: 0 | U15: =T15*S15 -> 0 | V15: 0 | W15: 0 | X15: =W15*V15 -> 0 | Y15: =X15+U15+R15+O15 -> 0
A16: 4045*040*150*273 | B16: Investment/Interest Income | C16: Executive Staff | D16: HUD Disposition - Gaslight/Village de Jardin | E16: N/A | F16: N/A | G16: 0 | H16: 149291.53 | I16: 182193.78 | J16: 1020.15 | K16: 1560.5 | L16: 0 | M16: 0 | N16: 0 | O16: =N16*M16 -> 0 | P16: 0 | Q16: 0 | R16: =Q16*P16 -> 0 | S16: 0 | T16: 0 | U16: =T16*S16 -> 0 | V16: 0 | W16: 0 | X16: =W16*V16 -> 0 | Y16: =X16+U16+R16+O16 -> 0
A17: 40__*___*___*___ | B17: Investment/Interest Income | C17: Executive Staff | D17: Shared - General Fund | E17: N/A | F17: N/A | G17: 0 | H17: 553316.34 | I17: 550669.53 | J17: 528464.89 | K17: =4.85+127.59+0.26+19.84+1045.26+231.68+4127.45+440.94+3018.9+62.76+366981.27 -> 376060.8 | L17: 0 | M17: 0 | N17: 0 | O17: =N17*M17 -> 0 | P17: 0 | Q17: 0 | R17: =Q17*P17 -> 0 | S17: 0 | T17: 0 | U17: =T17*S17 -> 0 | V17: 0 | W17: 0 | X17: =W17*V17 -> 0 | Y17: =X17+U17+R17+O17 -> 0
B19: HOME & Nat'l Housing Trust Fund Program Fees/Admin | G19: =SUM(G20:G34) -> 2195179.4 | H19: =SUM(H20:H34) -> 2211249 | I19: =SUM(I20:I34) -> 977111.22 | J19: =SUM(J20:J34) -> 300048.25 | K19: =SUM(K20:K34) -> 306600 | L19: =SUM(L20:L34) -> 1895179.4 | O19: =SUM(O20:O34) -> 225955.25 | R19: =SUM(R20:R34) -> 225955.25 | U19: =SUM(U20:U34) -> 225955.25 | X19: =SUM(X20:X34) -> 225955.25 | Y19: =SUM(Y20:Y34) -> 903821
A20: 4110*040*025*445 | B20: Administrative Fees | C20: Rental Production (includes Single Family Production) | D20: HOME Pgm | E20: Prior Years | H20: 2211249 | I20: 842460.97 | J20: 300000 | K20: 0 | L20: 0 | O20: 0 | R20: 0 | U20: 0 | X20: 0 | Y20: =X20+U20+R20+O20 -> 0
A21: 4110*040*025*445 | B21: Administrative Fees | C21: Rental Production (includes Single Family Production) | D21: HOME Pgm | E21: 2013 | F21: =E21+5 -> 2018 | G21: =124499.9 -> 124499.9 | H21: 0 | I21: 0 | J21: 0 | K21: 0 | L21: =G21-K21 -> 124499.9 | M21: 100667.16 | N21: 1 | O21: =N21*M21 -> 100667.16 | R21: 0 | U21: 0 | X21: 0 | Y21: =X21+U21+R21+O21 -> 100667.16 | Z21: x
A22: 4110*040*025*445 | B22: Administrative Fees | C22: Rental Production (includes Single Family Production) | D22: HOME Pgm | E22: 2014 | F22: =E22+5 -> 2019 | G22: =745654.7+142088.31 -> 887743.01 | H22: 0 | I22: 0 | J22: 0 | K22: 142088.31 | L22: =G22-K22 -> 745654.7 | M22: 0 | N22: 1 | O22: =N22*M22 -> 0 | P22: 100000 | Q22: 1 | R22: 100000 | S22: 100000 | T22: 1 | U22: 100000 | V22: 100000 | W22: 1 | X22: 100000 | Y22: =X22+U22+R22+O22 -> 300000 | Z22: x
A23: 4110*040*025*445 | B23: Administrative Fees | C23: Rental Production (includes Single Family Production) | D23: HOME Pgm | E23: 2015 | F23: =E23+5 -> 2020 | G23: =217327.95+651593 -> 868920.95 | H23: 0 | I23: 0 | J23: 0 | K23: 157911.69 | L23: =G23-K23 -> 711009.26 | M23: 24332.84 | N23: 1 | O23: =N23*M23 -> 24332.84 | P23: 25000 | Q23: 1 | R23: 25000 | S23: 25000 | T23: 1 | U23: 25000 | V23: 25000 | W23: 1 | X23: 25000 | Y23: =X23+U23+R23+O23 -> 99332.84 | Z23: x
A24: 4110*040*025*445 | B24: Administrative Fees | C24: Rental Production (includes Single Family Production) | D24: HOME Pgm | E24: 2016 | F24: =E24+5 -> 2021 | G24: 14015.51 | H24: 0 | I24: 0 | J24: 0 | K24: 0 | L24: =G24-K24 -> 14015.51 | O24: 0 | R24: 0 | U24: 0 | X24: 0 | Y24: =X24+U24+R24+O24 -> 0
A25: 4110*040*184*445 | B25: Administrative Fees | C25: Rental Production (includes Single Family Production) | D25: Nat'l Housing Trust Fund | E25: 2016 | G25: 300000 | H25: 0 | I25: 0 | J25: 0 | K25: 0 | L25: =G25-SUM(H25:K25) -> 300000 | M25: =90000/12 -> 7500 | N25: 3 | O25: =N25*M25 -> 22500 | P25: =90000/12 -> 7500 | Q25: 3 | R25: =Q25*P25 -> 22500 | S25: =90000/12 -> 7500 | T25: 3 | U25: =T25*S25 -> 22500 | V25: =90000/12 -> 7500 | W25: 3 | X25: =W25*V25 -> 22500 | Y25: =X25+U25+R25+O25 -> 90000 | Z25: x
A26: 4130*040*025*000 | B26: Analysis Fees | C26: Rental Production (includes Single Family Production) | D26: HOME Pgm | E26: 2016 | F26: N/A | G26: 0 | H26: 0 | I26: 0 | J26: 0 | K26: 0 | L26: 0 | M26: 2500 | N26: 0 | O26: =N26*M26 -> 0 | R26: =Q26*P26 -> 0 | S26: 2500 | T26: 0 | U26: =T26*S26 -> 0 | V26: 2000 | W26: 0 | X26: =W26*V26 -> 0 | Y26: =X26+U26+R26+O26 -> 0
A27: 4130*040*025*000 | B27: Analysis Fees | C27: Rental Production (includes Single Family Production) | D27: HOME Pgm | E27: 2017 | F27: N/A | G27: 0 | H27: 0 | I27: 0 | J27: 0 | K27: 0 | L27: 0 | O27: =N27*M27 -> 0 | R27: =Q27*P27 -> 0 | U27: =T27*S27 -> 0 | X27: =W27*V27 -> 0 | Y27: =X27+U27+R27+O27 -> 0
A28: 4140*040*025*000 | B28: Application Fees | C28: Rental Production (includes Single Family Production) | D28: HOME Pgm | E28: 2016 | F28: N/A | G28: 0 | H28: 0 | I28: 0 | J28: =40200-36000-4200 -> 0 | K28: 2100 | L28: 0 | O28: =N28*M28 -> 0 | R28: =Q28*P28 -> 0 | U28: =T28*S28 -> 0 | X28: =W28*V28 -> 0 | Y28: =X28+U28+R28+O28 -> 0
A29: 4140*040*025*000 | B29: Application Fees | C29: Rental Production (includes Single Family Production) | D29: HOME Pgm | E29: 2017 | F29: N/A | G29: 0 | H29: 0 | I29: 0 | J29: 0 | K29: 0 | L29: 0 | M29: 2500 | O29: =N29*M29 -> 0 | P29: 0 | R29: =Q29*P29 -> 0 | S29: 2500 | U29: =T29*S29 -> 0 | V29: 2000 | X29: =W29*V29 -> 0 | Y29: =X29+U29+R29+O29 -> 0
A30: 4145*040*025*000 | B30: Market Study Fees | C30: Rental Production (includes Single Family Production) | D30: HOME Pgm | E30: 2016 | F30: N/A | G30: 0 | H30: 0 | I30: 0 | J30: =27500-22500-5000 -> 0 | K30: 4500 | L30: 0 | M30: 4500 | O30: =N30*M30 -> 0 | P30: 4500 | R30: =Q30*P30 -> 0 | S30: 4500 | U30: =T30*S30 -> 0 | V30: 4500 | X30: =W30*V30 -> 0 | Y30: =X30+U30+R30+O30 -> 0
A31: 4145*040*025*000 | B31: Market Study Fees | C31: Rental Production (includes Single Family Production) | D31: HOME Pgm | E31: 2017 | F31: N/A | G31: 0 | H31: 0 | I31: 0 | J31: 0 | K31: 0 | L31: 0 | M31: 4500 | O31: =N31*M31 -> 0 | P31: 4500 | R31: =Q31*P31 -> 0 | S31: 4500 | U31: =T31*S31 -> 0 | V31: 4500 | X31: =W31*V31 -> 0 | Y31: =X31+U31+R31+O31 -> 0
A32: 4145*040*025*000 | B32: Project Delivery | C32: Rental Production (includes Single Family Production) | D32: HOME Pgm | E32: 2017 | F32: N/A | G32: 0 | H32: 0 | I32: 0 | J32: 0 | K32: 0 | L32: 0 | M32: =1000/3 -> 333.33333 | N32: 3 | O32: =N32*M32 -> 1000 | P32: =1000/3 -> 333.33333 | Q32: 3 | R32: =Q32*P32 -> 1000 | S32: =1000/3 -> 333.33333 | T32: 3 | U32: =T32*S32 -> 1000 | V32: =1000/3 -> 333.33333 | W32: 3 | X32: =W32*V32 -> 1000 | Y32: =X32+U32+R32+O32 -> 4000 | Z32: x
A33: 4200*040*025*000 | B33: Program Income - SF Loans | C33: Rental Production (includes Single Family Production) | D33: HOME Pgm | E33: 2017 | F33: =E33+5 -> 2022 | G33: 0 | H33: =2155200.11-2155200.11 -> 0 | I33: 134650.25 | J33: 48.25 | K33: 0 | L33: 0 | M33: =77455.25/3 -> 25818.417 | N33: 3 | O33: =N33*M33 -> 77455.25 | P33: =77455.25/3 -> 25818.417 | Q33: 3 | R33: =Q33*P33 -> 77455.25 | S33: =77455.25/3 -> 25818.417 | T33: 3 | U33: =T33*S33 -> 77455.25 | V33: =77455.25/3 -> 25818.417 | W33: 3 | X33: =W33*V33 -> 77455.25 | Y33: =X33+U33+R33+O33 -> 309821 | Z33: x
A34: 4210*040*025*000 | B34: Sub-Layering Fees | C34: Rental Production (includes Single Family Production) | D34: HOME Pgm | E34: 2017 | F34: N/A | G34: 0 | H34: 0 | I34: 0 | J34: =6375-6375 -> 0 | K34: 0 | L34: 0 | O34: =N34*M34 -> 0 | R34: =Q34*P34 -> 0 | U34: =T34*S34 -> 0 | X34: =W34*V34 -> 0 | Y34: =X34+U34+R34+O34 -> 0
B36: HUD Disposition Program Income | G36: =SUM(G37:G38) -> 0 | H36: =SUM(H37:H38) -> 1421150.7 | I36: =SUM(I37:I38) -> 1948320.2 | J36: =SUM(J37:J38) -> 2082571.6 | K36: =SUM(K37:K38) -> 1445874 | L36: =SUM(L37:L38) -> 0 | O36: =SUM(O37:O38) -> 488779 | R36: =SUM(R37:R38) -> 488779 | U36: =SUM(U37:U38) -> 488779 | X36: =SUM(X37:X38) -> 488779 | Y36: =SUM(Y37:Y38) -> 1955116
A37: 7050*040*150*160 | B37: HUD Disposition Program Income | C37: Executive Staff | D37: HUD Disposition - Gaslight/Village de Jardin | E37: N/A | F37: N/A | G37: 0 | H37: =-1172197.06+1281721 -> 109523.94 | I37: =-984797.78+1283204+2567 -> 300973.22 | J37: =-674093.88+1283699 -> 609605.12 | K37: 677608.82 | L37: 0 | M37: =132528/3 -> 44176 | N37: 3 | O37: =N37*M37 -> 132528 | P37: =132528/3 -> 44176 | Q37: 3 | R37: =Q37*P37 -> 132528 | S37: =132528/3 -> 44176 | T37: 3 | U37: =T37*S37 -> 132528 | V37: =132528/3 -> 44176 | W37: 3 | X37: =W37*V37 -> 132528 | Y37: =X37+U37+R37+O37 -> 530112 | Z37: x
A38: 7050*040*150*165 | B38: HUD Disposition Program Income | C38: Executive Staff | D38: HUD Disposition - Willowbrook | E38: N/A | F38: N/A | G38: 0 | H38: =141626.79+1170000 -> 1311626.8 | I38: =447282.03+(468754-447282.03)+27417+1151176 -> 1647347 | J38: =264160.48+57500+1151306 -> 1472966.5 | K38: 768265.21 | L38: 0 | M38: =356251/3 -> 118750.33 | N38: 3 | O38: =N38*M38 -> 356251 | P38: =356251/3 -> 118750.33 | Q38: 3 | R38: =Q38*P38 -> 356251 | S38: =356251/3 -> 118750.33 | T38: 3 | U38: =T38*S38 -> 356251 | V38: =356251/3 -> 118750.33 | W38: 3 | X38: =W38*V38 -> 356251 | Y38: =X38+U38+R38+O38 -> 1425004 | Z38: x
L39: =G39-K39 -> 0
B40: LHA/Supportive Housing Pgms | G40: =SUM(G41:G50) -> 6118089.7 | H40: =SUM(H41:H50) -> 338069.94 | I40: =SUM(I41:I50) -> 1256351.9 | J40: =SUM(J41:J50) -> 1441207.2 | K40: =SUM(K41:K50) -> 1623933.5 | L40: =SUM(L41:L50) -> 1458527.1 | O40: =SUM(O41:O50) -> 466120.26 | R40: =SUM(R41:R50) -> 466120.25 | U40: =SUM(U41:U50) -> 459187.33 | X40: =SUM(X41:X50) -> 445927.26 | Y40: =SUM(Y41:Y50) -> 1837355.1
A41: 4110*040*116*445 | B41: Administrative Fees | C41: Louisiana Housing Authority | D41: ESG Shelter Program | E41: Prior Years | F41: 42430 | G41: =520773.19+35981+16088.04+657.2 -> 573499.43 | H41: 112057.09 | I41: 157336.63 | J41: 189128.85 | K41: 100452.38 | L41: =G41-H41-I41-J41-K41 -> 14524.48 | M41: 11358.67 | N41: 2 | O41: =N41*M41 -> 22717.34 | R41: =Q41*P41 -> 0 | U41: =T41*S41 -> 0 | X41: =W41*V41 -> 0 | Y41: =X41+U41+R41+O41 -> 22717.34 | Z41: x
A42: 4110*040*116*445 | B42: Administrative Fees | C42: Louisiana Housing Authority | D42: ESG Shelter Program | E42: 2015 | F42: 42795 | G42: 28127 | H42: 0 | I42: 0 | J42: 0 | K42: 0 | L42: =G42-H42-I42-J42-K42 -> 28127 | M42: 11358.67 | N42: 1 | O42: =N42*M42 -> 11358.67 | P42: 11358.67 | Q42: 1.475 | R42: =Q42*P42+14.29 -> 16768.328 | S42: 0 | T42: 0 | U42: =T42*S42 -> 0 | V42: 0 | W42: 0 | X42: =W42*V42 -> 0 | Y42: =X42+U42+R42+O42 -> 28126.998 | Z42: x
A43: 4110*040*116*445 | B43: Administrative Fees | C43: Louisiana Housing Authority | D43: ESG Shelter Program | E43: 2016 | F43: 43160 | G43: 108177 | H43: 0 | I43: 0 | J43: 0 | K43: 0 | L43: =G43-H43-I43-J43-K43 -> 108177 | M43: 0 | N43: 0 | O43: =N43*M43 -> 0 | P43: 11358.67 | Q43: 1.52 | R43: =Q43*P43+42.49 -> 17307.668 | S43: 11358.67 | T43: 3 | U43: =T43*S43 -> 34076.01 | V43: 11358.67 | W43: 3 | X43: =W43*V43 -> 34076.01 | Y43: =X43+U43+R43+O43 -> 85459.688 | Z43: x
A44: 4110*045*100*445 | B44: Administrative Fees | C44: Louisiana Housing Authority | D44: Project-Based Section 8 Voucher Pgm | E44: Prior Years | F44: N/A | G44: =401961+157010.88+975380.49+968000+998987 -> 3501339.4 | H44: 157010.88 | I44: 975380.49 | J44: 968000 | K44: 1154692 | L44: =G44-H44-I44-J44-K44 -> 246256 | M44: 0 | N44: 0 | O44: =N44*M44 -> 0 | P44: 0 | Q44: 0 | R44: =Q44*P44 -> 0 | S44: 0 | T44: 0 | U44: =T44*S44 -> 0 | V44: 0 | W44: 0 | X44: =W44*V44 -> 0 | Y44: =X44+U44+R44+O44 -> 0
A45: 4110*045*100*445 | B45: Administrative Fees | C45: Louisiana Housing Authority | D45: Project-Based Section 8 Voucher Pgm | E45: 2017 | F45: N/A | G45: 0 | H45: 0 | I45: 0 | J45: 0 | K45: 0 | L45: =G45-H45-I45-J45-K45 -> 0 | M45: =276750/3 -> 92250 | N45: 3 | O45: =N45*M45 -> 276750 | P45: =276750/3 -> 92250 | Q45: 3 | R45: =Q45*P45 -> 276750 | S45: =276750/3 -> 92250 | T45: 3 | U45: =T45*S45 -> 276750 | V45: =276750/3 -> 92250 | W45: 3 | X45: =W45*V45 -> 276750 | Y45: =X45+U45+R45+O45 -> 1107000 | Z45: x
A46: 4110*045*120*445 | B46: Administrative Fees | C46: Louisiana Housing Authority | D46: Shelter Plus Care Pgm | E46: Prior Years | F46: N/A | G46: 482411.55 | H46: 69001.97 | I46: 123634.78 | J46: 188337.15 | K46: 101437.65 | L46: =G46-H46-I46-J46-K46 -> 0 | O46: =N46*M46 -> 0 | R46: =Q46*P46 -> 0 | U46: =T46*S46 -> 0 | X46: =W46*V46 -> 0 | Y46: =X46+U46+R46+O46 -> 0
A47: 4110*045*120*445 | B47: Administrative Fees | C47: Louisiana Housing Authority | D47: Shelter Plus Care Pgm | E47: 2015 | F47: 42461 | G47: 156863.35 | H47: 0 | I47: 0 | J47: 0 | K47: 0 | L47: =G47-H47-I47-J47-K47 -> 156863.35 | O47: =N47*M47 -> 0 | R47: =Q47*P47 -> 0 | U47: =T47*S47 -> 0 | X47: =W47*V47 -> 0 | Y47: =X47+U47+R47+O47 -> 0
A48: 4110*045*162*445 | B48: Administrative Fees | C48: Louisiana Housing Authority | D48: Continuum of Care | E48: 2016 | F48: 42855 | G48: 380808 | H48: 0 | I48: 0 | J48: 0 | K48: 0 | L48: =G48-H48-I48-J48-K48 -> 380808 | M48: =95202/3 -> 31734 | N48: 3 | O48: =N48*M48 -> 95202 | P48: =95202/3 -> 31734 | Q48: 3 | R48: =Q48*P48 -> 95202 | S48: =95202/3 -> 31734 | T48: 3 | U48: =T48*S48 -> 95202 | V48: =95202/3 -> 31734 | W48: 3 | X48: =W48*V48 -> 95202 | Y48: =X48+U48+R48+O48 -> 380808 | Z48: x
A49: 4110*045*146*420 | B49: Administrative Fees | C49: Louisiana Housing Authority | D49: Kat/Rita STARS Contam Drywall Project Delivery | E49: 2013 | F49: 42887 | G49: 257981 | H49: 0 | I49: 0 | J49: 68163.85 | K49: 138574.03 | L49: =G49-H49-I49-J49-K49 -> 51243.12 | M49: =20193/3 -> 6731 | N49: 3 | O49: =N49*M49 -> 20193 | P49: =20193/3 -> 6731 | Q49: 3 | R49: =Q49*P49 -> 20193 | S49: =20193/3 -> 6731 | T49: 1.97 | U49: =T49*S49 -> 13260.07 | V49: =20193/3 -> 6731 | W49: 0 | X49: =W49*V49 -> 0 | Y49: =X49+U49+R49+O49 -> 53646.07 | Z49: x
A50: 4110*045*105*445 | B50: Administrative Fees | C50: Louisiana Housing Authority | D50: Section 811 Supportive Hsg Pgm | E50: 2014 | F50: 44805 | G50: 628883 | H50: 0 | I50: 0 | J50: 27577.4 | K50: 128777.46 | L50: =G50-H50-I50-J50-K50 -> 472528.14 | M50: 13299.75 | N50: 3 | O50: =N50*M50 -> 39899.25 | P50: 13299.75 | Q50: 3 | R50: =Q50*P50 -> 39899.25 | S50: 13299.75 | T50: 3 | U50: =T50*S50 -> 39899.25 | V50: 13299.75 | W50: 3 | X50: =W50*V50 -> 39899.25 | Y50: =X50+U50+R50+O50 -> 159597 | Z50: x
B52: Compliance Monitoring Fees | G52: =SUM(G53:G54) -> 0 | H52: =SUM(H53:H54) -> 146741.44 | I52: =SUM(I53:I54) -> 178059 | J52: =SUM(J53:J54) -> 591784 | K52: =SUM(K53:K54) -> 241945.4 | L52: =SUM(L53:L54) -> 0 | O52: =SUM(O53:O54) -> 0 | R52: =SUM(R53:R54) -> 0 | U52: =SUM(U53:U54) -> 213723 | X52: =SUM(X53:X54) -> 0 | Y52: =Y53+Y54 -> 213723
A53: 4150*040*045*000 | B53: Compliance Fees | C53: Compliance/Construction Monitoring | D53: LIHTC | E53: Prior Years | F53: N/A | G53: 0 | H53: 146741.44 | I53: 178059 | J53: 591784 | K53: 241945.4 | L53: 0 | O53: =N53*M53 -> 0 | R53: =Q53*P53 -> 0 | U53: =T53*S53 -> 0 | X53: =W53*V53 -> 0 | Y53: =X53+U53+R53+O53 -> 0
A54: 4150*040*045*000 | B54: Compliance Fees | C54: Compliance/Construction Monitoring | D54: LIHTC | E54: 2017 | F54: N/A | G54: 0 | H54: 0 | I54: 0 | J54: 0 | K54: 0 | L54: 0 | O54: =N54*M54 -> 0 | R54: =Q54*P54 -> 0 | S54: 213723 | T54: 1 | U54: =T54*S54 -> 213723 | X54: =W54*V54 -> 0 | Y54: =X54+U54+R54+O54 -> 213723 | Z54: x
B56: Multi-Family LIHTC & Risk Sharing Fees | G56: =SUM(G57:G75) -> 3788528.1 | H56: =SUM(H57:H75) -> 984146.94 | I56: =SUM(I57:I75) -> 1274330.2 | J56: =SUM(J57:J75) -> 1047412.1 | K56: =SUM(K57:K75) -> 1689049 | L56: =SUM(L57:L75) -> 1268107.3 | O56: =SUM(O57:O75) -> 773406.29 | R56: =SUM(R57:R75) -> 242157.25 | U56: =SUM(U57:U75) -> 152406.25 | X56: =SUM(X57:X75) -> 67406.25 | Y56: =SUM(Y57:Y75) -> 1235376
A57: 4110*040*180*420 | B57: Administrative Fees | C57: Rental Production (includes Single Family Production) | D57: CDBG QAP Program Income | E57: 2006 | F57: 42705 | G57: 1270000 | H57: 0 | I57: 0 | J57: 0 | K57: 1892.37 | L57: =G57-K57 -> 1268107.6 | M57: =128375/12 -> 10697.917 | N57: 3 | O57: =N57*M57 -> 32093.75 | P57: =128375/12 -> 10697.917 | Q57: 3 | R57: =Q57*P57 -> 32093.75 | S57: =128375/12 -> 10697.917 | T57: 3 | U57: =T57*S57 -> 32093.75 | V57: =128375/12 -> 10697.917 | W57: 3 | X57: =W57*V57 -> 32093.75 | Y57: =X57+U57+R57+O57 -> 128375 | Z57: x
A58: 4120*040*045*000 | B58: Allocation/Award Fees | C58: Rental Production (includes Single Family Production) | D58: LIHTC | E58: Prior Years | F58: N/A | G58: =168479.35+715546.5+264069.25+1297659.15+72773.85 -> 2518528.1 | H58: 168479.35 | I58: 715546.5 | J58: 264069.25 | K58: 1370433.4 | L58: 0 | N58: 0.05 | O58: =N58*M58 -> 0 | Q58: 0.05 | R58: =Q58*P58 -> 0 | T58: 0.05 | U58: =T58*S58 -> 0 | W58: 0.05 | X58: =W58*V58 -> 0 | Y58: =X58+U58+R58+O58 -> 0
A59: 4120*040*045*000 | B59: Allocation/Award Fees | C59: Rental Production (includes Single Family Production) | D59: LIHTC | E59: 2017 | F59: N/A | G59: 0 | H59: 0 | I59: 0 | J59: 0 | K59: 0 | L59: 0 | M59: =525000/0.05 -> 10500000 | N59: 0.05 | O59: =M59*N59 -> 525000 | Q59: 0.05 | R59: =Q59*P59 -> 0 | T59: 0.05 | U59: =T59*S59 -> 0 | W59: 0.05 | X59: =W59*V59 -> 0 | Y59: =X59+U59+R59+O59 -> 525000 | Z59: x
A60: 4120*040*045*000 | B60: Allocation/Award Fees | C60: Rental Production (includes Single Family Production) | D60: LIHTC | E60: 2017 | F60: N/A | G60: 0 | H60: 0 | I60: 0 | J60: 0 | K60: 0 | L60: =SUM(G58:G60)-SUM(H58:K60) -> -0.35 | M60: =60000/0.05 -> 1200000 | N60: 0.05 | O60: =M60*N60 -> 60000 | P60: =15000/0.05 -> 300000 | Q60: 0.05 | R60: =Q60*P60 -> 15000 | S60: =60000/0.05 -> 1200000 | T60: 0.05 | U60: =T60*S60 -> 60000 | V60: =15000/0.05 -> 300000 | W60: 0.05 | X60: =W60*V60 -> 15000 | Y60: =X60+U60+R60+O60 -> 150000 | Z60: x
A61: 4130*040*045*000 | B61: Analysis Fees | C61: Rental Production (includes Single Family Production) | D61: LIHTC | E61: Prior Years | F61: N/A | G61: 0 | H61: =105000 -> 105000 | I61: 123875 | J61: 102000 | K61: 74500 | L61: 0 | O61: =N61*M61 -> 0 | R61: =Q61*P61 -> 0 | U61: =T61*S61 -> 0 | X61: =W61*V61 -> 0 | Y61: =X61+U61+R61+O61 -> 0 | AA61: Pass-thru
A62: 4130*040*045*000 | B62: Analysis Fees | C62: Rental Production (includes Single Family Production) | D62: LIHTC | E62: 2017 | F62: N/A | G62: 0 | H62: 0 | I62: 0 | J62: 0 | K62: 0 | L62: 0 | M62: 1730.77 | N62: 26 | O62: =N62*M62 -> 45000.02 | R62: =Q62*P62 -> 0 | U62: =T62*S62 -> 0 | X62: =W62*V62 -> 0 | Y62: =X62+U62+R62+O62 -> 45000.02 | Z62: x | AA62: Pass-thru
A63: 4130*040*045*000 | B63: Analysis Fees | C63: Rental Production (includes Single Family Production) | D63: LIHTC | E63: 2017 | F63: N/A | G63: 0 | H63: 0 | I63: 0 | J63: 0 | K63: 0 | L63: 0 | M63: 2000 | N63: 10 | O63: =N63*M63 -> 20000 | P63: 1917 | Q63: 3 | R63: =Q63*P63 -> 5751 | S63: 2000 | T63: 10 | U63: =T63*S63 -> 20000 | V63: 2000 | W63: 3.25 | X63: =W63*V63 -> 6500 | Y63: =X63+U63+R63+O63 -> 52251 | Z63: x | AA63: Pass-thru
A64: 4140*040*045*000 | B64: Application Fees | C64: Rental Production (includes Single Family Production) | D64: LIHTC | E64: Prior Years | F64: N/A | G64: 0 | H64: =665614.45+13178.14 -> 678792.59 | I64: =165605.55+13178.14 -> 178783.69 | J64: =357842.8+36000+3500+4200 -> 401542.8 | K64: 92750 | L64: 0 | O64: =N64*M64 -> 0 | R64: =Q64*P64 -> 0 | U64: =T64*S64 -> 0 | X64: =W64*V64 -> 0 | Y64: =X64+U64+R64+O64 -> 0
A65: 4140*040*045*000 | B65: Application Fees | C65: Rental Production (includes Single Family Production) | D65: LIHTC | E65: 2017 | F65: N/A | G65: 0 | H65: 0 | I65: 0 | J65: 0 | K65: 0 | L65: 0 | M65: 1730.77 | N65: 26 | O65: =N65*M65 -> 45000.02 | R65: =Q65*P65 -> 0 | U65: =T65*S65 -> 0 | X65: =W65*V65 -> 0 | Y65: =X65+U65+R65+O65 -> 45000.02 | Z65: x
A66: 4140*040*045*000 | B66: Application Fees | C66: Rental Production (includes Single Family Production) | D66: LIHTC | E66: 2017 | F66: N/A | G66: 0 | H66: 0 | I66: 0 | J66: 0 | K66: 0 | L66: 0 | M66: 2000 | N66: 14 | O66: =N66*M66 -> 28000 | P66: 2000 | Q66: 0 | R66: =Q66*P66 -> 0 | S66: 2000 | T66: 11 | U66: =T66*S66 -> 22000 | V66: 2000 | W66: 0 | X66: =W66*V66 -> 0 | Y66: =X66+U66+R66+O66 -> 50000 | Z66: x
A67: 4145*040*045*000 | B67: Market Study Fees | C67: Rental Production (includes Single Family Production) | D67: LIHTC | E67: Prior Years | F67: N/A | G67: 0 | H67: 2750 | I67: 234000 | J67: =228500+22500+5000 -> 256000 | K67: 125000 | L67: 0 | M67: 4500 | O67: =N67*M67 -> 0 | P67: 4500 | R67: =Q67*P67 -> 0 | S67: 4500 | U67: =T67*S67 -> 0 | V67: 4500 | X67: =W67*V67 -> 0 | Y67: =X67+U67+R67+O67 -> 0 | AA67: Pass-thru
A68: 4145*040*045*000 | B68: Market Study Fees | C68: Rental Production (includes Single Family Production) | D68: LIHTC | E68: 2017 | F68: N/A | G68: 0 | H68: 0 | I68: 0 | J68: 0 | K68: 0 | L68: 0 | M68: 4500 | N68: 0 | O68: =N68*M68 -> 0 | P68: 4500 | Q68: 39 | R68: =Q68*P68 -> 175500 | S68: 4500 | T68: 0 | U68: =T68*S68 -> 0 | V68: 4500 | X68: =W68*V68 -> 0 | Y68: =X68+U68+R68+O68 -> 175500 | Z68: x | AA68: Pass-thru
A69: 4145*040*045*000 | B69: Market Study Fees | C69: Rental Production (includes Single Family Production) | D69: LIHTC | E69: 2017 | F69: N/A | G69: 0 | H69: 0 | I69: 0 | J69: 0 | K69: 0 | L69: 0 | M69: 4500 | N69: 3 | O69: =N69*M69 -> 13500 | P69: 4500 | Q69: 2 | R69: =Q69*P69 -> 9000 | S69: 4500 | T69: 3 | U69: =T69*S69 -> 13500 | V69: 4500 | W69: 2 | X69: =W69*V69 -> 9000 | Y69: =X69+U69+R69+O69 -> 45000 | Z69: x | AA69: Pass-thru
A70: 4190*040*045*000 | B70: Placed-in-Service Fees | C70: Rental Production (includes Single Family Production) | D70: LIHTC | E70: Prior Years | F70: N/A | G70: 0 | H70: 14750 | I70: 7125 | J70: 6000 | K70: 10125 | L70: 0 | O70: =N70*M70 -> 0 | R70: =Q70*P70 -> 0 | U70: =T70*S70 -> 0 | X70: =W70*V70 -> 0 | Y70: =X70+U70+R70+O70 -> 0 | AA70: Pass-thru
A71: 4190*040*045*000 | B71: Placed-in-Service Fees | C71: Rental Production (includes Single Family Production) | D71: LIHTC | E71: 2017 | F71: N/A | G71: 0 | H71: 0 | I71: 0 | J71: 0 | K71: 0 | L71: 0 | O71: =N71*M71 -> 0 | R71: =Q71*P71 -> 0 | U71: =T71*S71 -> 0 | X71: =W71*V71 -> 0 | Y71: =X71+U71+R71+O71 -> 0 | AA71: Pass-thru
A72: 4190*040*045*000 | B72: Placed-in-Service Fees | C72: Rental Production (includes Single Family Production) | D72: LIHTC | E72: 2017 | F72: N/A | G72: 0 | H72: 0 | I72: 0 | J72: 0 | K72: 0 | L72: 0 | M72: =1375/3 -> 458.33333 | N72: 3 | O72: =N72*M72 -> 1375 | P72: =1375/3 -> 458.33333 | Q72: 3 | R72: =Q72*P72 -> 1375 | S72: =1375/3 -> 458.33333 | T72: 3 | U72: =T72*S72 -> 1375 | V72: =1375/3 -> 458.33333 | W72: 3 | X72: =W72*V72 -> 1375 | Y72: =X72+U72+R72+O72 -> 5500 | Z72: x | AA72: Pass-thru
A73: 4140*040*045*000 | B73: Re-Processing Fees | C73: Rental Production (includes Single Family Production) | D73: LIHTC | E73: 2016 | F73: N/A | G73: 0 | H73: 0 | I73: 0 | J73: 0 | K73: 0 | L73: =G73-K73 -> 0 | M73: =937.5/3 -> 312.5 | N73: 3 | O73: =N73*M73 -> 937.5 | P73: =937.5/3 -> 312.5 | Q73: 3 | R73: =Q73*P73 -> 937.5 | S73: =937.5/3 -> 312.5 | T73: 3 | U73: =T73*S73 -> 937.5 | V73: =937.5/3 -> 312.5 | W73: 3 | X73: =W73*V73 -> 937.5 | Y73: =X73+U73+R73+O73 -> 3750 | Z73: x | AA73: Pass-thru
A74: 4210*040*065*000 | B74: Sub-Layering Fees | C74: Rental Production (includes Single Family Production) | D74: LIHTC | E74: 2016 | F74: N/A | G74: 0 | H74: 14375 | I74: 15000 | J74: =11425+6375 -> 17800 | K74: 14348.25 | L74: 0 | M74: =10000/4/3 -> 833.33333 | N74: 3 | O74: =N74*M74 -> 2500 | P74: =10000/4/3 -> 833.33333 | Q74: 3 | R74: =Q74*P74 -> 2500 | S74: =10000/4/3 -> 833.33333 | T74: 3 | U74: =T74*S74 -> 2500 | V74: =10000/4/3 -> 833.33333 | W74: 3 | X74: =W74*V74 -> 2500 | Y74: =X74+U74+R74+O74 -> 10000 | Z74: x | AA74: Pass-thru
A75: 4210*040*065*000 | B75: Sub-Layering Fees | C75: Rental Production (includes Single Family Production) | D75: LIHTC | E75: 2016 | F75: N/A | G75: 0 | H75: 0 | I75: 0 | J75: 0 | K75: 0 | L75: 0 | O75: =N75*M75 -> 0 | R75: =Q75*P75 -> 0 | U75: =T75*S75 -> 0 | X75: =W75*V75 -> 0 | Y75: =X75+U75+R75+O75 -> 0 | AA75: Pass-thru
B77: Multi-Family Issuer and MRB Fees | G77: =SUM(G78:G82) -> 1688223.1 | H77: =SUM(H78:H82) -> 345680.15 | I77: =SUM(I78:I82) -> 411969.89 | J77: =SUM(J78:J82) -> 318966.38 | K77: =SUM(K78:K82) -> 375536.64 | L77: =SUM(L78:L82) -> 257070 | O77: =SUM(O78:O82) -> 66267.5 | R77: =SUM(R78:R82) -> 66267.5 | U77: =SUM(U78:U82) -> 66267.5 | X77: =SUM(X78:X82) -> 66267.5 | Y77: =SUM(Y78:Y82) -> 265070
A78: 4130*040*065*000 | B78: Analysis Fees | C78: Rental Production (includes Single Family Production) | D78: Mortgage Revenue Bonds | E78: 2017 | F78: N/A | G78: 0 | H78: 0 | I78: 0 | J78: 0 | K78: 0 | L78: 0 | O78: =N78*M78 -> 0 | R78: =Q78*P78 -> 0 | U78: =T78*S78 -> 0 | X78: =W78*V78 -> 0 | Y78: =X78+U78+R78+O78 -> 0
A79: 4140*040*065*000 | B79: Application Fees | C79: Rental Production (includes Single Family Production) | D79: Mortgage Revenue Bonds | E79: 2017 | F79: N/A | G79: 0 | H79: =19178.14-13178.14 -> 6000 | I79: =13178.14-12178.14 -> 1000 | J79: =8500-3500 -> 5000 | K79: 9000 | L79: 0 | M79: 1000 | N79: 2 | O79: =N79*M79 -> 2000 | P79: 1000 | Q79: 2 | R79: =Q79*P79 -> 2000 | S79: 1000 | T79: 2 | U79: =T79*S79 -> 2000 | V79: 1000 | W79: 2 | X79: =W79*V79 -> 2000 | Y79: =X79+U79+R79+O79 -> 8000 | Z79: x
A80: 4145*040*065*000 | B80: Market Study Fees | C80: Rental Production (includes Single Family Production) | D80: Mortgage Revenue Bonds | E80: 2017 | F80: N/A | G80: 0 | H80: 0 | I80: 0 | J80: 0 | K80: 0 | L80: 0 | M80: 4500 | O80: =N80*M80 -> 0 | P80: 4500 | R80: =Q80*P80 -> 0 | S80: 4500 | U80: =T80*S80 -> 0 | V80: 4500 | X80: =W80*V80 -> 0 | Y80: =X80+U80+R80+O80 -> 0
A81: 4170*040*065*000 | B81: Issuer Fees - Multi-Family Bonds | C81: Rental Production (includes Single Family Production) | D81: Mortgage Revenue Bonds | E81: Prior Years | F81: Bonds Pd Off | G81: =332804.89+339680.15+410969.89+313966.38+32571.11+1160.64 -> 1431153.1 | H81: 339680.15 | I81: 410969.89 | J81: 313966.38 | K81: 366536.64 | L81: =G81-H81-I81-J81-K81 -> 0 | O81: =N81*M81 -> 0 | R81: =Q81*P81 -> 0 | U81: =T81*S81 -> 0 | X81: =W81*V81 -> 0 | Y81: =X81+U81+R81+O81 -> 0
A82: 4170*040*065*000 | B82: Issuer Fees - Multi-Family Bonds | C82: Rental Production (includes Single Family Production) | D82: Mortgage Revenue Bonds | E82: 2017 | F82: Bonds Pd Off | G82: 257070 | H82: 0 | I82: 0 | J82: 0 | K82: 0 | L82: =G82-K82 -> 257070 | M82: =64267.5/43 -> 1494.593 | N82: 43 | O82: =N82*M82 -> 64267.5 | P82: =64267.5/43 -> 1494.593 | Q82: 43 | R82: =Q82*P82 -> 64267.5 | S82: =64267.5/43 -> 1494.593 | T82: 43 | U82: =T82*S82 -> 64267.5 | V82: =64267.5/43 -> 1494.593 | W82: 43 | X82: =W82*V82 -> 64267.5 | Y82: =X82+U82+R82+O82 -> 257070 | Z82: x
B84: Energy Program Administrative Fees | G84: =SUM(G85:G92) -> 6038834.8 | H84: =SUM(H85:H92) -> 808324.06 | I84: =SUM(I85:I92) -> 1112218.6 | J84: =SUM(J85:J92) -> 1233842.5 | K84: =SUM(K85:K92) -> 834099.96 | L84: =SUM(L85:L92) -> 2061249.6 | O84: =SUM(O85:O92) -> 367901 | R84: =SUM(R85:R92) -> 367901.02 | U84: =SUM(U85:U92) -> 255314.43 | X84: =SUM(X85:X92) -> 334267.01 | Y84: =SUM(Y85:Y92) -> 1325383.5
A85: 4110*040*040*435 | B85: Administrative Fees | C85: Energy Assistance Programs | D85: LIHEAP | E85: Prior Years | F85: 42643 | G85: =611591.14+1023161.08+1161438.59+475188.57 -> 3271379.4 | H85: 611591.14 | I85: 1023161.1 | J85: 1161438.6 | K85: =376934.51+37087.19+61166.87 -> 475188.57 | L85: =G85-H85-I85-J85-K85 -> 0 | O85: =N85*M85 -> 0 | R85: =Q85*P85 -> 0 | U85: =T85*S85 -> 0 | X85: =W85*V85 -> 0 | Y85: =X85+U85+R85+O85 -> 0
A86: 4110*040*040*435 | B86: Administrative Fees | C86: Energy Assistance Programs | D86: LIHEAP | E86: 2016 | F86: 43008 | G86: 947383 | H86: 0 | I86: 0 | J86: 0 | K86: =354252.26-61166.87 -> 293085.39 | L86: =G86-H86-I86-J86-K86 -> 654297.61 | M86: 78948.67 | N86: 3 | O86: =N86*M86 -> 236846.01 | P86: 78948.67 | Q86: 3 | R86: =Q86*P86 -> 236846.01 | S86: 78948.67 | T86: =1.017 -> 1.017 | U86: =(T86*S86) -> 80290.797 | V86: 0 | W86: 0 | X86: =W86*V86 -> 0 | Y86: =X86+U86+R86+O86 -> 553982.82 | Z86: x
A87: 4110*040*040*435 | B87: Administrative Fees | C87: Energy Assistance Programs | D87: LIHEAP | E87: 2017 | F87: 43373 | G87: 950000 | H87: 0 | I87: 0 | J87: 0 | K87: 0 | L87: =G87-H87-I87-J87-K87 -> 950000 | M87: 0 | N87: 0 | O87: =N87*M87 -> 0 | P87: 0 | Q87: 0 | R87: =Q87*P87 -> 0 | S87: 78948.67 | T87: =2-T86 -> 0.983 | U87: =(T87*S87)-3.91 -> 77602.633 | V87: 78948.67 | W87: 3 | X87: =W87*V87 -> 236846.01 | Y87: =X87+U87+R87+O87 -> 314448.64 | Z87: x
A88: 4110*040*130*440 | B88: Administrative Fees | C88: Energy Assistance Programs | D88: ARRA Weatherization | E88: 2009 | F88: 39994 | G88: =113035.25+62559.55-0.1 -> 175594.7 | H88: 113035.25 | I88: 62559.55 | J88: -0.1 | K88: 0 | L88: =G88-H88-I88-J88-K88 -> -2.0372676e-11 | M88: 0 | N88: 0 | O88: =N88*M88 -> 0 | P88: 0 | Q88: 0 | R88: =Q88*P88 -> 0 | S88: 0 | T88: 0 | U88: =T88*S88 -> 0 | V88: 0 | W88: 0 | X88: =W88*V88 -> 0 | Y88: =X88+U88+R88+O88 -> 0
A89: 4110*040*135*440 | B89: Administrative Fees | C89: Energy Assistance Programs | D89: Weatherization | E89: Prior Years | F89: 42551 | G89: =83697.67+26498+66604+60726 -> 237525.67 | H89: 83697.67 | I89: 26498 | J89: 66604 | K89: 60726 | L89: =G89-H89-I89-J89-K89 -> 0 | M89: 0 | N89: 0 | O89: =N89*M89 -> 0 | P89: 0 | Q89: 0 | R89: =Q89*P89 -> 0 | S89: 0 | T89: 0 | U89: =T89*S89 -> 0 | V89: 0 | W89: 0 | X89: =W89*V89 -> 0 | Y89: =X89+U89+R89+O89 -> 0
A90: 4110*040*135*440 | B90: Administrative Fees | C90: Energy Assistance Programs | D90: Weatherization | E90: 2017 | F90: 42916 | G90: 67268 | H90: 0 | I90: 0 | J90: 0 | K90: 0 | L90: =G90-H90-I90-J90-K90 -> 67268 | M90: 11211.33 | N90: 3 | O90: =N90*M90 -> 33633.99 | P90: 11211.33 | Q90: 3 | R90: =Q90*P90+0.02 -> 33634.01 | U90: =T90*S90 -> 0 | X90: =W90*V90 -> 0 | Y90: =X90+U90+R90+O90 -> 67268 | Z90: x
A91: 4115*040*135*440 | B91: Training and Technical Assistance | C91: Energy Assistance Programs | D91: Weatherization | E91: 2017 | F91: 42916 | G91: 389684 | H91: 0 | I91: 0 | J91: 0 | K91: 0 | L91: =G91-H91-I91-J91-K91 -> 389684 | M91: =97421/3 -> 32473.667 | N91: 3 | O91: =N91*M91 -> 97421 | P91: =97421/3 -> 32473.667 | Q91: 3 | R91: =Q91*P91 -> 97421 | S91: =97421/3 -> 32473.667 | T91: 3 | U91: =T91*S91 -> 97421 | V91: =97421/3 -> 32473.667 | W91: 3 | X91: =W91*V91 -> 97421 | Y91: =X91+U91+R91+O91 -> 389684 | Z91: x
A92: 4305*040*550*135 | B92: Rental Income | C92: Energy Assistance Programs | D92: ARRA Weatherization | E92: N/A | F92: N/A | G92: 0 | J92: 5800 | K92: 5100 | L92: 0 | M92: 0 | N92: 0 | O92: =N92*M92 -> 0 | P92: 0 | Q92: 0 | R92: =Q92*P92 -> 0 | S92: 0 | T92: 0 | U92: =T92*S92 -> 0 | V92: 0 | W92: 0 | X92: =W92*V92 -> 0 | Y92: =X92+U92+R92+O92 -> 0
B94: Section 8 Contract Administration | G94: =SUM(G95:G101) -> 11135088 | H94: =SUM(H95:H101) -> 2645533.4 | I94: =SUM(I95:I101) -> 2742655.8 | J94: =SUM(J95:J101) -> 2766599 | K94: =SUM(K95:K101) -> 2607195.3 | L94: =SUM(L95:L101) -> 373104.91 | O94: =SUM(O95:O101) -> 789075.03 | R94: =SUM(R95:R101) -> 789075.03 | U94: =SUM(U95:U101) -> 789075.03 | X94: =SUM(X95:X101) -> 789075.03 | Y94: =SUM(Y95:Y101) -> 3156300.1
A95: 4160*040*095*445*141 | B95: S8CA - IBPS - Processing Rental Adjustments | C95: Performance-Based S8 Contract Administration Program | D95: Performance-Based S8 Contract Administration | E95: 2017 | F95: 43070 | G95: =528402.71+584164.85+552949.96+585660.05 -> 2251177.6 | H95: 528402.71 | I95: 548164.85 | J95: 552949.96 | K95: 521439.02 | L95: =G95-H95-I95-J95-K95 -> 100221.03 | M95: 48805 | N95: 3 | O95: =N95*M95 -> 146415 | P95: 48805 | Q95: 3 | R95: =Q95*P95 -> 146415 | S95: 48805 | T95: 3 | U95: =T95*S95 -> 146415 | V95: 48805 | W95: 3 | X95: =W95*V95 -> 146415 | Y95: =X95+U95+R95+O95 -> 585660 | Z95: x
A96: 4160*040*095*445*142 | B96: S8CA - IBPS - Review, Verify & Authorize Monthly Vouchers | C96: Performance-Based S8 Contract Administration Program | D96: Performance-Based S8 Contract Administration | E96: 2017 | F96: 43070 | G96: =793924.02+822934.08+830118.39+878490.07 -> 3325466.6 | H96: 793924.02 | I96: 822934.08 | J96: 830118.39 | K96: 782158.64 | L96: =G96-H96-I96-J96-K96 -> 96331.43 | M96: 73207.51 | N96: 3 | O96: =N96*M96 -> 219622.53 | P96: 73207.51 | Q96: 3 | R96: =Q96*P96 -> 219622.53 | S96: 73207.51 | T96: 3 | U96: =T96*S96 -> 219622.53 | V96: 73207.51 | W96: 3 | X96: =W96*V96 -> 219622.53 | Y96: =X96+U96+R96+O96 -> 878490.12 | Z96: x
A97: 4160*040*095*445*143 | B97: S8CA - IBPS - Life-Threatening Health & Safety | C97: Performance-Based S8 Contract Administration Program | D97: Performance-Based S8 Contract Administration | E97: 2017 | F97: 43070 | G97: =264641.34+274311.39+276706.11+292830.02 -> 1108488.9 | H97: 264641.34 | I97: 274311.39 | J97: 276706.11 | K97: 260719.51 | L97: =G97-H97-I97-J97-K97 -> 32110.51 | M97: 24402.5 | N97: 3 | O97: =N97*M97 -> 73207.5 | P97: 24402.5 | Q97: 3 | R97: =Q97*P97 -> 73207.5 | S97: 24402.5 | T97: 3 | U97: =T97*S97 -> 73207.5 | V97: 24402.5 | W97: 3 | X97: =W97*V97 -> 73207.5 | Y97: =X97+U97+R97+O97 -> 292830 | Z97: x
A98: 4160*040*095*445*144 | B98: S8CA - IBPS - Non-Life Threatening Health & Safety | C98: Performance-Based S8 Contract Administration Program | D98: Performance-Based S8 Contract Administration | E98: 2017 | F98: 43070 | G98: =264641.34+274311.31+276706.17+292830.02 -> 1108488.8 | H98: 264641.34 | I98: 274311.31 | J98: 276706.17 | K98: 260719.62 | L98: =G98-H98-I98-J98-K98 -> 32110.4 | M98: 24402.5 | N98: 3 | O98: =N98*M98 -> 73207.5 | P98: 24402.5 | Q98: 3 | R98: =Q98*P98 -> 73207.5 | S98: 24402.5 | T98: 3 | U98: =T98*S98 -> 73207.5 | V98: 24402.5 | W98: 3 | X98: =W98*V98 -> 73207.5 | Y98: =X98+U98+R98+O98 -> 292830 | Z98: x
A99: 4160*040*095*445*145 | B99: S8CA - IBPS - Renewals of Expiring Section 8 Contracts | C99: Performance-Based S8 Contract Administration Program | D99: Performance-Based S8 Contract Administration | E99: 2017 | F99: 43070 | G99: =529282.68+548622.78+553412.22+585660.05 -> 2216977.7 | H99: 529282.68 | I99: 548622.78 | J99: 553412.22 | K99: 521439.02 | L99: =G99-H99-I99-J99-K99 -> 64221.03 | M99: 48805 | N99: 3 | O99: =N99*M99 -> 146415 | P99: 48805 | Q99: 3 | R99: =Q99*P99 -> 146415 | S99: 48805 | T99: 3 | U99: =T99*S99 -> 146415 | V99: 48805 | W99: 3 | X99: =W99*V99 -> 146415 | Y99: =X99+U99+R99+O99 -> 585660 | Z99: x
A100: 4160*040*095*445*146 | B100: S8CA - IBPS - General Reporting Requirements | C100: Performance-Based S8 Contract Administration Program | D100: Performance-Based S8 Contract Administration | E100: 2017 | F100: 43070 | G100: =264641.34+274311.39+276706.11+292830.02 -> 1108488.9 | H100: 264641.34 | I100: 274311.39 | J100: 276706.11 | K100: 260719.51 | L100: =G100-H100-I100-J100-K100 -> 32110.51 | M100: 24402.5 | N100: 3 | O100: =N100*M100 -> 73207.5 | P100: 24402.5 | Q100: 3 | R100: =Q100*P100 -> 73207.5 | S100: 24402.5 | T100: 3 | U100: =T100*S100 -> 73207.5 | V100: 24402.5 | W100: 3 | X100: =W100*V100 -> 73207.5 | Y100: =X100+U100+R100+O100 -> 292830 | Z100: x
A101: 4160*040*095*445*147 | B101: S8CA - IBPS - Management Occupancy Reviews | C101: Performance-Based S8 Contract Administration Program | D101: Performance-Based S8 Contract Administration | E101: 2017 | F101: 43070 | G101: 16000 | H101: 0 | I101: 0 | J101: 0 | K101: 0 | L101: =G101-H101-I101-J101-K101 -> 16000 | M101: =3800 -> 3800 | N101: 15 | O101: =N101*M101 -> 57000 | P101: 3800 | Q101: 15 | R101: =Q101*P101 -> 57000 | S101: 3800 | T101: 15 | U101: =T101*S101 -> 57000 | V101: 3800 | W101: 15 | X101: =W101*V101 -> 57000 | Y101: =X101+U101+R101+O101 -> 228000 | Z101: x
B103: Single Family Programs | G103: =SUM(G104:G116) -> 223494.9 | H103: =SUM(H104:H116) -> 14925 | I103: =SUM(I104:I116) -> 366973.82 | J103: =SUM(J104:J116) -> 502272.69 | K103: =SUM(K104:K116) -> 637142.95 | L103: =SUM(L104:L116) -> 15800.1 | O103: =SUM(O104:O116) -> 138476 | R103: =SUM(R104:R116) -> 138476 | U103: =SUM(U104:U116) -> 138476 | X103: =SUM(X104:X116) -> 138476 | Y103: =SUM(Y104:Y116) -> 553904
A104: 4110*040*070*430 | B104: Administrative Fees | C104: Single Family Production (part of Rental Production) | D104: Nat'l Foreclosure Mitigation Counseling | E104: Previous Rds | F104: 41791 | G104: =7047.25+16440+14678.95+9511.5 -> 47677.7 | H104: 0 | I104: 7047.25 | J104: 0 | K104: 33209.2 | L104: =G104-H104-I104-J104-K104 -> 7421.25 | O104: 0 | R104: 0 | U104: 0 | X104: 0 | Y104: =X104+U104+R104+O104 -> 0
A105: 4110*040*070*430 | B105: Administrative Fees | C105: Single Family Production (part of Rental Production) | D105: Nat'l Foreclosure Mitigation Counseling | E105: 2015 | F105: 42156 | G105: 8378.85 | H105: 0 | I105: 0 | J105: 0 | K105: 0 | L105: =G105-H105-I105-J105-K105 -> 8378.85 | O105: 0 | R105: 0 | U105: 0 | X105: 0 | Y105: =X105+U105+R105+O105 -> 0
A106: 4110*040*070*430 | B106: Administrative Fees | C106: Single Family Production (part of Rental Production) | D106: Nat'l Foreclosure Mitigation Counseling | E106: 2016 | F106: 42522 | G106: 0 | H106: 0 | I106: 0 | J106: 0 | K106: 0 | L106: =G106-H106-I106-J106-K106 -> 0 | O106: 0 | R106: 0 | U106: 0 | X106: 0 | Y106: =X106+U106+R106+O106 -> 0
A107: 4110*040*140*445 | B107: Administrative Fees | C107: Single Family Production (part of Rental Production) | D107: HUD Hsg Counseling Pgm | E107: Previous Rds | F107: 42430 | G107: =20905.5+69814.71+74621.04+2095.14+1.96 -> 167438.35 | H107: 0 | I107: 20905.5 | J107: 69814.71 | K107: 76718.14 | L107: =G107-H107-I107-J107-K107 -> 0 | O107: 0 | R107: 0 | U107: 0 | X107: 0 | Y107: =X107+U107+R107+O107 -> 0
A108: 4110*040*140*445 | B108: Administrative Fees | C108: Single Family Production (part of Rental Production) | D108: HUD Hsg Counseling Pgm | E108: 2017 | F108: 42795 | G108: 0 | H108: 0 | I108: 0 | J108: 0 | K108: 0 | L108: =G108-H108-I108-J108-K108 -> 0 | M108: =12500/3 -> 4166.6667 | N108: 3 | O108: 12500 | P108: =12500/3 -> 4166.6667 | Q108: 3 | R108: 12500 | S108: =12500/3 -> 4166.6667 | T108: 3 | U108: 12500 | V108: =12500/3 -> 4166.6667 | W108: 3 | X108: 12500 | Y108: =X108+U108+R108+O108 -> 50000 | Z108: x
A109: 4150*040*110*000*2008*075 | B109: Compliance Fees | C109: Single Family Production (part of Rental Production) | D109: Mortgage Revenue Bonds | E109: N/A | F109: N/A | G109: 0 | H109: 75 | I109: 0 | J109: 0 | K109: 0 | L109: 0 | O109: 0 | R109: 0 | U109: 0 | X109: 0 | Y109: =X109+U109+R109+O109 -> 0
A110: 4150*040*110*000*2011*075 | B110: Compliance Fees | C110: Single Family Production (part of Rental Production) | D110: Mortgage Revenue Bonds | E110: N/A | F110: N/A | G110: 0 | H110: 75 | I110: 0 | J110: 0 | K110: 0 | L110: 0 | O110: 0 | R110: 0 | U110: 0 | X110: 0 | Y110: =X110+U110+R110+O110 -> 0
...

Sheet MF Issuer Fees
A1: Louisiana Housing Corporation
A2: Multi-Family Issuer Fees
A4: Bond Projects | B4: Actual | C4: Actual | D4: Actual | E4: Actual to Date | F4: Proj remaing | G4: Projected | H4: Projected
B5: FY 2013 | C5: FY 2014 | D5: FY 2015 | E5: FY 2016 | F5: FY 2016 | G5: FY 2016 | H5: FY 2017 | I5: Notes
A6: 1501 Canal Apts 2012 | B6: =18000 -> 18000 | C6: 18000 | D6: 18000 | E6: 18000 | G6: =SUM(E6:F6) -> 18000 | H6: 18000
A7: Arbor Place | B7: 8015 | C7: 7910 | D7: =7800 -> 7800 | E7: 7685 | F7: 0 | G7: =SUM(E7:F7) -> 7685 | H7: 7800
A8: Azalea Estates/HCCI Assisted Living | B8: 14650 | C8: 14430 | D8: 14195 | E8: 0 | F8: 0 | G8: =SUM(E8:F8) -> 0 | H8: 0 | I8: Bonds paid off FY15
A9: Belmont | B9: 8950 | C9: 8795 | D9: =8610 -> 8610 | F9: 8600 | G9: =SUM(E9:F9) -> 8600 | H9: 8600
A10: Blue Plate Lofts 2011 | B10: 13000 | C10: 1186.13 | D10: =1170.2 -> 1170.2 | F10: 100 | G10: =SUM(E10:F10) -> 100 | H10: 1000
A11: BW Cooper 2013 | C11: 20000 | E11: 0 | F11: 0 | G11: =SUM(E11:F11) -> 0 | H11: 0 | I11: Bonds paid off FY15
A12: Canaan Village 2014 | C12: 5500 | F12: 0 | G12: =SUM(E12:F12) -> 0 | H12: 0 | I12: Mandatory tendor date 12/15/15
A13: Cantebury/Sherwood | B13: 15470 | C13: 15470 | D13: =15470 -> 15470 | E13: 15470 | F13: 0 | G13: =SUM(E13:F13) -> 15470 | H13: 14500
A14: Choctaw Lodge 2014 | D14: 4150 | E14: 4150 | F14: 0 | G14: =SUM(E14:F14) -> 4150 | H14: 3900
A15: The Crossing Apts 2006 | B15: 7395.59 | C15: 7344.36 | D15: =7289.88 -> 7289.88 | F15: 7200 | G15: =SUM(E15:F15) -> 7200 | H15: 7100
A16: Cypress Springs 2015 | D16: 9250 | E16: 9250 | F16: 0 | G16: =SUM(E16:F16) -> 9250 | H16: 8700
A17: Cyrus Homes 2013 | C17: 4100 | E17: 4100 | F17: 0 | G17: =SUM(E17:F17) -> 4100 | H17: 3700
A18: Elm Drive Senior 2013 | C18: 3500 | E18: 0 | F18: 0 | G18: =SUM(E18:F18) -> 0 | H18: 0 | I18: Bonds paid off FY15
A19: The Elysians Project 2012 | C19: 12979.14 | D19: =3674.89 -> 3674.89 | F19: 3600 | G19: =SUM(E19:F19) -> 3600 | H19: 3000
A20: Emerald Point 2007 | B20: 4630 | C20: 4630 | D20: 4630 | E20: 4630 | F20: 0 | G20: =SUM(E20:F20) -> 4630 | H20: 4200
A21: Galilee 2003 | B21: 3050 | C21: 4510 | D21: =1490+1480 -> 2970 | E21: =1470+1460 -> 2930 | F21: 0 | G21: =SUM(E21:F21) -> 2930 | H21: =1470+1460 -> 2930
A22: Garden Oaks 2011 | B22: 7350 | E22: 0 | F22: 0 | G22: =SUM(E22:F22) -> 0 | H22: 0 | I22: Bonds paid off
A23: Garden Senior 2012 | B23: 4000 | C23: 2000 | D23: =2000+750 -> 2750 | E23: 1500 | F23: 750 | G23: =SUM(E23:F23) -> 2250 | H23: 750
A24: GCHP - Esplanade 2014 | D24: 3400 | E24: 3400 | F24: 0 | G24: =SUM(E24:F24) -> 3400 | H24: 3400
A25: Guste Homes III 2013 | C25: 25600 | D25: 25600 | E25: 25600 | F25: 0 | G25: =SUM(E25:F25) -> 25600
A26: Holy Family 2014 | C26: 9600 | E26: 9600 | G26: =SUM(E26:F26) -> 9600 | H26: 0 | I26: Bonds are to pay off by 10/1/2015
A27: Hooper Pointe | B27: 9946.69 | D27: =9882.84 -> 9882.84 | E27: =9777.89 -> 9777.89 | F27: 0 | G27: =SUM(E27:F27) -> 9777.89 | H27: 9000
A28: Iberville Phase IV | B28: 0 | C28: 0 | D28: 0 | E28: 22000 | G28: =SUM(E28:F28) -> 22000 | H28: 20000
A29: Jefferson Lakes Apts | B29: 14900 | C29: 14900 | D29: 14900 | E29: =13680 -> 13680 | F29: 0 | G29: =SUM(E29:F29) -> 13680 | H29: 12000
A30: Lapalco Apts | B30: 6400 | C30: 6400 | D30: 6400 | E30: 6400 | F30: 0 | G30: =SUM(E30:F30) -> 6400 | H30: 5500
A31: Louisiana Chateau | B31: 56685 | C31: 56165 | D31: =55565 -> 55565 | E31: 54855 | F31: 0 | G31: =SUM(E31:F31) -> 54855 | H31: 50000
A32: Mallard Crossing 2011 | B32: 16950 | C32: 10940 | D32: =5290+5262.5 -> 10552.5 | E32: 5240 | F32: =10525-E32 -> 5285 | G32: =SUM(E32:F32) -> 10525 | H32: 9500
A33: Meadowbrook 2006 | B33: 4850 | C33: 4770 | D33: =4685 -> 4685 | E33: 4640 | F33: 0 | G33: =SUM(E33:F33) -> 4640 | H33: 4580
A34: Melrose 2002 | B34: 3917.16 | C34: 3901.5 | D34: =3901.5 -> 3901.5 | E34: 3925.05 | F34: 0 | G34: =SUM(E34:F34) -> 3925.05 | H34: 3828
A35: The Muses 2010 | B35: 4313.33 | C35: 2121.77 | D35: =2093.31 -> 2093.31 | F35: 2090 | G35: =SUM(E35:F35) -> 2090 | H35: 1900
A36: New Zion 2013 | C36: 4200 | E36: 4200 | F36: 0 | G36: =SUM(E36:F36) -> 4200 | H36: 0 | I36: Bonds paid off FY15
A37: Palmetto | B37: 3040 | C37: 2940 | D37: =2940 -> 2940 | E37: 2840 | F37: 0 | G37: =SUM(E37:F37) -> 2840 | H37: 2540
A38: Peppermill Apartments Ph II | B38: 0 | C38: 8545 | D38: =4180 -> 4180 | F38: 4140 | G38: =SUM(E38:F38) -> 4140 | H38: 4000
A39: Plantation Apartments | B39: 5210 | C39: 5090 | D39: =4965 -> 4965 | E39: 0 | F39: 0 | G39: =SUM(E39:F39) -> 0 | H39: 0 | I39: Bonds paid off
A40: Port Royal Apartments | B40: 0 | C40: 0 | D40: 0 | E40: 16000 | G40: =SUM(E40:F40) -> 16000 | H40: 14000
A41: Renaissance Gateway 2013 | B41: 0 | C41: 23128.8 | D41: =600+11500 -> 12100 | F41: 11500 | G41: =SUM(E41:F41) -> 11500 | H41: 9700
A42: Reserve at Jefferson Crossing | B42: 8190 | C42: 8190 | D42: 8190 | F42: 8090 | G42: =SUM(E42:F42) -> 8090 | H42: 7900
A43: Restoration 2002 | B43: 3165 | C43: 3751.5 | D43: =512.5*4 -> 2050 | E43: =615+287+348.5+430.5+369 -> 2050 | F43: 1050 | G43: =SUM(E43:F43) -> 3100 | H43: 0
A44: Restoration V & VI | B44: 974.05 | C44: 958.36 | F44: 0 | G44: =SUM(E44:F44) -> 0 | H44: 0 | I44: Bonds paid off FY15
A45: Ridgefield Apts. | B45: 7695 | C45: 7510 | D45: =3580+3630 -> 7210 | E45: =10435 -> 10435 | F45: 0 | G45: =SUM(E45:F45) -> 10435 | H45: 0 | I45: Advance pmt of issuer fees in FY16 - bonds defeased
A46: Spanish Arms Apts | B46: 8297.5 | C46: 8245 | D46: =4082.5+4062.5 -> 8145 | E46: =4042.5+11992.5 -> 16035 | F46: 0 | G46: =SUM(E46:F46) -> 16035 | H46: 0 | I46: Advance pmt of issuer fees in FY16 - bonds defeased
A47: St. Dominic/Malta Park | B47: 3672.5 | C47: 0 | D47: 0 | E47: 0 | F47: 0 | G47: =SUM(E47:F47) -> 0 | H47: 0 | I47: Closed
A48: Tangi Village | B48: 0 | C48: 6000 | E48: 8500 | F48: 0 | G48: =SUM(E48:F48) -> 8500 | H48: 0 | I48: Bonds paid off FY15
A49: Walmsley | B49: 4935 | C49: 4882.5 | D49: =2365 -> 2365 | E49: =2365+2365 -> 4730 | F49: =2335+2300 -> 4635 | G49: =SUM(E49:F49) -> 9365 | H49: 4700
A50: Windsor Place 2013 | B50: 0 | C50: 8500 | E50: =5225.62+4171.03 -> 9396.65 | F50: 3274.38 | G50: =SUM(E50:F50) -> 12671.03 | H50: 2000
A51: Woodcrest Apts 2012 | B51: 3800 | C51: 0 | G51: =SUM(E51:F51) -> 0 | H51: 0 | I51: Closed
A52: Woodward Wight 2003 | B52: 13432.5 | C52: 8955 | G52: =SUM(E52:F52) -> 0 | H52: 0 | I52: Closed
A53: 202 Elderly Projects | B53: =50631.25+4164.58 -> 54795.83 | C53: 45320.83 | D53: =3306.25+2647.92+2591.67+2535.42+2477.08+1822.92+1783.33+1495.83+1604.17+1572.92+1539.58+1504.17 -> 24881.26 | E53: =1470.83+1435.42+1402.08+1372.92+1335.42+1300+1264.58+1227.08+1191.67 -> 12000 | F53: =10691.67+154 -> 10845.67 | G53: =SUM(E53:F53) -> 22845.67 | H53: 5000
A54: New Bonds Issued | H54: =257070-253728 -> 3342
A55: Total | B55: =SUM(B6:B54) -> 339680.15 | C55: =SUM(C6:C54) -> 410969.89 | D55: =SUM(D6:D54) -> 313966.38 | E55: =SUM(E6:E54) -> 313019.59 | F55: =SUM(F6:F53) -> 71160.05 | G55: =SUM(G6:G53) -> 384179.64 | H55: =SUM(H6:H54) -> 257070

Sheet SF Issuer Fees
A1: Louisiana Housing Corporation
A2: Single Family Issuer Fees
A5: Program | B5: Trustee | C5: Reversal of 06/30/16 Accrual | D5: 12/01/16 Projected | E5: 06/01/17 Projected | F5: One Month Accrual (6/30/17) | G5: FY 2017
A6: 2002A | B6: Whitney | C6: 0 | D6: 0 | E6: 0 | F6: 0 | G6: 0 | H6: Refunded in 15A
A7: 2004A | B7: Whitney | C7: 0 | D7: 0 | E7: 0 | F7: 0 | G7: 0 | H7: Refunded in 15A
A8: 2004B | B8: Whitney | C8: 0 | D8: 0 | E8: 0 | F8: 0 | G8: 0 | H8: Refunded in 15A
A9: 2004C | B9: Whitney | C9: 0 | D9: 0 | E9: 0 | F9: 0 | G9: 0 | H9: Refunded in 15A
A10: 2005A | B10: Whitney | C10: 0 | D10: 0 | E10: 0 | F10: 0 | G10: 0 | H10: Refunded in 15A
A11: 2006A | B11: Whitney | C11: 0 | D11: 0 | E11: 0 | F11: 0 | G11: 0 | H11: Refunded in 15A
A12: 2006B | B12: Whitney | C12: 0 | D12: 0 | E12: 0 | F12: 0 | G12: 0 | H12: Refunded in 15A
A13: 2006C | B13: Whitney | C13: 0 | D13: 0 | E13: 0 | F13: 0 | G13: 0 | H13: Refunded in 15A
A14: 2006D | B14: Whitney | C14: -4023.3617 | D14: 20003.49 | E14: 15866.84 | F14: 2644.4733 | G14: 34491.442
A15: 2007A | B15: Whitney | C15: -3861.5533 | D15: 19701.94 | E15: 16234.55 | F15: 2705.7583 | G15: 34780.695
A16: 2007B | B16: Whitney | C16: -5433.44 | D16: 27471.09 | E16: 22341.54 | F16: 3723.59 | G16: 48102.78
A17: 2007C | B17: Whitney | C17: -6439.4833 | D17: 32190.49 | E17: 25744.07 | F17: 4290.6783 | G17: 55785.755
A18: 2008A | B18: Whitney | C18: -4912.4183 | D18: 23858.74 | E18: 18242.96 | F18: 3040.4933 | G18: 40229.775
A19: 2008B | B19: Whitney | C19: 0 | D19: 0 | E19: 0 | F19: 0 | G19: 0
A20: 2009A | B20: Whitney | C20: -5092.505 | D20: 26578.27 | E20: 22601.53 | F20: 3766.9217 | G20: 47854.217
A21: 2010A | B21: Whitney | C21: 0 | D21: 197470.25 | E21: 0 | F21: 0 | G21: 197470.25
A22: 2011A | B22: Whitney | C22: -16012.713 | D22: 88981.53 | E22: 81886.78 | F22: 13647.797 | G22: 168503.39
A23: 2012A | B23: Whitney | C23: -4961.755 | D23: 29161.85 | E23: 28553.16 | F23: 4758.86 | G23: 57512.115
A24: 2013A | B24: Whitney | C24: -3300 | D24: 19200 | E24: 18000 | F24: 2900 | G24: 36800
A25: 2015A | B25: Whitney | C25: -12730 | D25: 71130 | E25: 58530 | F25: 8530 | G25: 125460
A27: FY 2017 Single Family Issuer Fees | D27: =SUM(D6:D26) -> 555747.65 | G27: =SUM(G6:G25) -> 846990.42

Sheet HUD Disposition Prop

Sheet Total Expenses
A1: 2016-17 Budget: | B1: Total | C1: Total | D1: Administration | E1: Administration | F1: Housing Production | G1: Housing Production | H1: Executive | I1: Executive | J1: Asset Mgmt | K1: Asset Mgmt | L1: Legal | M1: Legal | N1: Internal Audit | O1: Internal Audit | P1: Disaster Hsg | Q1: Disaster HSg | R1: Energy/S8CA | S1: Energy/S8CA | T1: LHA | U1: LHA
A2: by Expenditure Type | B2: 2016-17 | C2: 2015-16 | D2: =$B$2 -> 2016-17 | E2: =$C$2 -> 2015-16 | F2: =$B$2 -> 2016-17 | G2: =$C$2 -> 2015-16 | H2: =$B$2 -> 2016-17 | I2: =$C$2 -> 2015-16 | J2: =$B$2 -> 2016-17 | K2: =$C$2 -> 2015-16 | L2: =$B$2 -> 2016-17 | M2: =$C$2 -> 2015-16 | N2: =$B$2 -> 2016-17 | O2: =$C$2 -> 2015-16 | P2: =$B$2 -> 2016-17 | Q2: =$C$2 -> 2015-16 | R2: =$B$2 -> 2016-17 | S2: =$C$2 -> 2015-16 | T2: =$B$2 -> 2016-17 | U2: =$C$2 -> 2015-16
A3: and Department | B3: Budget | C3: Budget | D3: Budget | E3: Budget | F3: Budget | G3: Budget | H3: Budget | I3: Budget | J3: Budget | K3: Budget | L3: Budget | M3: Budget | N3: Budget | O3: Budget | P3: Budget | Q3: Budget | R3: Budget | S3: Budget | T3: Budget | U3: Budget
A4: Payroll & Benefits | B4: =D4+F4+H4+J4+L4+N4+P4+R4+T4 -> 10391631 | C4: =E4+G4+I4+K4+M4+O4+Q4+S4+U4 -> 11439323 | D4: =HR!H4 -> 2507480.2 | E4: 3664553 | F4: =HR!H19 -> 1455650.9 | G4: 1600921 | H4: =HR!H16 -> 1197111.6 | I4: 633190 | J4: =HR!H11 -> 856637.16 | K4: 1081694 | L4: =HR!H23 -> 576062.23 | M4: 641602 | N4: =HR!H22 -> 439805.38 | O4: 328843 | P4: =HR!H14 -> 640535.85 | Q4: 459095 | R4: =HR!H15+HR!H25 -> 1357726.4 | S4: 1597885 | T4: =HR!H24 -> 1360620.9 | U4: 1431540
A5: Contracts/Professional Services | B5: =D5+F5+H5+J5+L5+N5+P5+R5+T5 -> 1425459 | C5: =E5+G5+I5+K5+M5+O5+Q5+S5+U5 -> 2240639 | D5: =SUM('Prof Serv'!F4:H4) -> 237708 | E5: =348874 -> 348874 | F5: =SUM('Prof Serv'!F19:H19) -> 475001.02 | G5: 421000 | H5: =SUM('Prof Serv'!F16:H16) -> 155000 | I5: 1083878 | J5: =SUM('Prof Serv'!F11:H11) -> 30000 | K5: 0 | L5: =SUM('Prof Serv'!F23:H23) -> 0 | M5: 0 | N5: =SUM('Prof Serv'!F22:H22) -> 0 | O5: 0 | P5: =SUM('Prof Serv'!F14:H14) -> 286250 | Q5: 25000 | R5: =SUM('Prof Serv'!F15:H15)+SUM('Prof Serv'!F25:H25) -> 130500 | S5: 241500 | T5: =SUM('Prof Serv'!F24:H24) -> 111000 | U5: 120387
A6: Legal - Contracts | B6: =D6+F6+H6+J6+L6+N6+P6+R6+T6 -> 100000 | C6: =E6+G6+I6+K6+M6+O6+Q6+S6+U6 -> 92334 | D6: ='Prof Serv'!J4 -> 0 | E6: 0 | F6: ='Prof Serv'!J19 -> 0 | G6: 0 | H6: ='Prof Serv'!J16 -> 0 | I6: 0 | J6: ='Prof Serv'!J11 -> 0 | K6: 0 | L6: ='Prof Serv'!J23 -> 100000 | M6: 92334 | N6: ='Prof Serv'!J22 -> 0 | O6: 0 | P6: ='Prof Serv'!J14 -> 0 | Q6: 0 | R6: ='Prof Serv'!J15+'Prof Serv'!J25 -> 0 | S6: 0 | T6: ='Prof Serv'!J24 -> 0 | U6: 0
A7: Travel & Training | B7: =D7+F7+H7+J7+L7+N7+P7+R7+T7 -> 315244.5 | C7: =E7+G7+I7+K7+M7+O7+Q7+S7+U7 -> 332257 | D7: =Travel!E4 -> 54780 | E7: 58000 | F7: =Travel!E19 -> 11000 | G7: 20450 | H7: =Travel!E16 -> 108934.5 | I7: 70000 | J7: =Travel!E11 -> 48985 | K7: 81607 | L7: =Travel!E23 -> 11400 | M7: 9500 | N7: =Travel!E22 -> 1500 | O7: 4200 | P7: =Travel!E14 -> 8000 | Q7: 8500 | R7: =Travel!E15+Travel!E25 -> 40220 | S7: 41500 | T7: =Travel!E24 -> 30425 | U7: 38500
A8: Operating Services | B8: =D8+F8+H8+J8+L8+N8+P8+R8+T8 -> 1254026.2 | C8: =E8+G8+I8+K8+M8+O8+Q8+S8+U8 -> 954232 | D8: ='Other Operating Expenses'!E4 -> 952378.21 | E8: =978500-373301 -> 605199 | F8: ='Other Operating Expenses'!E19 -> 10570 | G8: 21000 | H8: ='Other Operating Expenses'!E16 -> 58300 | I8: 71976 | J8: ='Other Operating Expenses'!E11 -> 13012 | K8: 28560 | L8: ='Other Operating Expenses'!E23 -> 108571 | M8: 130618 | N8: ='Other Operating Expenses'!E22 -> 10560 | O8: 2800 | P8: ='Other Operating Expenses'!E14 -> 17896 | Q8: 14756 | R8: ='Other Operating Expenses'!E15+'Other Operating Expenses'!E25 -> 7355 | S8: 13300 | T8: ='Other Operating Expenses'!E24 -> 75384 | U8: 66023
A9: Supplies | B9: =D9+F9+H9+J9+L9+N9+P9+R9+T9 -> 100150 | C9: =E9+G9+I9+K9+M9+O9+Q9+S9+U9 -> 118400 | D9: =Supplies!E4 -> 46450 | E9: 80000 | F9: =Supplies!E19 -> 600 | G9: 8500 | H9: =Supplies!E16 -> 30900 | I9: 17500 | J9: =Supplies!E11 -> 3500 | K9: 4450 | L9: =Supplies!E23 -> 400 | M9: 1500 | N9: =Supplies!E22 -> 2000 | O9: 1500 | P9: =Supplies!E14 -> 5050 | Q9: 250 | R9: =Supplies!E15+Supplies!E25 -> 3250 | S9: 2000 | T9: =Supplies!E24 -> 8000 | U9: 2700
A10: Auditing Expense | B10: =D10+F10+H10+J10+L10+N10+P10+R10+T10 -> 222500 | C10: =E10+G10+I10+K10+M10+O10+Q10+S10+U10 -> 244515 | D10: ='Prof Serv'!I4 -> 155000 | E10: 162550 | F10: ='Prof Serv'!I19 -> 0 | G10: 0 | H10: ='Prof Serv'!I16 -> 0 | I10: 0 | J10: ='Prof Serv'!I11 -> 0 | K10: 0 | L10: ='Prof Serv'!I23 -> 0 | M10: 0 | N10: ='Prof Serv'!I22 -> 67500 | O10: 75000 | P10: ='Prof Serv'!I14 -> 0 | Q10: 0 | R10: ='Prof Serv'!I15+'Prof Serv'!I25 -> 0 | S10: 0 | T10: ='Prof Serv'!I24 -> 0 | U10: 6965
A11: Building Bond Interest | B11: =D11+F11+H11+J11+L11+N11+P11+R11+T11 -> 13568.75 | C11: =E11+G11+I11+K11+M11+O11+Q11+S11+U11 -> 38275 | D11: 0 | E11: 0 | F11: 0 | G11: 0 | H11: ='Bldg Bond Int'!F15 -> 13568.75 | I11: 38275 | J11: 0 | K11: 0 | L11: 0 | M11: 0 | N11: 0 | O11: 0 | P11: 0 | Q11: 0 | R11: 0 | S11: 0 | T11: 0 | U11: 0
A12: Building Expense | B12: =D12+F12+H12+J12+L12+N12+P12+R12+T12 -> 357727 | C12: =E12+G12+I12+K12+M12+O12+Q12+S12+U12 -> 373297 | D12: ='Bldg Maint ONLY'!E4 -> 357727 | E12: 373297 | F12: 0 | G12: 0 | H12: 0 | I12: 0 | J12: 0 | K12: 0 | L12: 0 | M12: 0 | N12: 0 | O12: 0 | P12: 0 | Q12: 0 | R12: 0 | S12: 0 | T12: 0 | U12: 0
A13: Capital Expenditures | B13: =D13+F13+H13+J13+L13+N13+P13+R13+T13 -> 85000 | C13: =E13+G13+I13+K13+M13+O13+Q13+S13+U13 -> 0 | D13: ='Capital Exp'!E4 -> 75000 | E13: 0 | F13: ='Capital Exp'!E19 -> 0 | G13: 0 | H13: ='Capital Exp'!E16 -> 0 | I13: 0 | J13: ='Capital Exp'!E11 -> 10000 | K13: 0 | L13: ='Capital Exp'!E23 -> 0 | M13: 0 | N13: ='Capital Exp'!E22 -> 0 | O13: 0 | P13: ='Capital Exp'!E14 -> 0 | Q13: 0 | R13: ='Capital Exp'!E15+'Capital Exp'!E25 -> 0 | S13: 0 | T13: ='Capital Exp'!E24 -> 0 | U13: 0
A14: 2/23/16 Tornadoes | B14: =D14+F14+H14+J14+L14+N14+P14+R14+T14 -> 0 | C14: 0 | D14: 0 | E14: 0 | F14: =1000000-1000000 -> 0 | G14: 0 | H14: 0 | I14: 0 | J14: 0 | K14: 0 | L14: 0 | M14: 0 | N14: 0 | O14: 0 | P14: 0 | Q14: 0 | R14: 0 | S14: 0 | T14: 0 | U14: 0
A15: Grand Total | B15: =SUM(B4:B14) -> 14265306 | C15: =SUM(C4:C14) -> 15833272 | D15: =SUM(D4:D14) -> 4386523.4 | E15: =SUM(E4:E14) -> 5292473 | F15: =SUM(F4:F14) -> 1952821.9 | G15: =SUM(G4:G14) -> 2071871 | H15: =SUM(H4:H14) -> 1563814.9 | I15: =SUM(I4:I14) -> 1914819 | ... U15: =SUM(U4:U14) -> 1666115
A18: =A1 -> 2016-17 Budget: | B18: Total | C18: Total | D18: =$B$19 -> 2016-17 | E18: =$C$19 -> 2015-16 | F18: 2016-17 | G18: 2015-16 | H18: 2016-17 | I18: 2015-16 | J18: 2016-17 | K18: 2015-16 | L18: 2016-17 | M18: 2015-16 | N18: 2016-17 | O18: 2015-16 | P18: 2016-17 | Q18: 2015-16 | R18: 2016-17 | S18: 2015-16 | T18: 2016-17 | U18: 2015-16 | V18: 2016-17 | W18: 2015-16
A19: by Functional | B19: 2016-17 | C19: 2015-16 | D19: Payroll & | E19: Payroll & | F19: Contracts/ | G19: Contracts/ | H19: Contracts/ | I19: Contracts/ | J19: Travel & | K19: Travel & | L19: Operating | M19: Operating | P19: Auditing | Q19: Auditing | R19: Building | S19: Building | T19: Building | U19: Building | V19: Capital | W19: Capital
A20: Grouping | B20: Budget | C20: Budget | D20: Benefits | E20: Benefits | F20: Prof Services | G20: Prof Services | H20: Legal | I20: Legal | J20: Training | K20: Training | L20: Services | M20: Services | N20: Supplies | O20: Supplies | P20: Expense | Q20: Expense | R20: Bond Interest | S20: Bond Interest | T20: Expense | U20: Expense | V20: Expenditures | W20: Expenditures
A21: Administration | B21: =D21+F21+H21+J21+L21+N21+P21+R21+T21+V21+X21 -> 4386523.4 | C21: =E21+G21+I21+K21+M21+O21+Q21+S21+U21+W21+Y21 -> 5292473 | D21: =D4 -> 2507480.2 | E21: =E4 -> 3664553 | F21: =D5 -> 237708 | G21: =E5 -> 348874 | H21: =D6 -> 0 | I21: =E6 -> 0 | J21: =D7 -> 54780 | K21: =E7 -> 58000 | L21: =D8 -> 952378.21 | M21: =E8 -> 605199 | N21: =D9 -> 46450 | O21: =E9 -> 80000 | P21: =D10 -> 155000 | Q21: =E10 -> 162550 | R21: =D11 -> 0 | S21: =E11 -> 0 | T21: =D12 -> 357727 | U21: =E12 -> 373297 | V21: =D13 -> 75000 | W21: 0
A22: Housing Production | B22: =D22+F22+H22+J22+L22+N22+P22+R22+T22+V22+X22 -> 1952821.9 | C22: =E22+G22+I22+K22+M22+O22+Q22+S22+U22+W22+Y22 -> 2071871 | D22: =F4 -> 1455650.9 | E22: =G4 -> 1600921 | F22: =F5 -> 475001.02 | G22: =G5 -> 421000 | H22: =F6 -> 0 | I22: =G6 -> 0 | J22: =F7 -> 11000 | K22: =G7 -> 20450 | L22: =F8 -> 10570 | M22: =G8 -> 21000 | N22: =F9 -> 600 | O22: =G9 -> 8500 | P22: =F10 -> 0 | Q22: =G10 -> 0 | R22: =F11 -> 0 | S22: =G11 -> 0 | T22: =F12 -> 0 | U22: =G12 -> 0 | V22: =F13 -> 0 | W22: 0
A23: Executive | B23: =D23+F23+H23+J23+L23+N23+P23+R23+T23+V23+X23 -> 1563814.9 | C23: =E23+G23+I23+K23+M23+O23+Q23+S23+U23+W23+Y23 -> 1914819 | D23: =H4 -> 1197111.6 | E23: =I4 -> 633190 | F23: =H5 -> 155000 | G23: =I5 -> 1083878 | H23: =H6 -> 0 | I23: =I6 -> 0 | J23: =H7 -> 108934.5 | K23: =I7 -> 70000 | L23: =H8 -> 58300 | M23: =I8 -> 71976 | N23: =H9 -> 30900 | O23: =I9 -> 17500 | P23: =H10 -> 0 | Q23: =I10 -> 0 | R23: =H11 -> 13568.75 | S23: =I11 -> 38275 | T23: =H12 -> 0 | U23: =I12 -> 0 | V23: =H13 -> 0 | W23: 0
A24: Asset Mgmt | B24: =D24+F24+H24+J24+L24+N24+P24+R24+T24+V24+X24 -> 962134.16 | C24: =E24+G24+I24+K24+M24+O24+Q24+S24+U24+W24+Y24 -> 1196311 | D24: =J4 -> 856637.16 | E24: =K4 -> 1081694 | F24: =J5 -> 30000 | G24: =K5 -> 0 | H24: =J6 -> 0 | I24: =K6 -> 0 | J24: =J7 -> 48985 | K24: =K7 -> 81607 | L24: =J8 -> 13012 | M24: =K8 -> 28560 | N24: =J9 -> 3500 | O24: =K9 -> 4450 | P24: =J10 -> 0 | Q24: =K10 -> 0 | R24: =J11 -> 0 | S24: =K11 -> 0 | T24: =J12 -> 0 | U24: =K12 -> 0 | V24: =J13 -> 10000 | W24: 0
A25: Legal | B25: =D25+F25+H25+J25+L25+N25+P25+R25+T25+V25+X25 -> 796433.23 | C25: =E25+G25+I25+K25+M25+O25+Q25+S25+U25+W25+Y25 -> 875554 | D25: =L4 -> 576062.23 | E25: =M4 -> 641602 | F25: =L5 -> 0 | G25: =M5 -> 0 | H25: =L6 -> 100000 | I25: =M6 -> 92334 | J25: =L7 -> 11400 | K25: =M7 -> 9500 | L25: =L8 -> 108571 | M25: =M8 -> 130618 | N25: =L9 -> 400 | O25: =M9 -> 1500 | P25: =L10 -> 0 | Q25: =M10 -> 0 | R25: =L11 -> 0 | S25: =M11 -> 0 | T25: =L12 -> 0 | U25: =M12 -> 0 | V25: =L13 -> 0 | W25: 0
A26: Internal Audit | B26: =D26+F26+H26+J26+L26+N26+P26+R26+T26+V26+X26 -> 521365.38 | C26: =E26+G26+I26+K26+M26+O26+Q26+S26+U26+W26+Y26 -> 412343 | D26: =N4 -> 439805.38 | E26: =O4 -> 328843 | F26: =N5 -> 0 | G26: =O5 -> 0 | H26: =N6 -> 0 | I26: =O6 -> 0 | J26: =N7 -> 1500 | K26: =O7 -> 4200 | L26: =N8 -> 10560 | M26: =O8 -> 2800 | N26: =N9 -> 2000 | O26: =O9 -> 1500 | P26: =N10 -> 67500 | Q26: =O10 -> 75000 | R26: =N11 -> 0 | S26: =O11 -> 0 | T26: =N12 -> 0 | U26: =O12 -> 0 | V26: =N13 -> 0 | W26: 0
A27: Disaster/Sustainable Housing | B27: =D27+F27+H27+J27+L27+N27+P27+R27+T27+V27+X27 -> 957731.85 | C27: =E27+G27+I27+K27+M27+O27+Q27+S27+U27+W27+Y27 -> 507601 | D27: =P4 -> 640535.85 | E27: =Q4 -> 459095 | F27: =P5 -> 286250 | G27: =Q5 -> 25000 | H27: =P6 -> 0 | I27: =Q6 -> 0 | J27: =P7 -> 8000 | K27: =Q7 -> 8500 | L27: =P8 -> 17896 | M27: =Q8 -> 14756 | N27: =P9 -> 5050 | O27: =Q9 -> 250 | P27: =P10 -> 0 | Q27: =Q10 -> 0 | R27: =P11 -> 0 | S27: =Q11 -> 0 | T27: =P12 -> 0 | U27: =Q12 -> 0 | V27: =P13 -> 0 | W27: 0
A28: Energy/S8CA | B28: =D28+F28+H28+J28+L28+N28+P28+R28+T28+V28+X28 -> 1539051.4 | C28: =E28+G28+I28+K28+M28+O28+Q28+S28+U28+W28+Y28 -> 1896185 | D28: =R4 -> 1357726.4 | E28: =S4 -> 1597885 | F28: =R5 -> 130500 | G28: =S5 -> 241500 | H28: =R6 -> 0 | I28: =S6 -> 0 | J28: =R7 -> 40220 | K28: =S7 -> 41500 | L28: =R8 -> 7355 | M28: =S8 -> 13300 | N28: =R9 -> 3250 | O28: =S9 -> 2000 | P28: =R10 -> 0 | Q28: =S10 -> 0 | R28: =R11 -> 0 | S28: =S11 -> 0 | T28: =R12 -> 0 | U28: =S12 -> 0 | V28: =R13 -> 0 | W28: 0
A29: LHA | B29: =D29+F29+H29+J29+L29+N29+P29+R29+T29+V29+X29 -> 1585429.9 | C29: =E29+G29+I29+K29+M29+O29+Q29+S29+U29+W29+Y29 -> 1666115 | D29: =T4 -> 1360620.9 | E29: =U4 -> 1431540 | F29: =T5 -> 111000 | G29: =U5 -> 120387 | H29: =T6 -> 0 | I29: =U6 -> 0 | J29: =T7 -> 30425 | K29: =U7 -> 38500 | L29: =T8 -> 75384 | M29: =U8 -> 66023 | N29: =T9 -> 8000 | O29: =U9 -> 2700 | P29: =T10 -> 0 | Q29: =U10 -> 6965 | R29: =T11 -> 0 | S29: =U11 -> 0 | T29: =T12 -> 0 | U29: =U12 -> 0 | V29: =T13 -> 0 | W29: 0
A30: Grand Total | B30: =SUM(B21:B29) -> 14265306 | C30: =SUM(C21:C29) -> 15833272 | D30: =SUM(D21:D29) -> 10391631 | E30: =SUM(E21:E29) -> 11439323 | F30: =SUM(F21:F29) -> 1425459 | G30: =SUM(G21:G29) -> 2240639 | H30: =SUM(H21:H29) -> 100000 | I30: =SUM(I21:I29) -> 92334 | ... W30: =SUM(W21:W29) -> 0
A32: =A1 -> 2016-17 Budget: | B32: Total
A33: by Summarized Groupings | B33: =B2 -> 2016-17 | D33: Contracts - | E33: Contracts -
A34: & Expenditure Type | B34: Budget | C34: Human Resources | D34: Prof Services | E34: Legal | F34: Travel & Training | G34: Operating Svcs | H34: Supplies | I34: Auditing | J34: Bldg Bond Interest | K34: Bldg Expense | L34: Capital Expend. | M34: 2/23 Storm Exp
A35: Administration | B35: =SUM(C35:M35) -> 4386523.4 | C35: =D21 -> 2507480.2 | D35: =F21 -> 237708 | E35: =H21 -> 0 | F35: =J21 -> 54780 | G35: =L21 -> 952378.21 | H35: =N21 -> 46450 | I35: =P21 -> 155000 | J35: =R21 -> 0 | K35: =T21 -> 357727 | L35: =V21 -> 75000 | M35: =X21 -> 0 | R35: 0 | T35: 0
A36: Housing Production | B36: =SUM(C36:M36) -> 1952821.9 | C36: =D22 -> 1455650.9 | D36: =F22 -> 475001.02 | E36: =H22 -> 0 | F36: =J22 -> 11000 | G36: =L22 -> 10570 | H36: =N22 -> 600 | I36: =P22 -> 0 | J36: =R22 -> 0 | K36: =T22 -> 0 | L36: =V22 -> 0 | M36: =X22 -> 0
A37: Executive | B37: =SUM(C37:M37) -> 1563814.9 | C37: =D23 -> 1197111.6 | D37: =F23 -> 155000 | E37: =H23 -> 0 | F37: =J23 -> 108934.5 | G37: =L23 -> 58300 | H37: =N23 -> 30900 | I37: =P23 -> 0 | J37: =R23 -> 13568.75 | K37: =T23 -> 0 | L37: =V23 -> 0 | M37: =X23 -> 0
A38: Asset Mgmt | B38: =SUM(C38:M38) -> 962134.16 | C38: =D24 -> 856637.16 | D38: =F24 -> 30000 | E38: =H24 -> 0 | F38: =J24 -> 48985 | G38: =L24 -> 13012 | H38: =N24 -> 3500 | I38: =P24 -> 0 | J38: =R24 -> 0 | K38: =T24 -> 0 | L38: =V24 -> 10000 | M38: =X24 -> 0
A39: Legal | B39: =SUM(C39:M39) -> 796433.23 | C39: =D25 -> 576062.23 | D39: =F25 -> 0 | E39: =H25 -> 100000 | F39: =J25 -> 11400 | G39: =L25 -> 108571 | H39: =N25 -> 400 | I39: =P25 -> 0 | J39: =R25 -> 0 | K39: =T25 -> 0 | L39: =V25 -> 0 | M39: =X25 -> 0
A40: Internal Audit | B40: =SUM(C40:M40) -> 521365.38 | C40: =D26 -> 439805.38 | D40: =F26 -> 0 | E40: =H26 -> 0 | F40: =J26 -> 1500 | G40: =L26 -> 10560 | H40: =N26 -> 2000 | I40: =P26 -> 67500 | J40: =R26 -> 0 | K40: =T26 -> 0 | L40: =V26 -> 0 | M40: =X26 -> 0
A41: Disaster/Sustainable Housing | B41: =SUM(C41:M41) -> 957731.85 | C41: =D27 -> 640535.85 | D41: =F27 -> 286250 | E41: =H27 -> 0 | F41: =J27 -> 8000 | G41: =L27 -> 17896 | H41: =N27 -> 5050 | I41: =P27 -> 0 | J41: =R27 -> 0 | K41: =T27 -> 0 | L41: =V27 -> 0 | M41: =X27 -> 0
A42: Energy | B42: =SUM(C42:M42) -> 1539051.4 | C42: =D28 -> 1357726.4 | D42: =F28 -> 130500 | E42: =H28 -> 0 | F42: =J28 -> 40220 | G42: =L28 -> 7355 | H42: =N28 -> 3250 | I42: =P28 -> 0 | J42: =R28 -> 0 | K42: =T28 -> 0 | L42: =V28 -> 0 | M42: =X28 -> 0
A43: LHA | B43: =SUM(C43:M43) -> 1585429.9 | C43: =D29 -> 1360620.9 | D43: =F29 -> 111000 | E43: =H29 -> 0 | F43: =J29 -> 30425 | G43: =L29 -> 75384 | H43: =N29 -> 8000 | I43: =P29 -> 0 | J43: =R29 -> 0 | K43: =T29 -> 0 | L43: =V29 -> 0 | M43: =X29 -> 0
B44: =SUM(B35:B43) -> 14265306 | C44: =SUM(C35:C43) -> 10391631 | D44: =SUM(D35:D43) -> 1425459 | E44: =SUM(E35:E43) -> 100000 | F44: =SUM(F35:F43) -> 315244.5 | G44: =SUM(G35:G43) -> 1254026.2 | H44: =SUM(H35:H43) -> 100150 | I44: =SUM(I35:I43) -> 222500 | ... M44: =SUM(M35:M43) -> 0
B46: =SUM(C46:M46) -> 0 | C46: =C44-HR!H3 -> 0 | D46: =D44-'Prof Serv'!F3-'Prof Serv'!G3-'Prof Serv'!H3 -> 0 | E46: =E44-'Prof Serv'!J3 -> 0 | F46: =F44-Travel!E3 -> 0 | G46: =G44-'Other Operating Expenses'!E3 -> 0 | H46: =H44-Supplies!E3 -> 0 | I46: =I44-'Prof Serv'!I3 -> 0 | J46: =J44-'Bldg Bond Int'!F15 -> 0 | K46: =K44-'Bldg Maint ONLY'!E3 -> 0 | L46: =L44-'Capital Exp'!E3 -> 0 | M46: =M44-F14 -> 0
A48: =A1 -> 2016-17 Budget: | B48: Total | C48: Total | D48: Total | E48: Total | F48: Total | G48: Total | H48: Total | I48: Total | J48: Total | K48: Total | L48: Total | M48: Total | N48: Total | O48: Total
A49: by Budget Unit | B49: 2016-17 | C49: =B2 -> 2016-17 | D49: 2016-17 | E49: 2016-17 | F49: 2016-17 | G49: 2016-17 | H49: 2016-17 | I49: 2016-17 | J49: 2016-17 | K49: 2016-17 | L49: 2016-17 | M49: 2016-17 | N49: 2016-17 | O49: 2016-17
A50: Revenues & Expenses | B50: Revenues | C50: Expenses | D50: Human Resources | E50: Prof Services | F50: Legal | G50: Travel & Training | H50: Operating Svcs | I50: Supplies | J50: Auditing | K50: Bldg Bond Int | L50: Bldg Expense | M50: Capital Expend. | N50: 2/23 Storm Exp | O50: Net Income
A51: Accounting/Budget/Finance | B51: 0 | C51: =SUM(D51:N51) -> 1557475.4 | D51: =HR!H5 -> 1234440.8 | E51: =SUM('Prof Serv'!F5:H5) -> 4608 | F51: ='Prof Serv'!J5 -> 0 | G51: =Travel!E5 -> 13900 | H51: ='Other Operating Expenses'!E5 -> 74376.64 | I51: =Supplies!E5 -> 5150 | J51: ='Prof Serv'!I4 -> 155000 | K51: 0 | L51: ='Bldg Maint ONLY'!E5 -> 0 | M51: ='Capital Exp'!E5 -> 70000 | N51: 0 | O51: =B51-C51 -> -1557475.4
A52: Board of Directors | B52: 0 | C52: =SUM(D52:N52) -> 121053.5 | D52: =HR!H17 -> 9688.5 | E52: =SUM('Prof Serv'!F17:H17) -> 15000 | F52: ='Prof Serv'!J17 -> 0 | G52: =Travel!E17 -> 70365 | H52: ='Other Operating Expenses'!E17 -> 0 | I52: =Supplies!E17 -> 26000 | J52: ='Prof Serv'!I17 -> 0 | K52: 0 | L52: ='Bldg Maint ONLY'!E17 -> 0 | M52: ='Capital Exp'!E17 -> 0 | N52: 0 | O52: =B52-C52 -> -121053.5
A53: Communications/Public Affairs | B53: 0 | C53: =SUM(D53:N53) -> 304321.57 | D53: =HR!H6 -> 193316.57 | E53: =SUM('Prof Serv'!F6:H6) -> 103850 | F53: ='Prof Serv'!J6 -> 0 | G53: =Travel!E6 -> 4880 | H53: ='Other Operating Expenses'!E6 -> 1275 | I53: =Supplies!E6 -> 1000 | J53: ='Prof Serv'!I6 -> 0 | K53: 0 | L53: ='Bldg Maint ONLY'!E6 -> 0 | M53: ='Capital Exp'!E6 -> 0 | N53: 0 | O53: =B53-C53 -> -304321.57
A54: Construction & Compliance Monitoring | B54: =Revenues!Y52 -> 213723 | C54: =SUM(D54:N54) -> 657550.04 | D54: =HR!H12 -> 561873.04 | E54: =SUM('Prof Serv'!F12:H12) -> 30000 | F54: ='Prof Serv'!J12 -> 0 | G54: =Travel!E12 -> 43565 | H54: ='Other Operating Expenses'!E12 -> 9112 | I54: =Supplies!E12 -> 3000 | J54: ='Prof Serv'!I12 -> 0 | K54: 0 | L54: ='Bldg Maint ONLY'!E12 -> 0 | M54: ='Capital Exp'!E12 -> 10000 | N54: 0 | O54: =B54-C54 -> -443827.04
A55: Desk Monitoring | B55: 0 | C55: =SUM(D55:N55) -> 304584.12 | D55: =HR!H13 -> 294764.12 | E55: =SUM('Prof Serv'!F13:H13) -> 0 | F55: ='Prof Serv'!J13 -> 0 | G55: =Travel!E13 -> 5420 | H55: ='Other Operating Expenses'!E13 -> 3900 | I55: =Supplies!E13 -> 500 | J55: ='Prof Serv'!I13 -> 0 | K55: 0 | L55: ='Bldg Maint ONLY'!E13 -> 0 | M55: ='Capital Exp'!E13 -> 0 | N55: 0 | O55: =B55-C55 -> -304584.12
A56: Disaster/Sustainable/HRP | B56: =Revenues!Y123-Revenues!Y126-Revenues!Y128-Revenues!Y129-Revenues!Y131 -> 1903058.5 | C56: =SUM(D56:N56) -> 957731.85 | D56: =HR!H14 -> 640535.85 | E56: =SUM('Prof Serv'!F14:H14) -> 286250 | F56: ='Prof Serv'!J14 -> 0 | G56: =Travel!E14 -> 8000 | H56: ='Other Operating Expenses'!E14 -> 17896 | I56: =Supplies!E14 -> 5050 | J56: ='Prof Serv'!I14 -> 0 | K56: 0 | L56: ='Bldg Maint ONLY'!E14 -> 0 | M56: ='Capital Exp'!E14 -> 0 | N56: 0 | O56: =B56-C56 -> 945326.69
A57: Energy Assistance | B57: =Revenues!Y84 -> 1325383.5 | C57: =SUM(D57:N57) -> 924989.3 | D57: =HR!H15 -> 766729.3 | E57: =SUM('Prof Serv'!F15:H15) -> 122000 | F57: ='Prof Serv'!J15 -> 0 | G57: =Travel!E15 -> 26820 | H57: ='Other Operating Expenses'!E15 -> 6440 | I57: =Supplies!E15 -> 3000 | J57: ='Prof Serv'!I15 -> 0 | K57: 0 | L57: ='Bldg Maint ONLY'!E15 -> 0 | M57: ='Capital Exp'!E15 -> 0 | N57: 0 | O57: =B57-C57 -> 400394.16
A58: Executive Staff | B58: =Revenues!Y6+Revenues!Y36+Revenues!Y140 -> 1961116 | C58: =SUM(D58:N58) -> 1442761.4 | D58: =HR!H18 -> 1187423.1 | E58: =SUM('Prof Serv'!F18:H18) -> 140000 | F58: ='Prof Serv'!J18 -> 0 | G58: =Travel!E18 -> 38569.5 | H58: ='Other Operating Expenses'!E18 -> 58300 | I58: =Supplies!E18 -> 4900 | J58: ='Prof Serv'!I18 -> 0 | K58: ='Bldg Bond Int'!F15 -> 13568.75 | L58: ='Bldg Maint ONLY'!E18 -> 0 | M58: ='Capital Exp'!E15 -> 0 | N58: 0 | O58: =B58-C58 -> 518354.65
A59: Housing Production | B59: =Revenues!Y19+Revenues!Y56+Revenues!Y77+Revenues!Y103+Revenues!Y118 -> 3805161.5 | C59: =SUM(D59:N59) -> 1952821.9 | D59: =HR!H19 -> 1455650.9 | E59: =SUM('Prof Serv'!F20:H20)+SUM('Prof Serv'!F21:H21) -> 475001.02 | F59: ='Prof Serv'!N329+'Prof Serv'!N330 -> 0 | G59: =Travel!E19 -> 11000 | H59: ='Other Operating Expenses'!E19 -> 10570 | I59: =Supplies!E19 -> 600 | J59: ='Prof Serv'!I19 -> 0 | K59: 0 | L59: ='Bldg Maint ONLY'!E19 -> 0 | M59: ='Capital Exp'!E19 -> 0 | N59: =F14 -> 0 | O59: =B59-C59 -> 1852339.6
A60: Human Resources | B60: 0 | C60: =SUM(D60:N60) -> 122394.5 | D60: =HR!H7 -> 119844.5 | E60: =SUM('Prof Serv'!F7:H7) -> 250 | F60: ='Prof Serv'!N321 -> 0 | G60: =Travel!E7 -> 1000 | H60: ='Other Operating Expenses'!E7 -> 1000 | I60: =Supplies!E7 -> 300 | J60: ='Prof Serv'!I7 -> 0 | K60: 0 | L60: ='Bldg Maint ONLY'!E7 -> 0 | M60: ='Capital Exp'!E7 -> 0 | N60: 0 | O60: =B60-C60 -> -122394.5
A61: Information Technology | B61: 0 | C61: =SUM(D61:N61) -> 1423577.6 | D61: =HR!H8 -> 518616.06 | E61: =SUM('Prof Serv'!F8:H8) -> 99000 | F61: ='Prof Serv'!N322 -> 0 | G61: =Travel!E8 -> 30000 | H61: ='Other Operating Expenses'!E8 -> 765961.57 | I61: =Supplies!E8 -> 5000 | J61: ='Prof Serv'!I8 -> 0 | K61: 0 | L61: ='Bldg Maint ONLY'!E8 -> 0 | M61: ='Capital Exp'!E8 -> 5000 | N61: 0 | O61: =B61-C61 -> -1423577.6
A62: Internal Audit | B62: 0 | C62: =SUM(D62:N62) -> 521365.38 | D62: =HR!H22 -> 439805.38 | E62: =SUM('Prof Serv'!F22:H22) -> 0 | F62: ='Prof Serv'!J22 -> 0 | G62: =Travel!E22 -> 1500 | H62: ='Other Operating Expenses'!E22 -> 10560 | I62: =Supplies!E22 -> 2000 | J62: ='Prof Serv'!I22 -> 67500 | K62: 0 | L62: ='Bldg Maint ONLY'!E22 -> 0 | M62: ='Capital Exp'!E22 -> 0 | N62: 0 | O62: =B62-C62 -> -521365.38
A63: Legal Counsel | B63: 0 | C63: =SUM(D63:N63) -> 796433.23 | D63: =HR!H23 -> 576062.23 | E63: =SUM('Prof Serv'!F23:H23) -> 0 | F63: ='Prof Serv'!J23 -> 100000 | G63: =Travel!E23 -> 11400 | H63: ='Other Operating Expenses'!E23 -> 108571 | I63: =Supplies!E23 -> 400 | J63: ='Prof Serv'!I23 -> 0 | K63: 0 | L63: ='Bldg Maint ONLY'!E23 -> 0 | M63: ='Capital Exp'!E23 -> 0 | N63: 0 | O63: =B63-C63 -> -796433.23
A64: Louisiana Housing Authority | B64: =Revenues!Y40+Revenues!Y126+Revenues!Y128+Revenues!Y129+Revenues!Y131 -> 2038274.1 | C64: =SUM(D64:N64) -> 1585429.9 | D64: =HR!H24 -> 1360620.9 | E64: =SUM('Prof Serv'!F24:H24) -> 111000 | F64: ='Prof Serv'!J24 -> 0 | G64: =Travel!E24 -> 30425 | H64: ='Other Operating Expenses'!E24 -> 75384 | I64: =Supplies!E24 -> 8000 | J64: ='Prof Serv'!I24 -> 0 | K64: 0 | L64: ='Bldg Maint ONLY'!E24 -> 0 | M64: ='Capital Exp'!E24 -> 0 | N64: 0 | O64: =B64-C64 -> 452844.17
A65: Operations Admin/Facilities/Fleet | B65: 0 | C65: =SUM(D65:N65) -> 978754.28 | D65: =HR!H9 -> 441262.28 | E65: =SUM('Prof Serv'!F9:H9) -> 30000 | F65: ='Prof Serv'!J9 -> 0 | G65: =Travel!E9 -> 5000 | H65: ='Other Operating Expenses'!E9 -> 109765 | I65: =Supplies!E9 -> 35000 | J65: ='Prof Serv'!I9 -> 0 | K65: 0 | L65: ='Bldg Maint ONLY'!E9 -> 357727 | M65: ='Capital Exp'!E9 -> 0 | N65: 0 | O65: =B65-C65 -> -978754.28
A66: Performance-Based Sect 8 Contract Administration | B66: =Revenues!Y94 -> 3156300.1 | C66: =SUM(D66:N66) -> 614062.14 | D66: =HR!H25 -> 590997.14 | E66: =SUM('Prof Serv'!F25:H25) -> 8500 | F66: ='Prof Serv'!J25 -> 0 | G66: =Travel!E25 -> 13400 | H66: ='Other Operating Expenses'!E25 -> 915 | I66: =Supplies!E25 -> 250 | J66: ='Prof Serv'!I25 -> 0 | K66: 0 | L66: ='Bldg Maint ONLY'!E25 -> 0 | M66: ='Capital Exp'!E25 -> 0 | N66: 0 | O66: =B66-C66 -> 2542238
A67: Policy & Reporting | B67: 0 | C67: =SUM(D67:N67) -> 0 | D67: =HR!H10 -> 0 | E67: =SUM('Prof Serv'!F10:H10) -> 0 | F67: ='Prof Serv'!J10 -> 0 | G67: =Travel!E10 -> 0 | H67: ='Other Operating Expenses'!E10 -> 0 | I67: =Supplies!E10 -> 0 | J67: ='Prof Serv'!I10 -> 0 | K67: 0 | L67: ='Bldg Maint ONLY'!E10 -> 0 | M67: ='Capital Exp'!E10 -> 0 | N67: 0 | O67: =B67-C67 -> 0
A68: Grand Total | B68: =SUM(B51:B67) -> 14403017 | C68: =SUM(C51:C67) -> 14265306 | D68: =SUM(D51:D67) -> 10391631 | E68: =SUM(E51:E67) -> 1425459 | F68: =SUM(F51:F67) -> 100000 | G68: =SUM(G51:G67) -> 315244.5 | H68: =SUM(H51:H67) -> 1254026.2 | I68: =SUM(I51:I67) -> 100150 | ... O68: =SUM(O51:O67) -> 137710.51
A71: Check total (should be zero) | B71: =B68-Revenues!Y142 -> 0 | C71: =SUM(D71:L71) -> 0 | D71: =C44-D68 -> 0 | E71: =D44-E68 -> 0 | F71: =E44-F68 -> 0 | G71: =F44-G68 -> 0 | H71: =G44-H68 -> 0 | I71: =H44-I68 -> 0 | J71: =I44-J68 -> 0 | K71: =J44-K68 -> 0 | ... N71: =M44-N68 -> 0 | O71: =O68-Summary!M37 -> 9.3132257e-10
A73: 2016-17 Budget: | B73: Total | M73: 0.2368 | N73: $ 21.11/sq ft | O73: Overall - 99.72% | P73: Based on
A74: by Funding Source | B74: 2016-17 | D74: Contracts - | E74: Contracts - | M74: % of Sal ONLY | N74: Maintenance | O74: FY 17 Prov Rate | P74: FY 17 Prov Rate | Y74: FY 2015 | Z74: OCD CEAs | AA74: Recoverable
A75: & Expenditure Type | B75: Budget | C75: Human Resources | D75: Prof Services | E75: Legal | F75: Travel & Training | G75: Operating Svcs | H75: Supplies | I75: Auditing | J75: Bldg Bond Interest | K75: Bldg Expense | L75: Capital Expend. | M75: Paid Time Off | N75: in Lieu of Rent | O75: Indirect Costs | P75: Rev - Exp | X75: Square Feet | Y75: Indirect % - CAP | Z75: Total w/Indirect | AA75: Cost
A76: Admin Exp - Unallocable - General Fund | B76: =SUM(C76:O76) -> 1249994.1 | C76: =HR!Y511 -> 402188.41 | D76: ='Prof Serv'!N548 -> 77400 | E76: ='Prof Serv'!N484 -> 0 | F76: =Travel!P420 -> 116814.5 | G76: ='Other Operating Expenses'!N683 -> 1775 | H76: =Supplies!N340 -> 27500 | I76: ='Prof Serv'!N420 -> 0 | J76: 0 | K76: 0 | L76: 0 | M76: =HR!N511*'Total Expenses'!$M$73 -> 68505.937 | N76: =21.11*X76 -> 70824.05 | O76: =(SUM(C76:I76)-SUM(M76:N76)-K76)*99.72% -> 484986.15 | P76: =0-B76 -> -1249994.1 | X76: 3355 | Y76: 0.2603 | AA76: =B76+P76 -> 0
A77: ARRA TCAP | B77: =SUM(C77:O77) -> 7688.195 | C77: =HR!Y512 -> 3848.5559 | D77: ='Prof Serv'!N549 -> 0 | E77: ='Prof Serv'!N485 -> 0 | F77: =Travel!P421 -> 0 | G77: ='Other Operating Expenses'!N684 -> 0 | H77: =Supplies!N341 -> 0 | I77: ='Prof Serv'!N421 -> 0 | J77: 0 | K77: 0 | L77: 0 | M77: =HR!N512*'Total Expenses'!$M$73 -> 663.99857 | N77: =21.11*X77 -> 0 | O77: =(SUM(C77:I77)-SUM(M77:N77))*99.72% -> 3175.6406 | P77: =0-B77 -> -7688.195 | Y77: 0.0002 | AA77: =B77+P77 -> 0
A78: ARRA TCEX | B78: =SUM(C78:O78) -> 6143.3211 | C78: =HR!Y513 -> 2819.115 | D78: ='Prof Serv'!N550 -> 0 | E78: ='Prof Serv'!N486 -> 0 | F78: =Travel!P422 -> 0 | G78: ='Other Operating Expenses'!N685 -> 256.17 | H78: =Supplies!N342 -> 0 | I78: ='Prof Serv'!N422 -> 0 | J78: 0 | K78: 0 | L78: 0 | M78: =HR!N513*'Total Expenses'!$M$73 -> 486.3872 | N78: =21.11*X78 -> 0 | O78: =(SUM(C78:I78)-SUM(M78:N78))*99.72% -> 2581.6489 | P78: =0-B78 -> -6143.3211 | Y78: 0 | AA78: =B78+P78 -> 0
A79: ARRA Weatherization | B79: =SUM(C79:O79) -> 471.85847 | C79: =HR!Y514 -> 0 | D79: ='Prof Serv'!N551 -> 0 | E79: ='Prof Serv'!N487 -> 0 | F79: =Travel!P423 -> 0 | G79: ='Other Operating Expenses'!N686 -> 236.26 | H79: =Supplies!N343 -> 0 | I79: ='Prof Serv'!N423 -> 0 | J79: 0 | K79: 0 | L79: 0 | M79: =HR!N514*'Total Expenses'!$M$73 -> 0 | N79: =21.11*X79 -> 0 | O79: =(SUM(C79:I79)-SUM(M79:N79))*99.72% -> 235.59847 | P79: =Revenues!Y88+Revenues!Y92-B79 -> -471.85847 | Y79: 0.0002 | AA79: =B79+P79 -> 0
A80: CDBG QAP Program Income | B80: =SUM(C80:O80) -> 175374.25 | C80: =HR!Y515 -> 87593.59 | D80: ='Prof Serv'!N552 -> 200 | E80: ='Prof Serv'!N488 -> 0 | F80: =Travel!P424 -> 0 | G80: ='Other Operating Expenses'!N687 -> 0 | H80: =Supplies!N344 -> 0 | I80: ='Prof Serv'!N424 -> 0 | J80: 0 | K80: 0 | L80: 0 | M80: =HR!N515*'Total Expenses'!$M$73 -> 11746.824 | N80: =21.11*X80 -> 0 | O80: =(SUM(C80:I80)-SUM(M80:N80))*99.72% -> 75833.835 | P80: =Revenues!Y57-B80 -> -46999.25 | X80: =80-80 -> 0 | Y80: 0 | Z80: =(C80*1.47)+D80+E80+F80+G80+H80+I80+J80+K80 -> 128962.58
A81: Continuum of Care | B81: =SUM(C81:O81) -> 201610.73 | C81: =HR!Y516 -> 98222.931 | D81: ='Prof Serv'!N553 -> 700 | E81: ='Prof Serv'!N489 -> 0 | F81: =Travel!P425 -> 2000 | G81: ='Other Operating Expenses'!N688 -> 0 | H81: =Supplies!N345 -> 0 | I81: ='Prof Serv'!N425 -> 0 | J81: 0 | K81: 0 | L81: 0 | M81: =HR!N516*'Total Expenses'!$M$73 -> 16946.587 | N81: =21.11*X81 -> 0 | O81: =(SUM(C81:I81)-SUM(M81:N81))*99.72% -> 83741.211 | P81: =Revenues!Y48-B81 -> 179197.27 | Y81: 0 | AA81: =B81 -> 201610.73
A82: Disaster Case Mgt - FEMA | B82: =SUM(C82:O82) -> 13230.927 | C82: =HR!Y517 -> 6623.136 | D82: ='Prof Serv'!N554 -> 0 | E82: ='Prof Serv'!N490 -> 0 | F82: =Travel!P426 -> 0 | G82: ='Other Operating Expenses'!N689 -> 0 | H82: =Supplies!N346 -> 0 | I82: ='Prof Serv'!N426 -> 0 | J82: 0 | K82: 0 | L82: 0 | M82: =HR!N517*'Total Expenses'!$M$73 -> 1142.7021 | N82: =21.11*X82 -> 0 | O82: =(SUM(C82:I82)-SUM(M82:N82))*99.72% -> 5465.0887 | P82: =Revenues!Y127+Revenues!Y128-B82 -> -3495.9268 | Y82: 0 | Z82: =(C82*1.47)+D82+E82+F82+G82+H82+I82+J82+K82 -> 9736.0099
A83: ESG Shelter Program | B83: =SUM(C83:O83) -> 401979.6 | C83: =HR!Y518 -> 198037.34 | D83: ='Prof Serv'!N555 -> 0 | E83: ='Prof Serv'!N491 -> 0 | F83: =Travel!P427 -> 2000 | G83: ='Other Operating Expenses'!N690 -> 694.91 | H83: =Supplies!N347 -> 500 | I83: ='Prof Serv'!N427 -> 0 | J83: 0 | K83: 0 | L83: 0 | M83: =HR!N518*'Total Expenses'!$M$73 -> 28052.624 | N83: =21.11*X83 -> 0 | O83: =(SUM(C83:I83)-SUM(M83:N83))*99.72% -> 172694.73 | P83: =Revenues!Y41+Revenues!Y42+Revenues!Y43-B83 -> -265675.58 | X83: =61-61 -> 0 | Y83: 0.0208 | AA83: =B83 -> 401979.6
A84: Gustav/Ike Parish Affordable Rental Pgm | B84: =SUM(C84:O84) -> 70603.134 | C84: =HR!Y519 -> 35344.253 | D84: ='Prof Serv'!N556 -> 0 | E84: ='Prof Serv'!N492 -> 0 | F84: =Travel!P428 -> 0 | G84: ='Other Operating Expenses'!N691 -> 0 | H84: =Supplies!N348 -> 0 | I84: ='Prof Serv'!N428 -> 0 | J84: 0 | K84: 0 | L84: 0 | M84: =HR!N519*'Total Expenses'!$M$73 -> 4854.2487 | N84: =21.11*X84 -> 0 | O84: =(SUM(C84:I84)-SUM(M84:N84))*99.72% -> 30404.632 | P84: =0-B84 -> -70603.134 | Y84: 0.0036 | Z84: =(C84*1.47)+D84+E84+F84+G84+H84+I84+J84+K84 -> 51956.052
A85: Gustav/Ike Parish Alloc Hsg Pgms | B85: =SUM(C85:O85) -> 112866.16 | C85: =HR!Y520 -> 56000.206 | D85: ='Prof Serv'!N557 -> 0 | E85: ='Prof Serv'!N493 -> 0 | F85: =Travel!P429 -> 500 | G85: ='Other Operating Expenses'!N692 -> 0 | H85: =Supplies!N349 -> 0 | I85: ='Prof Serv'!N429 -> 0 | J85: 0 | K85: 0 | L85: 0 | M85: =HR!N520*'Total Expenses'!$M$73 -> 8552.2198 | N85: =21.11*X85 -> 0 | O85: =(SUM(C85:I85)-SUM(M85:N85))*99.72% -> 47813.732 | P85: =0-B85 -> -112866.16 | Y85: 0.0076 | Z85: =(C85*1.47)+D85+E85+F85+G85+H85+I85+J85+K85 -> 82820.303
A86: Gustav/Ike Parish Alloc Pgm/Homelessness Prevention | B86: =SUM(C86:O86) -> 135380.76 | C86: =HR!Y521 -> 67770.331 | D86: ='Prof Serv'!N558 -> 0 | E86: ='Prof Serv'!N494 -> 0 | F86: =Travel!P430 -> 0 | G86: ='Other Operating Expenses'!N693 -> 0 | H86: =Supplies!N350 -> 0 | I86: ='Prof Serv'!N430 -> 0 | J86: 0 | K86: 0 | L86: 0 | M86: =HR!N521*'Total Expenses'!$M$73 -> 10660.622 | N86: =21.11*X86 -> 0 | O86: =(SUM(C86:I86)-SUM(M86:N86))*99.72% -> 56949.802 | P86: =Revenues!Y129-B86 -> -68640.755 | Y86: 0.0015 | Z86: =(C86*1.47)+D86+E86+F86+G86+H86+I86+J86+K86 -> 99622.387
A87: Gustav/Ike Piggyback Pgm | B87: =SUM(C87:O87) -> 88038.425 | C87: =HR!Y522 -> 41070.991 | D87: ='Prof Serv'!N559 -> 0 | E87: ='Prof Serv'!N495 -> 0 | F87: =Travel!P431 -> 3000 | G87: ='Other Operating Expenses'!N694 -> 0 | H87: =Supplies!N351 -> 0 | I87: ='Prof Serv'!N431 -> 0 | J87: 0 | K87: 0 | L87: 0 | M87: =HR!N522*'Total Expenses'!$M$73 -> 7086.0552 | N87: =21.11*X87 -> 0 | O87: =(SUM(C87:I87)-SUM(M87:N87))*99.72% -> 36881.378 | P87: =0-B87 -> -88038.425 | Y87: 0.0007 | Z87: =(C87*1.47)+D87+E87+F87+G87+H87+I87+J87+K87 -> 63374.357
A88: Gustav/Ike Public/Supportive Housing | B88: =SUM(C88:O88) -> 0 | C88: =HR!Y523 -> 0 | D88: ='Prof Serv'!N560 -> 0 | E88: ='Prof Serv'!N496 -> 0 | F88: =Travel!P432 -> 0 | G88: ='Other Operating Expenses'!N695 -> 0 | H88: =Supplies!N352 -> 0 | I88: ='Prof Serv'!N432 -> 0 | J88: 0 | K88: 0 | L88: 0 | M88: =HR!N523*'Total Expenses'!$M$73 -> 0 | N88: =21.11*X88 -> 0 | O88: =(SUM(C88:I88)-SUM(M88:N88))*99.72% -> 0 | P88: =Revenues!Y130-B88 -> 338157.04 | Y88: 0.0005 | AA88: =B88 -> 0
A89: Gustav/Ike Soft Seconds | B89: =SUM(C89:O89) -> 56301.015 | C89: =HR!Y524 -> 28183.157 | D89: ='Prof Serv'!N561 -> 0 | E89: ='Prof Serv'!N497 -> 0 | F89: =Travel!P433 -> 0 | G89: ='Other Operating Expenses'!N696 -> 0 | H89: =Supplies!N353 -> 0 | I89: ='Prof Serv'!N433 -> 0 | J89: 0 | K89: 0 | L89: 0 | M89: =HR!N524*'Total Expenses'!$M$73 -> 4862.4929 | N89: =21.11*X89 -> 0 | O89: =(SUM(C89:I89)-SUM(M89:N89))*99.72% -> 23255.366 | P89: =0-B89 -> -56301.015 | Y89: 0 | Z89: =(C89*1.47)+D89+E89+F89+G89+H89+I89+J89+K89 -> 41429.24
A90: Gustav/Ike State Affordable Rental Pgm | B90: =SUM(C90:O90) -> 90017.426 | C90: =HR!Y525 -> 45060.914 | D90: ='Prof Serv'!N562 -> 0 | E90: ='Prof Serv'!N498 -> 0 | F90: =Travel!P434 -> 0 | G90: ='Other Operating Expenses'!N697 -> 0 | H90: =Supplies!N354 -> 0 | I90: ='Prof Serv'!N434 -> 0 | J90: 0 | K90: 0 | L90: 0 | M90: =HR!N525*'Total Expenses'!$M$73 -> 7774.444 | N90: =21.11*X90 -> 0 | O90: =(SUM(C90:I90)-SUM(M90:N90))*99.72% -> 37182.068 | P90: =0-B90 -> -90017.426 | Y90: 0.0026 | Z90: =(C90*1.47)+D90+E90+F90+G90+H90+I90+J90+K90 -> 66239.544
A91: HOME Pgm | B91: =SUM(C91:O91) -> 1901565.4 | C91: =HR!Y526 -> 865921.32 | D91: ='Prof Serv'!N563 -> 3500 | E91: ='Prof Serv'!N499 -> 0 | F91: =Travel!P435 -> 6805 | G91: ='Other Operating Expenses'!N698 -> 6241.5 | H91: =Supplies!N355 -> 1950 | I91: ='Prof Serv'!N435 -> 67500 | J91: 0 | K91: 0 | L91: 0 | M91: =HR!N526*'Total Expenses'!$M$73 -> 141108.22 | N91: =21.11*X91 -> 0 | O91: =(SUM(C91:I91)-SUM(M91:N91))*99.72% -> 808539.33 | P91: =Revenues!Y20+Revenues!Y21+Revenues!Y22+Revenues!Y23+Revenues!Y32+Revenues!Y33-B91 -> -1087744.4 | X91: =479-479 -> 0 | Y91: 0.0981 | AA91: =B91 -> 1901565.4
A92: HOME Tenant-Based Rental Assistance Pgm | B92: =SUM(C92:O92) -> 77480.581 | C92: =HR!Y527 -> 38786.965 | D92: ='Prof Serv'!N564 -> 0 | E92: ='Prof Serv'!N500 -> 0 | F92: =Travel!P436 -> 0 | G92: ='Other Operating Expenses'!N699 -> 0 | H92: =Supplies!N356 -> 0 | I92: ='Prof Serv'!N436 -> 0 | J92: 0 | K92: 0 | L92: 0 | M92: =HR!N527*'Total Expenses'!$M$73 -> 5448.2262 | N92: =21.11*X92 -> 0 | O92: =(SUM(C92:I92)-SUM(M92:N92))*99.72% -> 33245.39 | P92: =0-B92 -> -77480.581 | Y92: 0.0054 | AA92: =B92 -> 77480.581
A93: Homebuyer Education (Classes - Gen Fund) | B93: =SUM(C93:O93) -> 0 | C93: =HR!Y528 -> 0 | D93: ='Prof Serv'!N565 -> 0 | E93: ='Prof Serv'!N501 -> 0 | F93: =Travel!P437 -> 0 | G93: ='Other Operating Expenses'!N700 -> 0 | H93: =Supplies!N357 -> 0 | I93: ='Prof Serv'!N437 -> 0 | J93: 0 | K93: 0 | L93: 0 | M93: =HR!N528*'Total Expenses'!$M$73 -> 0 | N93: =21.11*X93 -> 0 | O93: =(SUM(C93:I93)-SUM(M93:N93))*99.72% -> 0 | P93: =0-B93 -> 0 | Y93: 0.0025 | AA93: =B93 -> 0
A94: HUD Disposition - Gaslight/Village de Jardin | B94: =SUM(C94:O94) -> 54091.525 | C94: =HR!Y529 -> 26257.308 | D94: ='Prof Serv'!N566 -> 0 | E94: ='Prof Serv'!N502 -> 0 | F94: =Travel!P438 -> 0 | G94: ='Other Operating Expenses'!N701 -> 820.02 | H94: =Supplies!N358 -> 0 | I94: ='Prof Serv'!N438 -> 0 | J94: 0 | K94: 0 | L94: 0 | M94: =HR!N529*'Total Expenses'!$M$73 -> 4530.2227 | N94: =21.11*X94 -> 0 | O94: =(SUM(C94:I94)-SUM(M94:N94))*99.72% -> 22483.974 | P94: =Revenues!Y37-B94 -> 476020.47 | Y94: 0.0012 | AA94: =B94 -> 54091.525
A95: HUD Disposition - Willowbrook | B95: =SUM(C95:O95) -> 54091.505 | C95: =HR!Y530 -> 26257.308 | D95: ='Prof Serv'!N567 -> 0 | E95: ='Prof Serv'!N503 -> 0 | F95: =Travel!P439 -> 0 | G95: ='Other Operating Expenses'!N702 -> 820.01 | H95: =Supplies!N359 -> 0 | I95: ='Prof Serv'!N439 -> 0 | J95: 0 | K95: 0 | L95: 0 | M95: =HR!N530*'Total Expenses'!$M$73 -> 4530.2227 | N95: =21.11*X95 -> 0 | O95: =(SUM(C95:I95)-SUM(M95:N95))*99.72% -> 22483.964 | P95: =Revenues!Y38-B95 -> 1370912.5 | Y95: 0.0009 | AA95: =B95 -> 54091.505
A96: HUD Hsg Counseling Pgm | B96: =SUM(C96:O96) -> 204112.34 | C96: =HR!Y531 -> 101377.3 | D96: ='Prof Serv'!N568 -> 0 | E96: ='Prof Serv'!N504 -> 0 | F96: =Travel!P440 -> 0 | G96: ='Other Operating Expenses'!N703 -> 800 | H96: =Supplies!N360 -> 0 | I96: ='Prof Serv'!N440 -> 0 | J96: 0 | K96: 0 | L96: 0 | M96: =HR!N531*'Total Expenses'!$M$73 -> 15658.195 | N96: =21.11*X96 -> 0 | O96: =(SUM(C96:I96)-SUM(M96:N96))*99.72% -> 86276.848 | P96: =Revenues!Y107+Revenues!Y108-B96 -> -154112.34 | Y96: 0.0078 | AA96: =B96 -> 204112.34
A97: Isaac Hazard Mitigation | B97: =SUM(C97:O97) -> 74234.007 | C97: =HR!Y532 -> 37161.489 | D97: ='Prof Serv'!N569 -> 0 | E97: ='Prof Serv'!N505 -> 0 | F97: =Travel!P441 -> 0 | G97: ='Other Operating Expenses'!N704 -> 0 | H97: =Supplies!N361 -> 0 | I97: ='Prof Serv'!N441 -> 0 | J97: 0 | K97: 0 | L97: 0 | M97: =HR!N532*'Total Expenses'!$M$73 -> 5386.0396 | N97: =21.11*X97 -> 0 | O97: =(SUM(C97:I97)-SUM(M97:N97))*99.72% -> 31686.478 | P97: =Revenues!Y132-B97 -> 152925.99 | Y97: 0.0017 | Z97: =(C97*1.47)+D97+E97+F97+G97+H97+I97+J97+K97 -> 54627.389
A98: Isaac Homeowner Repair Program | B98: =SUM(C98:O98) -> 222928.04 | C98: =HR!Y533 -> 89998.521 | D98: ='Prof Serv'!N570 -> 18300 | E98: ='Prof Serv'!N506 -> 0 | F98: =Travel!P442 -> 3000 | G98: ='Other Operating Expenses'!N705 -> 100 | H98: =Supplies!N362 -> 200 | I98: ='Prof Serv'!N442 -> 0 | J98: 0 | K98: 0 | L98: 0 | M98: =HR!N533*'Total Expenses'!$M$73 -> 15527.614 | N98: =21.11*X98 -> 0 | O98: =(SUM(C98:I98)-SUM(M98:N98))*99.72% -> 95801.908 | P98: =Revenues!Y137-B98 -> -69830.043 | Y98: 0 | Z98: =(C98*1.47)+D98+E98+F98+G98+H98+I98+J98+K98 -> 153897.83
A99: Isaac Plaq Homeowner Asst Pgm | B99: =SUM(C99:O99) -> 34988.638 | C99: =HR!Y534 -> 17514.609 | D99: ='Prof Serv'!N571 -> 0 | E99: ='Prof Serv'!N507 -> 0 | F99: =Travel!P443 -> 0 | G99: ='Other Operating Expenses'!N706 -> 0 | H99: =Supplies!N363 -> 0 | I99: ='Prof Serv'!N443 -> 0 | J99: 0 | K99: 0 | L99: 0 | M99: =HR!N534*'Total Expenses'!$M$73 -> 3021.8284 | N99: =21.11*X99 -> 0 | O99: =(SUM(C99:I99)-SUM(M99:N99))*99.72% -> 14452.201 | P99: =0-B99 -> -34988.638 | Y99: 0.0012 | Z99: =(C99*1.47)+D99+E99+F99+G99+H99+I99+J99+K99 -> 25746.475
A100: Isaac St. John 1st Time Homebuyer Pgm (formerly Homeowner Asst Pgm) | B100: =SUM(C100:O100) -> 74304.668 | C100: =HR!Y535 -> 37196.703 | D100: ='Prof Serv'!N572 -> 0 | E100: ='Prof Serv'!N508 -> 0 | F100: =Travel!P444 -> 0 | G100: ='Other Operating Expenses'!N707 -> 0 | H100: =Supplies!N364 -> 0 | I100: ='Prof Serv'!N444 -> 0 | J100: 0 | K100: 0 | L100: 0 | M100: =HR!N535*'Total Expenses'!$M$73 -> 5504.4747 | N100: =21.11*X100 -> 0 | O100: =(SUM(C100:I100)-SUM(M100:N100))*99.72% -> 31603.49 | P100: =0-B100 -> -74304.668 | Y100: 0.0005 | Z100: =(C100*1.47)+D100+E100+F100+G100+H100+I100+J100+K100 -> 54679.153
A101: Isaac St. John Demolition & Clearance Pgm | B101: =SUM(C101:O101) -> 27321.613 | C101: =HR!Y536 -> 13676.65 | D101: ='Prof Serv'!N573 -> 0 | E101: ='Prof Serv'!N509 -> 0 | F101: =Travel!P445 -> 0 | G101: ='Other Operating Expenses'!N708 -> 0 | H101: =Supplies!N365 -> 0 | I101: ='Prof Serv'!N445 -> 0 | J101: 0 | K101: 0 | L101: 0 | M101: =HR!N536*'Total Expenses'!$M$73 -> 2359.6581 | N101: =21.11*X101 -> 0 | O101: =(SUM(C101:I101)-SUM(M101:N101))*99.72% -> 11285.305 | P101: =0-B101 -> -27321.613 | Y101: 0.0019 | Z101: =(C101*1.47)+D101+E101+F101+G101+H101+I101+J101+K101 -> 20104.676
A102: Isaac St. John Elevation Pgm | B102: =SUM(C102:O102) -> 27762.956 | C102: =HR!Y537 -> 13897.577 | D102: ='Prof Serv'!N574 -> 0 | E102: ='Prof Serv'!N510 -> 0 | F102: =Travel!P446 -> 0 | G102: ='Other Operating Expenses'!N709 -> 0 | H102: =Supplies!N366 -> 0 | I102: ='Prof Serv'!N446 -> 0 | J102: 0 | K102: 0 | L102: 0 | M102: =HR!N537*'Total Expenses'!$M$73 -> 2397.7751 | N102: =21.11*X102 -> 0 | O102: =(SUM(C102:I102)-SUM(M102:N102))*99.72% -> 11467.603 | P102: =0-B102 -> -27762.956 | Y102: 0.0013 | Z102: =(C102*1.47)+D102+E102+F102+G102+H102+I102+J102+K102 -> 20429.439
A103: Isaac St. John Homeowner Rehab Pgm | B103: =SUM(C103:O103) -> 45961.571 | C103: =HR!Y538 -> 23007.438 | D103: ='Prof Serv'!N575 -> 0 | E103: ='Prof Serv'!N511 -> 0 | F103: =Travel!P447 -> 0 | G103: ='Other Operating Expenses'!N710 -> 0 | H103: =Supplies!N367 -> 0 | I103: ='Prof Serv'!N447 -> 0 | J103: 0 | K103: 0 | L103: 0 | M103: =HR!N538*'Total Expenses'!$M$73 -> 3969.5165 | N103: =21.11*X103 -> 0 | O103: =(SUM(C103:I103)-SUM(M103:N103))*99.72% -> 18984.616 | P103: =0-B103 -> -45961.571 | Y103: 0.0019 | Z103: =(C103*1.47)+D103+E103+F103+G103+H103+I103+J103+K103 -> 33820.934
A104: Isaac St. John Small Rental Rehab Pgm | B104: =SUM(C104:O104) -> 24127.872 | C104: =HR!Y539 -> 12077.928 | D104: ='Prof Serv'!N576 -> 0 | E104: ='Prof Serv'!N512 -> 0 | F104: =Travel!P448 -> 0 | G104: ='Other Operating Expenses'!N711 -> 0 | H104: =Supplies!N368 -> 0 | I104: ='Prof Serv'!N448 -> 0 | J104: 0 | K104: 0 | L104: 0 | M104: =HR!N539*'Total Expenses'!$M$73 -> 2083.8276 | N104: =21.11*X104 -> 0 | O104: =(SUM(C104:I104)-SUM(M104:N104))*99.72% -> 9966.1169 | P104: =0-B104 -> -24127.872 | Y104: 0.0016 | Z104: =(C104*1.47)+D104+E104+F104+G104+H104+I104+J104+K104 -> 17754.554
A105: Kat/Rita 1st Time Homebuyer Pgm | B105: =SUM(C105:O105) -> 177225.34 | C105: =HR!Y540 -> 88488.586 | D105: ='Prof Serv'!N577 -> 0 | E105: ='Prof Serv'!N513 -> 0 | F105: =Travel!P449 -> 0 | G105: ='Other Operating Expenses'!N712 -> 232.97 | H105: =Supplies!N369 -> 0 | I105: ='Prof Serv'!N449 -> 0 | J105: 0 | K105: 0 | L105: 0 | M105: =HR!N540*'Total Expenses'!$M$73 -> 10944.599 | N105: =21.11*X105 -> 0 | O105: =(SUM(C105:I105)-SUM(M105:N105))*99.72% -> 77559.182 | P105: =0-B105 -> -177225.34 | Y105: 0.0179 | Z105: =(C105*1.47)+D105+E105+F105+G105+H105+I105+J105+K105 -> 130311.19
A106: Kat/Rita Homelessness Supports & Hsg Pgm | B106: =SUM(C106:O106) -> 91880.254 | C106: =HR!Y541 -> 44493.771 | D106: ='Prof Serv'!N578 -> 0 | E106: ='Prof Serv'!N514 -> 0 | F106: =Travel!P450 -> 1500 | G106: ='Other Operating Expenses'!N713 -> 0 | H106: =Supplies!N370 -> 0 | I106: ='Prof Serv'!N450 -> 0 | J106: 0 | K106: 0 | L106: 0 | M106: =HR!N541*'Total Expenses'!$M$73 -> 7676.5938 | N106: =21.11*X106 -> 0 | O106: =(SUM(C106:I106)-SUM(M106:N106))*99.72% -> 38209.889 | P106: =Revenues!Y125+Revenues!Y126-B106 -> 246024.25 | Y106: 0.0044 | Z106: =(C106*1.47)+D106+E106+F106+G106+H106+I106+J106+K106 -> 66905.843
A107: Kat/Rita Hsg Dev Loan Fund | B107: =SUM(C107:O107) -> 6843.5828 | C107: =HR!Y542 -> 3425.76 | D107: ='Prof Serv'!N579 -> 0 | E107: ='Prof Serv'!N515 -> 0 | F107: =Travel!P451 -> 0 | G107: ='Other Operating Expenses'!N714 -> 0 | H107: =Supplies!N371 -> 0 | I107: ='Prof Serv'!N451 -> 0 | J107: 0 | K107: 0 | L107: 0 | M107: =HR!N542*'Total Expenses'!$M$73 -> 591.0528 | N107: =21.11*X107 -> 0 | O107: =(SUM(C107:I107)-SUM(M107:N107))*99.72% -> 2826.77 | P107: =0-B107 -> -6843.5828 | Y107: 0 | Z107: =(C107*1.47)+D107+E107+F107+G107+H107+I107+J107+K107 -> 5035.8672
A108: Kat/Rita Land Assembly Operations | B108: =SUM(C108:O108) -> 6843.5828 | C108: =HR!Y543 -> 3425.76 | D108: ='Prof Serv'!N580 -> 0 | E108: ='Prof Serv'!N516 -> 0 | F108: =Travel!P452 -> 0 | G108: ='Other Operating Expenses'!N715 -> 0 | H108: =Supplies!N372 -> 0 | I108: ='Prof Serv'!N452 -> 0 | J108: 0 | K108: 0 | L108: 0 | M108: =HR!N543*'Total Expenses'!$M$73 -> 591.0528 | N108: =21.11*X108 -> 0 | O108: =(SUM(C108:I108)-SUM(M108:N108))*99.72% -> 2826.77 | P108: =0-B108 -> -6843.5828 | Y108: 0 | Z108: =(C108*1.47)+D108+E108+F108+G108+H108+I108+J108+K108 -> 5035.8672
...

Sheet HR
C1: HUMAN RESOURCES
I2: FTE's | Y2: Inc/(Decr)
C3: Total FY 2017 Request | H3: =H4+H11+H14+H15+H16+H19+H22+H23+H24+H25 -> 10391631 | I3: =I4+I11+I14+I15+I16+I19+I22+I23+I24+I25 -> 110 | J3: =H3-V463 -> 0 | Y3: =Y4+Y11+Y14+Y15+Y16+Y19+Y22+Y23+Y24+Y25 -> 3
C4: Administration | H4: =SUM(H5:H10) -> 2507480.2 | I4: =SUM(I5:I10) -> 29 | Y4: =SUM(Y5:Y10) -> 0
C5: Accounting | H5: =Y464 -> 1234440.8 | I5: 12 | Y5: 0
C6: Communications/Public Affairs | H6: =Y466 -> 193316.57 | I6: 2 | Y6: 0
C7: Human Resources | H7: =Y472 -> 119844.5 | I7: 2 | Y7: 0
C8: Information Technology | H8: =Y473 -> 518616.06 | I8: 6 | Y8: 0
C9: Operations Admin/Facilities & Fleet Mgt | H9: =Y477 -> 441262.28 | I9: =5+2 -> 7 | Y9: 2
C10: Policy & Reporting | H10: =Y479 -> 0 | I10: =C479 -> 0 | Y10: -2
C11: Asset Management | H11: =SUM(H12:H13) -> 856637.16 | I11: =SUM(I12:I13) -> 10 | Y11: =SUM(Y12:Y13) -> 1
C12: Compliance Monitoring/Env Reviews | H12: =Y467 -> 561873.04 | I12: =6+1 -> 7 | Y12: 1
C13: Desk Monitoring | H13: =Y468 -> 294764.12 | I13: 3 | Y13: 0
C14: Disaster Housing | H14: =Y469 -> 640535.85 | I14: 7 | Y14: 0
C15: Energy Assistance | H15: =Y470 -> 766729.3 | I15: 9 | Y15: 0
C16: Executive | H16: =SUM(H17:H18) -> 1197111.6 | I16: =SUM(I17:I18) -> 5 | Y16: =SUM(Y17:Y18) -> 0
C17: Board | H17: =Y465 -> 9688.5 | I17: =C465-10 -> 0 | Y17: 0
C18: Executive Staff | H18: =Y471 -> 1187423.1 | I18: 5 | Y18: 0
C19: Housing Production | H19: =SUM(H20:H21) -> 1455650.9 | I19: =SUM(I20:I21) -> 17 | Y19: =SUM(Y20:Y21) -> 2
C20: Rental Production | H20: =Y480 -> 957911.4 | I20: =10+1 -> 11 | Y20: 1
C21: Single Family Production | H21: =Y481 -> 497739.47 | I21: =5+1 -> 6 | Y21: 1
C22: Internal Audit | H22: =Y474 -> 439805.38 | I22: 4 | Y22: 0
C23: Legal | H23: =Y475 -> 576062.23 | I23: 5 | Y23: 0
C24: LHA | H24: =Y476 -> 1360620.9 | I24: 16 | Y24: 0
C25: Performance-Based Sect 8 Contract Administration | H25: =Y478 -> 590997.14 | I25: 8 | Y25: 0
P27: 0.358 | Q27: 0.0145 | R27: 0.062 | S27: =S463/N463 -> 0.10718265 | T27: =T463/N463 -> 0.0070313695 | U27: =U463/N463 -> 0.0031126497 | X27: 0.005
A28: EE No. | B28: Position No. | C28: Employee Name | D28: CS Level | E28: Position/Title | F28: Classified or Unclassified | G28: Type of Appt | H28: Level of Funding | I28: Budget Unit | J28: Funding Source | K28: Hourly Rate of Pay | L28: 6112 Regular Hours | M28: 6114 Overtime Hours | N28: Annual Rate of Pay | O28: 6116 Termination Pay | P28: 6132 LASERS Retirement | Q28: 6142 Medicare | R28: 6142 Social Security | S28: 6152 Health Insurance & HSA Contributions | T28: 6152 Dental Insurance | U28: 6152 Life Insurance | V28: Fully Loaded Salary | W28: 6165 Pension Liability Expense | X28: 6365 Unemployment Expense | Y28: Total Human Resource Expense
A29: 285282 | C29: Ackoury, Evelyn D. | D29: 615 | E29: Admin Prog Spec C | F29: Classified | G29: Permanent | H29: 0 | I29: Executive Staff | J29: Shared - General Fund | K29: 24.81 | L29: 2080 | N29: =IF(H29="1",(L29*K29)+(M29*K29),0) -> 0 | P29: =(N29-(M29*K29))*$P$27 -> 0 | Q29: =N29*$Q$27 -> 0 | R29: =0*$R$27 -> 0 | S29: =IF(H29="1",3242.52*2,0) -> 0 | T29: =IF(H29="1",276.36*2,0) -> 0 | U29: =IF(H29="1",162*2,0) -> 0 | V29: =SUM(N29:U29) -> 0 | W29: =IF(P29<>"",V29*$W$27,0) -> 0 | Y29: =X29+W29+V29 -> 0
A30: 162837 | C30: Ampim, John | D30: 314 | E30: IT Appl Project Leader | F30: Classified | G30: Permanent | H30: 1 | I30: Information Technology | J30: Shared - General Fund | K30: 35.1 | L30: 2080 | N30: =IF(H30="1",(L30*K30)+(M30*K30),0) -> 73008 | P30: =(N30-(M30*K30))*$P$27 -> 26136.864 | Q30: =N30*$Q$27 -> 1058.616 | R30: =0*$R$27 -> 0 | S30: =IF(H30="1",2828.52*2,0) -> 5657.04 | T30: =IF(H30="1",154.92*2,0) -> 309.84 | U30: 0 | V30: =SUM(N30:U30) -> 106170.36 | W30: =IF(P30<>"",V30*$W$27,0) -> 0 | Y30: =X30+W30+V30 -> 106170.36
A31: 182598 | C31: Anderson, Kip | D31: 618 | E31: Accountant Mgr 1 | F31: Classified | G31: Permanent | H31: 1 | I31: Accounting/Budget/Finance | J31: Performance-Based S8 Contract Administration | K31: =35.63*7.5% -> 2.67225 | L31: 2080 | N31: =IF(H31="1",(L31*K31)+(M31*K31),0) -> 5558.28 | P31: =(N31-(M31*K31))*$P$27 -> 1989.8642 | Q31: =N31*$Q$27 -> 80.59506 | R31: =0*$R$27 -> 0 | S31: =IF(H31="1",5166.6*2,0) -> 10333.2 | T31: =IF(H31="1",527.28*2,0) -> 1054.56 | U31: =IF(H31="1",162*2,0) -> 324 | V31: =SUM(N31:U31) -> 19340.499 | W31: =IF(P31<>"",V31*$W$27,0) -> 0 | Y31: =X31+W31+V31 -> 19340.499
C32: Anderson, Kip | D32: 618 | E32: Accountant Mgr 1 | F32: Classified | G32: Permanent | H32: 1 | I32: Accounting/Budget/Finance | J32: Shared - General Fund | K32: =35.63*55.5% -> 19.77465 | L32: 2080 | N32: =IF(H32="1",(L32*K32)+(M32*K32),0) -> 41131.272 | P32: =(N32-(M32*K32))*$P$27 -> 14724.995 | Q32: =N32*$Q$27 -> 596.40344 | R32: =0*$R$27 -> 0 | V32: =SUM(N32:U32) -> 56452.671 | W32: =IF(P32<>"",V32*$W$27,0) -> 0 | Y32: =X32+W32+V32 -> 56452.671
C33: Anderson, Kip | D33: 618 | E33: Accountant Mgr 1 | F33: Classified | G33: Permanent | H33: 1 | I33: Accounting/Budget/Finance | J33: Section 811 Supportive Hsg Pgm | K33: =35.63*2% -> 0.7126 | L33: 2080 | N33: =IF(H33="1",(L33*K33)+(M33*K33),0) -> 1482.208 | P33: =(N33-(M33*K33))*$P$27 -> 530.63046 | Q33: =N33*$Q$27 -> 21.492016 | R33: =0*$R$27 -> 0 | V33: =SUM(N33:U33) -> 2034.3305 | W33: =IF(P33<>"",V33*$W$27,0) -> 0 | Y33: =X33+W33+V33 -> 2034.3305
C34: Anderson, Kip | D34: 618 | E34: Accountant Mgr 1 | F34: Classified | G34: Permanent | H34: 1 | I34: Accounting/Budget/Finance | J34: Kat/Rita STARS Contam Drywall Project Delivery | K34: =35.63*2.5% -> 0.89075 | L34: 2080 | N34: =IF(H34="1",(L34*K34)+(M34*K34),0) -> 1852.76 | P34: =(N34-(M34*K34))*$P$27 -> 663.28808 | Q34: =N34*$Q$27 -> 26.86502 | R34: =0*$R$27 -> 0 | V34: =SUM(N34:U34) -> 2542.9131 | W34: =IF(P34<>"",V34*$W$27,0) -> 0 | Y34: =X34+W34+V34 -> 2542.9131
C35: Anderson, Kip | D35: 618 | E35: Accountant Mgr 1 | F35: Classified | G35: Permanent | H35: 1 | I35: Accounting/Budget/Finance | J35: ESG Shelter Program | K35: =35.63*5% -> 1.7815 | L35: 2080 | N35: =IF(H35="1",(L35*K35)+(M35*K35),0) -> 3705.52 | P35: =(N35-(M35*K35))*$P$27 -> 1326.5762 | Q35: =N35*$Q$27 -> 53.73004 | R35: =0*$R$27 -> 0 | V35: =SUM(N35:U35) -> 5085.8262 | W35: =IF(P35<>"",V35*$W$27,0) -> 0 | Y35: =X35+W35+V35 -> 5085.8262
C36: Anderson, Kip | D36: 618 | E36: Accountant Mgr 1 | F36: Classified | G36: Permanent | H36: 1 | I36: Accounting/Budget/Finance | J36: Isaac Homeowner Repair Program | K36: =35.63*7.5% -> 2.67225 | L36: 2080 | N36: =IF(H36="1",(L36*K36)+(M36*K36),0) -> 5558.28 | P36: =(N36-(M36*K36))*$P$27 -> 1989.8642 | Q36: =N36*$Q$27 -> 80.59506 | R36: =0*$R$27 -> 0 | V36: =SUM(N36:U36) -> 7628.7393 | W36: =IF(P36<>"",V36*$W$27,0) -> 0 | Y36: =X36+W36+V36 -> 7628.7393
C37: Anderson, Kip | D37: 618 | E37: Accountant Mgr 1 | F37: Classified | G37: Permanent | H37: 1 | I37: Accounting/Budget/Finance | J37: Kat/Rita NRPP Rd 1 & Rd 3 (formerly ALL NRPP) | K37: =35.63*10% -> 3.563 | L37: 2080 | N37: =IF(H37="1",(L37*K37)+(M37*K37),0) -> 7411.04 | P37: =(N37-(M37*K37))*$P$27 -> 2653.1523 | Q37: =N37*$Q$27 -> 107.46008 | R37: =0*$R$27 -> 0 | V37: =SUM(N37:U37) -> 10171.652 | W37: =IF(P37<>"",V37*$W$27,0) -> 0 | Y37: =X37+W37+V37 -> 10171.652
C38: Anderson, Kip | D38: 618 | E38: Accountant Mgr 1 | F38: Classified | G38: Permanent | H38: 1 | I38: Accounting/Budget/Finance | J38: Kat/Rita NRPP Plaquemines | K38: =35.63*7.5% -> 2.67225 | L38: 2080 | N38: =IF(H38="1",(L38*K38)+(M38*K38),0) -> 5558.28 | P38: =(N38-(M38*K38))*$P$27 -> 1989.8642 | Q38: =N38*$Q$27 -> 80.59506 | R38: =0*$R$27 -> 0 | V38: =SUM(N38:U38) -> 7628.7393 | W38: =IF(P38<>"",V38*$W$27,0) -> 0 | Y38: =X38+W38+V38 -> 7628.7393
C39: Anderson, Kip | D39: 618 | E39: Accountant Mgr 1 | F39: Classified | G39: Permanent | H39: 1 | I39: Accounting/Budget/Finance | J39: HUD Hsg Counseling Pgm | K39: =35.63*2.5% -> 0.89075 | L39: 2080 | N39: =IF(H39="1",(L39*K39)+(M39*K39),0) -> 1852.76 | P39: =(N39-(M39*K39))*$P$27 -> 663.28808 | Q39: =N39*$Q$27 -> 26.86502 | R39: =0*$R$27 -> 0 | V39: =SUM(N39:U39) -> 2542.9131 | W39: =IF(P39<>"",V39*$W$27,0) -> 0 | Y39: =X39+W39+V39 -> 2542.9131
A40: 189794 | C40: Anderson, Mike | D40: UNCL | E40: Board Member | F40: Unclassified | G40: Statutory Appointment | H40: 1 | I40: Board of Directors | J40: Admin Exp - Unallocable - General Fund | K40: 50 | L40: 18 | N40: =IF(H40="1",(L40*K40)+(M40*K40),0) -> 900 | P40: =(N40-(M40*K40))*0 -> 0 | Q40: =N40*$Q$27 -> 13.05 | R40: =N40*$R$27 -> 55.8 | S40: 0 | T40: 0 | U40: 0 | V40: =SUM(N40:U40) -> 968.85 | W40: =IF(P40<>"",V40*$W$27,0) -> 0 | Y40: =X40+W40+V40 -> 968.85
A41: 126742 | C41: Andrews, Rene T | D41: 613 | E41: Hsg Finance Spec 3 | F41: Classified | G41: Permanent | H41: 1 | I41: Louisiana Housing Authority | J41: Project-Based Section 8 Voucher Pgm | K41: =23.74*95% -> 22.553 | L41: 2080 | N41: =IF(H41="1",(L41*K41)+(M41*K41),0) -> 46910.24 | P41: =(N41-(M41*K41))*$P$27 -> 16793.866 | Q41: =N41*$Q$27 -> 680.19848 | R41: =0*$R$27 -> 0 | S41: =IF(H41="1",3242.52*2,0) -> 6485.04 | T41: =IF(H41="1",361.92*2,0) -> 723.84 | U41: =IF(H41="1",162*2,0) -> 324 | V41: =SUM(N41:U41) -> 71917.184 | W41: =IF(P41<>"",V41*$W$27,0) -> 0 | Y41: =X41+W41+V41 -> 71917.184
C42: Andrews, Rene T | D42: 613 | E42: Hsg Finance Spec 3 | F42: Classified | G42: Permanent | H42: 1 | I42: Louisiana Housing Authority | J42: Continuum of Care | K42: =23.74*5% -> 1.187 | L42: 2080 | N42: =IF(H42="1",(L42*K42)+(M42*K42),0) -> 2468.96 | P42: =(N42-(M42*K42))*$P$27 -> 883.88768 | Q42: =N42*$Q$27 -> 35.79992 | R42: =0*$R$27 -> 0 | V42: =SUM(N42:U42) -> 3388.6476 | W42: =IF(P42<>"",V42*$W$27,0) -> 0 | Y42: =X42+W42+V42 -> 3388.6476
A43: 156749 | C43: Andrews, Sonja M. | D43: 617 | E43: Hsg Finance Supervisor | F43: Classified | G43: Permanent | H43: 1 | I43: Single Family Production (part of Rental Production) | J43: Kat/Rita 1st Time Homebuyer Pgm | K43: =26.95*5% -> 1.3475 | L43: 2080 | N43: =IF(H43="1",(L43*K43)+(M43*K43),0) -> 2802.8 | P43: =(N43-(M43*K43))*$P$27 -> 1003.4024 | Q43: =N43*$Q$27 -> 40.6406 | R43: =0*$R$27 -> 0 | S43: =IF(H43="1",3242.52*2,0) -> 6485.04 | T43: =IF(H43="1",527.28*2,0) -> 1054.56 | U43: 0 | V43: =SUM(N43:U43) -> 11386.443 | W43: =IF(P43<>"",V43*$W$27,0) -> 0 | Y43: =X43+W43+V43 -> 11386.443
C44: Andrews, Sonja M. | D44: 617 | E44: Hsg Finance Supervisor | F44: Classified | G44: Permanent | H44: 1 | I44: Single Family Production (part of Rental Production) | J44: Mortgage Revenue Bonds | K44: =26.95*90% -> 24.255 | L44: 2080 | N44: =IF(H44="1",(L44*K44)+(M44*K44),0) -> 50450.4 | P44: =(N44-(M44*K44))*$P$27 -> 18061.243 | Q44: =N44*$Q$27 -> 731.5308 | R44: =0*$R$27 -> 0 | V44: =SUM(N44:U44) -> 69243.174 | W44: =IF(P44<>"",V44*$W$27,0) -> 0 | Y44: =X44+W44+V44 -> 69243.174
C45: Andrews, Sonja M. | D45: 617 | E45: Hsg Finance Supervisor | F45: Classified | G45: Permanent | H45: 1 | I45: Single Family Production (part of Rental Production) | J45: Gustav/Ike Soft Seconds | K45: =26.95*5% -> 1.3475 | L45: 2080 | N45: =IF(H45="1",(L45*K45)+(M45*K45),0) -> 2802.8 | P45: =(N45-(M45*K45))*$P$27 -> 1003.4024 | Q45: =N45*$Q$27 -> 40.6406 | R45: =0*$R$27 -> 0 | V45: =SUM(N45:U45) -> 3846.843 | W45: =IF(P45<>"",V45*$W$27,0) -> 0 | Y45: =X45+W45+V45 -> 3846.843
A46: 217660 | C46: Antoon, Mary | D46: 619 | E46: Hsg Finance Mgr | F46: Classified | G46: Permanent | H46: 1 | I46: Single Family Production (part of Rental Production) | J46: Isaac St. John 1st Time Homebuyer Pgm (formerly Homeowner Asst Pgm) | K46: =32.84*20% -> 6.568 | L46: 2080 | N46: =IF(H46="1",(L46*K46)+(M46*K46),0) -> 13661.44 | P46: =(N46-(M46*K46))*$P$27 -> 4890.7955 | Q46: =N46*$Q$27 -> 198.09088 | R46: =0*$R$27 -> 0 | S46: =IF(H46="1",2357.1*2,0) -> 4714.2 | T46: =IF(H46="1",127.2*2,0) -> 254.4 | U46: =IF(H46="1",162*2,0) -> 324 | V46: =SUM(N46:U46) -> 24042.926 | W46: =IF(P46<>"",V46*$W$27,0) -> 0 | Y46: =X46+W46+V46 -> 24042.926
C47: Antoon, Mary | D47: 619 | E47: Hsg Finance Mgr | F47: Classified | G47: Permanent | H47: 1 | I47: Single Family Production (part of Rental Production) | J47: Kat/Rita 1st Time Homebuyer Pgm | K47: =32.84*10% -> 3.284 | L47: 2080 | N47: =IF(H47="1",(L47*K47)+(M47*K47),0) -> 6830.72 | P47: =(N47-(M47*K47))*$P$27 -> 2445.3978 | Q47: =N47*$Q$27 -> 99.04544 | R47: =0*$R$27 -> 0 | V47: =SUM(N47:U47) -> 9375.1632 | W47: =IF(P47<>"",V47*$W$27,0) -> 0 | Y47: =X47+W47+V47 -> 9375.1632
C48: Antoon, Mary | D48: 619 | E48: Hsg Finance Mgr | F48: Classified | G48: Permanent | H48: 1 | I48: Single Family Production (part of Rental Production) | J48: Mortgage Revenue Bonds | K48: =32.84*60% -> 19.704 | L48: 2080 | N48: =IF(H48="1",(L48*K48)+(M48*K48),0) -> 40984.32 | P48: =(N48-(M48*K48))*$P$27 -> 14672.387 | Q48: =N48*$Q$27 -> 594.27264 | R48: =0*$R$27 -> 0 | V48: =SUM(N48:U48) -> 56250.979 | W48: =IF(P48<>"",V48*$W$27,0) -> 0 | Y48: =X48+W48+V48 -> 56250.979
C49: Antoon, Mary | D49: 619 | E49: Hsg Finance Mgr | F49: Classified | G49: Permanent | H49: 1 | I49: Single Family Production (part of Rental Production) | J49: Gustav/Ike Soft Seconds | K49: =32.84*10% -> 3.284 | L49: 2080 | N49: =IF(H49="1",(L49*K49)+(M49*K49),0) -> 6830.72 | P49: =(N49-(M49*K49))*$P$27 -> 2445.3978 | Q49: =N49*$Q$27 -> 99.04544 | R49: =0*$R$27 -> 0 | V49: =SUM(N49:U49) -> 9375.1632 | W49: =IF(P49<>"",V49*$W$27,0) -> 0 | Y49: =X49+W49+V49 -> 9375.1632
A50: 168678 | C50: Armstead, Desiree | D50: 615 | E50: Hsg Finance Spec 3 | F50: Classified | G50: Permanent | H50: 1 | I50: Rental Production (includes Single Family Production) | J50: HOME Pgm | K50: =21.86*90% -> 19.674 | L50: 2080 | N50: =IF(H50="1",(L50*K50)+(M50*K50),0) -> 40921.92 | P50: =(N50-(M50*K50))*$P$27 -> 14650.047 | Q50: =N50*$Q$27 -> 593.36784 | R50: =0*$R$27 -> 0 | S50: =IF(H50="1",2868.24*2,0) -> 5736.48 | T50: =IF(H50="1",248.4*2,0) -> 496.8 | V50: =SUM(N50:U50) -> 62398.615 | W50: =IF(P50<>"",V50*$W$27,0) -> 0 | Y50: =X50+W50+V50 -> 62398.615
C51: Armstead, Desiree | D51: 615 | E51: Hsg Finance Spec 3 | F51: Classified | G51: Permanent | H51: 1 | I51: Rental Production (includes Single Family Production) | J51: Shared - General Fund | K51: =21.86*10% -> 2.186 | L51: 2080 | N51: =IF(H51="1",(L51*K51)+(M51*K51),0) -> 4546.88 | P51: =(N51-(M51*K51))*$P$27 -> 1627.783 | Q51: =N51*$Q$27 -> 65.92976 | R51: =0*$R$27 -> 0 | V51: =SUM(N51:U51) -> 6240.5928 | W51: =IF(P51<>"",V51*$W$27,0) -> 0 | Y51: =X51+W51+V51 -> 6240.5928
A52: 293810 | C52: Bell, Tanettra | D52: 609 | E52: Admin Coordinator 3 | F52: Classified | G52: Part-time - WAE | H52: 1 | I52: Accounting/Budget/Finance | J52: Shared - General Fund | K52: 12.96 | L52: 1040 | N52: =IF(H52="1",(L52*K52)+(M52*K52),0) -> 13478.4 | P52: 0 | Q52: =N52*$Q$27 -> 195.4368 | R52: =N52*$R$27 -> 835.6608 | S52: 0 | T52: 0 | U52: 0 | V52: =SUM(N52:U52) -> 14509.498 | W52: =IF(P52<>"",V52*$W$27,0) -> 0 | Y52: =X52+W52+V52 -> 14509.498
A53: 270728 | C53: Bergeron, Liza | D53: 619 | E53: Hsg Finance Deputy Admin | F53: Classified | G53: Permanent | H53: 1 | I53: Disaster Housing | J53: Kat/Rita Small Rental Property Pgm | K53: =40.68*50% -> 20.34 | L53: 2080 | N53: =IF(H53="1",(L53*K53)+(M53*K53),0) -> 42307.2 | P53: =(N53-(M53*K53))*$P$27 -> 15145.978 | Q53: =N53*$Q$27 -> 613.4544 | R53: =0*$R$27 -> 0 | S53: =IF(H53="1",((1067.04*2)+775),0) -> 2909.08 | T53: 0 | U53: =IF(H53="1",162*2,0) -> 324 | V53: =SUM(N53:U53) -> 61299.712 | W53: =IF(P53<>"",V53*$W$27,0) -> 0 | Y53: =X53+W53+V53 -> 61299.712
C54: Bergeron, Liza | D54: 619 | E54: Hsg Finance Deputy Admin | F54: Classified | G54: Permanent | H54: 1 | I54: Disaster Housing | J54: Kat/Rita NRPP Plaquemines | K54: =40.68*3.33% -> 1.354644 | L54: 2080 | N54: =IF(H54="1",(L54*K54)+(M54*K54),0) -> 2817.6595 | P54: =(N54-(M54*K54))*$P$27 -> 1008.7221 | Q54: =N54*$Q$27 -> 40.856063 | R54: =0*$R$27 -> 0 | V54: =SUM(N54:U54) -> 3867.2377 | W54: =IF(P54<>"",V54*$W$27,0) -> 0 | Y54: =X54+W54+V54 -> 3867.2377
C55: Bergeron, Liza | D55: 619 | E55: Hsg Finance Deputy Admin | F55: Classified | G55: Permanent | H55: 1 | I55: Disaster Housing | J55: Gustav/Ike Parish Affordable Rental Pgm | K55: =40.68*3.34% -> 1.358712 | L55: 2080 | N55: =IF(H55="1",(L55*K55)+(M55*K55),0) -> 2826.121 | P55: =(N55-(M55*K55))*$P$27 -> 1011.7513 | Q55: =N55*$Q$27 -> 40.978754 | R55: =0*$R$27 -> 0 | V55: =SUM(N55:U55) -> 3878.851 | W55: =IF(P55<>"",V55*$W$27,0) -> 0 | Y55: =X55+W55+V55 -> 3878.851
C56: Bergeron, Liza | D56: 619 | E56: Hsg Finance Deputy Admin | F56: Classified | G56: Permanent | H56: 1 | I56: Disaster Housing | J56: Gustav/Ike State Affordable Rental Pgm | K56: =40.68*3.34% -> 1.358712 | L56: 2080 | N56: =IF(H56="1",(L56*K56)+(M56*K56),0) -> 2826.121 | P56: =(N56-(M56*K56))*$P$27 -> 1011.7513 | Q56: =N56*$Q$27 -> 40.978754 | R56: =0*$R$27 -> 0 | V56: =SUM(N56:U56) -> 3878.851 | W56: =IF(P56<>"",V56*$W$27,0) -> 0 | Y56: =X56+W56+V56 -> 3878.851
C57: Bergeron, Liza | D57: 619 | E57: Hsg Finance Deputy Admin | F57: Classified | G57: Permanent | H57: 1 | I57: Disaster Housing | J57: Gustav/Ike Parish Alloc Hsg Pgms | K57: =40.68*3.34% -> 1.358712 | L57: 2080 | N57: =IF(H57="1",(L57*K57)+(M57*K57),0) -> 2826.121 | P57: =(N57-(M57*K57))*$P$27 -> 1011.7513 | Q57: =N57*$Q$27 -> 40.978754 | R57: =0*$R$27 -> 0 | V57: =SUM(N57:U57) -> 3878.851 | W57: =IF(P57<>"",V57*$W$27,0) -> 0 | Y57: =X57+W57+V57 -> 3878.851
C58: Bergeron, Liza | D58: 619 | E58: Hsg Finance Deputy Admin | F58: Classified | G58: Permanent | H58: 1 | I58: Disaster Housing | J58: Gustav/Ike Piggyback Pgm | K58: =40.68*3.33% -> 1.354644 | L58: 2080 | N58: =IF(H58="1",(L58*K58)+(M58*K58),0) -> 2817.6595 | P58: =(N58-(M58*K58))*$P$27 -> 1008.7221 | Q58: =N58*$Q$27 -> 40.856063 | R58: =0*$R$27 -> 0 | V58: =SUM(N58:U58) -> 3867.2377 | W58: =IF(P58<>"",V58*$W$27,0) -> 0 | Y58: =X58+W58+V58 -> 3867.2377
C59: Bergeron, Liza | D59: 619 | E59: Hsg Finance Deputy Admin | F59: Classified | G59: Permanent | H59: 1 | I59: Disaster Housing | J59: Kat/Rita LIHTC Piggyback Pgm | K59: =40.68*3.33% -> 1.354644 | L59: 2080 | N59: =IF(H59="1",(L59*K59)+(M59*K59),0) -> 2817.6595 | P59: =(N59-(M59*K59))*$P$27 -> 1008.7221 | Q59: =N59*$Q$27 -> 40.856063 | R59: =0*$R$27 -> 0 | V59: =SUM(N59:U59) -> 3867.2377 | W59: =IF(P59<>"",V59*$W$27,0) -> 0 | Y59: =X59+W59+V59 -> 3867.2377
C60: Bergeron, Liza | D60: 619 | E60: Hsg Finance Deputy Admin | F60: Classified | G60: Permanent | H60: 1 | I60: Disaster Housing | J60: Isaac St. John Demolition & Clearance Pgm | K60: =40.68*6.67% -> 2.713356 | L60: 2080 | N60: =IF(H60="1",(L60*K60)+(M60*K60),0) -> 5643.7805 | P60: =(N60-(M60*K60))*$P$27 -> 2020.4734 | Q60: =N60*$Q$27 -> 81.834817 | R60: =0*$R$27 -> 0 | V60: =SUM(N60:U60) -> 7746.0887 | W60: =IF(P60<>"",V60*$W$27,0) -> 0 | Y60: =X60+W60+V60 -> 7746.0887
C61: Bergeron, Liza | D61: 619 | E61: Hsg Finance Deputy Admin | F61: Classified | G61: Permanent | H61: 1 | I61: Disaster Housing | J61: Isaac Hazard Mitigation | K61: =40.68*3.33% -> 1.354644 | L61: 2080 | N61: =IF(H61="1",(L61*K61)+(M61*K61),0) -> 2817.6595 | P61: =(N61-(M61*K61))*$P$27 -> 1008.7221 | Q61: =N61*$Q$27 -> 40.856063 | R61: =0*$R$27 -> 0 | V61: =SUM(N61:U61) -> 3867.2377 | W61: =IF(P61<>"",V61*$W$27,0) -> 0 | Y61: =X61+W61+V61 -> 3867.2377
C62: Bergeron, Liza | D62: 619 | E62: Hsg Finance Deputy Admin | F62: Classified | G62: Permanent | H62: 1 | I62: Disaster Housing | J62: Isaac Plaq Homeowner Asst Pgm | K62: =40.68*3.33% -> 1.354644 | L62: 2080 | N62: =IF(H62="1",(L62*K62)+(M62*K62),0) -> 2817.6595 | P62: =(N62-(M62*K62))*$P$27 -> 1008.7221 | Q62: =N62*$Q$27 -> 40.856063 | R62: =0*$R$27 -> 0 | V62: =SUM(N62:U62) -> 3867.2377 | W62: =IF(P62<>"",V62*$W$27,0) -> 0 | Y62: =X62+W62+V62 -> 3867.2377
C63: Bergeron, Liza | D63: 619 | E63: Hsg Finance Deputy Admin | F63: Classified | G63: Permanent | H63: 1 | I63: Disaster Housing | J63: Isaac St. John Homeowner Rehab Pgm | K63: =40.68*3.34% -> 1.358712 | L63: 2080 | N63: =IF(H63="1",(L63*K63)+(M63*K63),0) -> 2826.121 | P63: =(N63-(M63*K63))*$P$27 -> 1011.7513 | Q63: =N63*$Q$27 -> 40.978754 | R63: =0*$R$27 -> 0 | V63: =SUM(N63:U63) -> 3878.851 | W63: =IF(P63<>"",V63*$W$27,0) -> 0 | Y63: =X63+W63+V63 -> 3878.851
C64: Bergeron, Liza | D64: 619 | E64: Hsg Finance Deputy Admin | F64: Classified | G64: Permanent | H64: 1 | I64: Disaster Housing | J64: Isaac St. John Small Rental Rehab Pgm | K64: =40.68*3.33% -> 1.354644 | L64: 2080 | N64: =IF(H64="1",(L64*K64)+(M64*K64),0) -> 2817.6595 | P64: =(N64-(M64*K64))*$P$27 -> 1008.7221 | Q64: =N64*$Q$27 -> 40.856063 | R64: =0*$R$27 -> 0 | V64: =SUM(N64:U64) -> 3867.2377 | W64: =IF(P64<>"",V64*$W$27,0) -> 0 | Y64: =X64+W64+V64 -> 3867.2377
C65: Bergeron, Liza | D65: 619 | E65: Hsg Finance Deputy Admin | F65: Classified | G65: Permanent | H65: 1 | I65: Disaster Housing | J65: Isaac St. John Elevation Pgm | K65: =40.68*3.33% -> 1.354644 | L65: 2080 | N65: =IF(H65="1",(L65*K65)+(M65*K65),0) -> 2817.6595 | P65: =(N65-(M65*K65))*$P$27 -> 1008.7221 | Q65: =N65*$Q$27 -> 40.856063 | R65: =0*$R$27 -> 0 | V65: =SUM(N65:U65) -> 3867.2377 | W65: =IF(P65<>"",V65*$W$27,0) -> 0 | Y65: =X65+W65+V65 -> 3867.2377
C66: Bergeron, Liza | D66: 619 | E66: Hsg Finance Deputy Admin | F66: Classified | G66: Permanent | H66: 1 | I66: Disaster Housing | J66: Isaac Homeowner Repair Program | K66: =40.68*3.33% -> 1.354644 | L66: 2080 | N66: =IF(H66="1",(L66*K66)+(M66*K66),0) -> 2817.6595 | P66: =(N66-(M66*K66))*$P$27 -> 1008.7221 | Q66: =N66*$Q$27 -> 40.856063 | R66: =0*$R$27 -> 0 | V66: =SUM(N66:U66) -> 3867.2377 | W66: =IF(P66<>"",V66*$W$27,0) -> 0 | Y66: =X66+W66+V66 -> 3867.2377
C67: Bergeron, Liza | D67: 619 | E67: Hsg Finance Deputy Admin | F67: Classified | G67: Permanent | H67: 1 | I67: Disaster Housing | J67: NDRC | K67: =40.68*3.33% -> 1.354644 | L67: 2080 | N67: =IF(H67="1",(L67*K67)+(M67*K67),0) -> 2817.6595 | P67: =(N67-(M67*K67))*$P$27 -> 1008.7221 | Q67: =N67*$Q$27 -> 40.856063 | R67: =0*$R$27 -> 0 | V67: =SUM(N67:U67) -> 3867.2377 | W67: =IF(P67<>"",V67*$W$27,0) -> 0 | Y67: =X67+W67+V67 -> 3867.2377
A68: 286699 | C68: Bertrand, Sterling | D68: 618 | E68: Auditor 4 | F68: Classified | G68: Permanent | H68: 1 | I68: Internal Audit | J68: Shared - General Fund | K68: =32.26*50% -> 16.13 | L68: 2080 | N68: =IF(H68="1",(L68*K68)+(M68*K68),0) -> 33550.4 | P68: =(N68-(M68*K68))*$P$27 -> 12011.043 | Q68: =N68*$Q$27 -> 486.4808 | R68: =0*$R$27 -> 0 | S68: =IF(H68="1",3242.52*2,0) -> 6485.04 | T68: =IF(H68="1",527.28*2,0) -> 1054.56 | U68: 0 | V68: =SUM(N68:U68) -> 53587.524 | W68: =IF(P68<>"",V68*$W$27,0) -> 0 | Y68: =X68+W68+V68 -> 53587.524
C69: Bertrand, Sterling | D69: 618 | E69: Auditor 4 | F69: Classified | G69: Permanent | H69: 1 | I69: Internal Audit | J69: LIHTC | K69: =32.26*20% -> 6.452 | L69: 2080 | N69: =IF(H69="1",(L69*K69)+(M69*K69),0) -> 13420.16 | P69: =(N69-(M69*K69))*$P$27 -> 4804.4173 | Q69: =N69*$Q$27 -> 194.59232 | R69: =0*$R$27 -> 0 | V69: =SUM(N69:U69) -> 18419.17 | W69: =IF(P69<>"",V69*$W$27,0) -> 0 | Y69: =X69+W69+V69 -> 18419.17
C70: Bertrand, Sterling | D70: 618 | E70: Auditor 4 | F70: Classified | G70: Permanent | H70: 1 | I70: Internal Audit | J70: HUD Disposition - Gaslight/Village de Jardin | K70: =32.26*15% -> 4.839 | L70: 2080 | N70: =IF(H70="1",(L70*K70)+(M70*K70),0) -> 10065.12 | P70: =(N70-(M70*K70))*$P$27 -> 3603.313 | Q70: =N70*$Q$27 -> 145.94424 | R70: =0*$R$27 -> 0 | V70: =SUM(N70:U70) -> 13814.377 | W70: =IF(P70<>"",V70*$W$27,0) -> 0 | Y70: =X70+W70+V70 -> 13814.377
C71: Bertrand, Sterling | D71: 618 | E71: Auditor 4 | F71: Classified | G71: Permanent | H71: 1 | I71: Internal Audit | J71: HUD Disposition - Willowbrook | K71: =32.26*15% -> 4.839 | L71: 2080 | N71: =IF(H71="1",(L71*K71)+(M71*K71),0) -> 10065.12 | P71: =(N71-(M71*K71))*$P$27 -> 3603.313 | Q71: =N71*$Q$27 -> 145.94424 | R71: =0*$R$27 -> 0 | V71: =SUM(N71:U71) -> 13814.377 | W71: =IF(P71<>"",V71*$W$27,0) -> 0 | Y71: =X71+W71+V71 -> 13814.377
A72: 33733 | C72: Billingsley, Danae | D72: 615 | E72: Accountant 3 | F72: Classified | G72: Permanent | H72: 1 | I72: Disaster Housing | J72: Gustav/Ike Parish Affordable Rental Pgm | K72: =28.87*25% -> 7.2175 | L72: 2080 | N72: =IF(H72="1",(L72*K72)+(M72*K72),0) -> 15012.4 | P72: =(N72-(M72*K72))*$P$27 -> 5374.4392 | Q72: =N72*$Q$27 -> 217.6798 | R72: =0*$R$27 -> 0 | S72: =IF(H72="1",3242.52*2,0) -> 6485.04 | T72: =IF(H72="1",361.92*2,0) -> 723.84 | U72: 0 | V72: =SUM(N72:U72) -> 27813.399 | W72: =IF(P72<>"",V72*$W$27,0) -> 0 | Y72: =X72+W72+V72 -> 27813.399
C73: Billingsley, Danae | D73: 615 | E73: Accountant 3 | F73: Classified | G73: Permanent | H73: 1 | I73: Disaster Housing | J73: Gustav/Ike Parish Alloc Hsg Pgms | K73: =28.87*25% -> 7.2175 | L73: 2080 | N73: =IF(H73="1",(L73*K73)+(M73*K73),0) -> 15012.4 | P73: =(N73-(M73*K73))*$P$27 -> 5374.4392 | Q73: =N73*$Q$27 -> 217.6798 | R73: =0*$R$27 -> 0 | V73: =SUM(N73:U73) -> 20604.519 | W73: =IF(P73<>"",V73*$W$27,0) -> 0 | Y73: =X73+W73+V73 -> 20604.519
C74: Billingsley, Danae | D74: 615 | E74: Accountant 3 | F74: Classified | G74: Permanent | H74: 1 | I74: Disaster Housing | J74: Gustav/Ike Piggyback Pgm | K74: =28.87*25% -> 7.2175 | L74: 2080 | N74: =IF(H74="1",(L74*K74)+(M74*K74),0) -> 15012.4 | P74: =(N74-(M74*K74))*$P$27 -> 5374.4392 | Q74: =N74*$Q$27 -> 217.6798 | R74: =0*$R$27 -> 0 | V74: =SUM(N74:U74) -> 20604.519 | W74: =IF(P74<>"",V74*$W$27,0) -> 0 | Y74: =X74+W74+V74 -> 20604.519
C75: Billingsley, Danae | D75: 615 | E75: Accountant 3 | F75: Classified | G75: Permanent | H75: 1 | I75: Disaster Housing | J75: Gustav/Ike State Affordable Rental Pgm | K75: =28.87*25% -> 7.2175 | L75: 2080 | N75: =IF(H75="1",(L75*K75)+(M75*K75),0) -> 15012.4 | P75: =(N75-(M75*K75))*$P$27 -> 5374.4392 | Q75: =N75*$Q$27 -> 217.6798 | R75: =0*$R$27 -> 0 | V75: =SUM(N75:U75) -> 20604.519 | W75: =IF(P75<>"",V75*$W$27,0) -> 0 | Y75: =X75+W75+V75 -> 20604.519
A76: 120497 | C76: Boudreaux, Mary J. | D76: 617 | E76: Hsg Finance Supervisor | F76: Classified | G76: Permanent | H76: 1 | I76: Single Family Production (part of Rental Production) | J76: HUD Hsg Counseling Pgm | K76: =29.58*60% -> 17.748 | L76: 2080 | N76: =IF(H76="1",(L76*K76)+(M76*K76),0) -> 36915.84 | P76: =(N76-(M76*K76))*$P$27 -> 13215.871 | Q76: =N76*$Q$27 -> 535.27968 | R76: =0*$R$27 -> 0 | S76: =IF(H76="1",4947.84*2,0) -> 9895.68 | T76: =IF(H76="1",240*2,0) -> 480 | U76: =IF(H76="1",123.12*2,0) -> 246.24 | V76: =SUM(N76:U76) -> 61288.91 | W76: =IF(P76<>"",V76*$W$27,0) -> 0 | Y76: =X76+W76+V76 -> 61288.91
C77: Boudreaux, Mary J. | D77: 617 | E77: Hsg Finance Supervisor | F77: Classified | G77: Permanent | H77: 1 | I77: Single Family Production (part of Rental Production) | J77: Isaac St. John 1st Time Homebuyer Pgm (formerly Homeowner Asst Pgm) | K77: =29.58*15% -> 4.437 | L77: 2080 | N77: =IF(H77="1",(L77*K77)+(M77*K77),0) -> 9228.96 | P77: =(N77-(M77*K77))*$P$27 -> 3303.9677 | Q77: =N77*$Q$27 -> 133.81992 | R77: =0*$R$27 -> 0 | V77: =SUM(N77:U77) -> 12666.748 | W77: =IF(P77<>"",V77*$W$27,0) -> 0 | Y77: =X77+W77+V77 -> 12666.748
C78: Boudreaux, Mary J. | D78: 617 | E78: Hsg Finance Supervisor | F78: Classified | G78: Permanent | H78: 1 | I78: Single Family Production (part of Rental Production) | J78: Mortgage Revenue Bonds | K78: =29.58*25% -> 7.395 | L78: 2080 | N78: =IF(H78="1",(L78*K78)+(M78*K78),0) -> 15381.6 | P78: =(N78-(M78*K78))*$P$27 -> 5506.6128 | Q78: =N78*$Q$27 -> 223.0332 | R78: =0*$R$27 -> 0 | V78: =SUM(N78:U78) -> 21111.246 | W78: =IF(P78<>"",V78*$W$27,0) -> 0 | Y78: =X78+W78+V78 -> 21111.246
A79: 114460 | C79: Brass, Agaha Y. | D79: 314 | E79: Env Impact Mgr 1 | F79: Classified | G79: Permanent | H79: 1 | I79: Compliance/Construction Monitoring/Env Review | J79: HOME Pgm | K79: =39.07*23.08% -> 9.017356 | L79: 2080 | N79: =IF(H79="1",(L79*K79)+(M79*K79),0) -> 18756.1 | P79: =(N79-(M79*K79))*$P$27 -> 6714.684 | Q79: =N79*$Q$27 -> 271.96346 | R79: 0 | S79: =IF(H79="1",3242.52*2,0) -> 6485.04 | T79: =IF(H79="1",276.36*2,0) -> 552.72 | U79: =IF(H79="1",162*2,0) -> 324 | V79: =SUM(N79:U79) -> 33104.508 | W79: =IF(P79<>"",V79*$W$27,0) -> 0 | Y79: =X79+W79+V79 -> 33104.508
C80: Brass, Agaha Y. | D80: 314 | E80: Env Impact Mgr 1 | F80: Classified | G80: Permanent | H80: 1 | I80: Compliance/Construction Monitoring/Env Review | J80: Kat/Rita LIHTC Piggyback Pgm | K80: =39.07*15.38% -> 6.008966 | L80: 2080 | N80: =IF(H80="1",(L80*K80)+(M80*K80),0) -> 12498.649 | P80: =(N80-(M80*K80))*$P$27 -> 4474.5164 | Q80: =N80*$Q$27 -> 181.23041 | R80: 0 | V80: =SUM(N80:U80) -> 17154.396 | W80: =IF(P80<>"",V80*$W$27,0) -> 0 | Y80: =X80+W80+V80 -> 17154.396
C81: Brass, Agaha Y. | D81: 314 | E81: Env Impact Mgr 1 | F81: Classified | G81: Permanent | H81: 1 | I81: Compliance/Construction Monitoring/Env Review | J81: Shared - General Fund | K81: =39.07*11.54% -> 4.508678 | L81: 2080 | N81: =IF(H81="1",(L81*K81)+(M81*K81),0) -> 9378.0502 | P81: =(N81-(M81*K81))*$P$27 -> 3357.342 | Q81: =N81*$Q$27 -> 135.98173 | R81: 0 | V81: =SUM(N81:U81) -> 12871.374 | W81: =IF(P81<>"",V81*$W$27,0) -> 0 | Y81: =X81+W81+V81 -> 12871.374
C82: Brass, Agaha Y. | D82: 314 | E82: Env Impact Mgr 1 | F82: Classified | G82: Permanent | H82: 1 | I82: Compliance/Construction Monitoring/Env Review | J82: Section 811 Supportive Hsg Pgm | K82: =39.07*11.54% -> 4.508678 | L82: 2080 | N82: =IF(H82="1",(L82*K82)+(M82*K82),0) -> 9378.0502 | P82: =(N82-(M82*K82))*$P$27 -> 3357.342 | Q82: =N82*$Q$27 -> 135.98173 | R82: 0 | V82: =SUM(N82:U82) -> 12871.374 | W82: =IF(P82<>"",V82*$W$27,0) -> 0 | Y82: =X82+W82+V82 -> 12871.374
C83: Brass, Agaha Y. | D83: 314 | E83: Env Impact Mgr 1 | F83: Classified | G83: Permanent | H83: 1 | I83: Compliance/Construction Monitoring/Env Review | J83: Project-Based Section 8 Voucher Pgm | K83: =39.07*9.62% -> 3.758534 | L83: 2080 | N83: =IF(H83="1",(L83*K83)+(M83*K83),0) -> 7817.7507 | P83: =(N83-(M83*K83))*$P$27 -> 2798.7548 | Q83: =N83*$Q$27 -> 113.35739 | R83: 0 | V83: =SUM(N83:U83) -> 10729.863 | W83: =IF(P83<>"",V83*$W$27,0) -> 0 | Y83: =X83+W83+V83 -> 10729.863
C84: Brass, Agaha Y. | D84: 314 | E84: Env Impact Mgr 1 | F84: Classified | G84: Permanent | H84: 1 | I84: Compliance/Construction Monitoring/Env Review | J84: LIHTC | K84: =39.07*7.69% -> 3.004483 | L84: 2080 | N84: =IF(H84="1",(L84*K84)+(M84*K84),0) -> 6249.3246 | P84: =(N84-(M84*K84))*$P$27 -> 2237.2582 | Q84: =N84*$Q$27 -> 90.615207 | R84: 0 | V84: =SUM(N84:U84) -> 8577.1981 | W84: =IF(P84<>"",V84*$W$27,0) -> 0 | Y84: =X84+W84+V84 -> 8577.1981
C85: Brass, Agaha Y. | D85: 314 | E85: Env Impact Mgr 1 | F85: Classified | G85: Permanent | H85: 1 | I85: Compliance/Construction Monitoring/Env Review | J85: Kat/Rita NRPP Rd 1 & Rd 3 (formerly ALL NRPP) | K85: =39.07*5.77% -> 2.254339 | L85: 2080 | N85: =IF(H85="1",(L85*K85)+(M85*K85),0) -> 4689.0251 | P85: =(N85-(M85*K85))*$P$27 -> 1678.671 | Q85: =N85*$Q$27 -> 67.990864 | R85: 0 | V85: =SUM(N85:U85) -> 6435.687 | W85: =IF(P85<>"",V85*$W$27,0) -> 0 | Y85: =X85+W85+V85 -> 6435.687
C86: Brass, Agaha Y. | D86: 314 | E86: Env Impact Mgr 1 | F86: Classified | G86: Permanent | H86: 1 | I86: Compliance/Construction Monitoring/Env Review | J86: Isaac Homeowner Repair Program | K86: =39.07*5.77% -> 2.254339 | L86: 2080 | N86: =IF(H86="1",(L86*K86)+(M86*K86),0) -> 4689.0251 | P86: =(N86-(M86*K86))*$P$27 -> 1678.671 | Q86: =N86*$Q$27 -> 67.990864 | R86: 0 | V86: =SUM(N86:U86) -> 6435.687 | W86: =IF(P86<>"",V86*$W$27,0) -> 0 | Y86: =X86+W86+V86 -> 6435.687
C87: Brass, Agaha Y. | D87: 314 | E87: Env Impact Mgr 1 | F87: Classified | G87: Permanent | H87: 1 | I87: Compliance/Construction Monitoring/Env Review | J87: Continuum of Care | K87: =39.07*5.77% -> 2.254339 | L87: 2080 | N87: =IF(H87="1",(L87*K87)+(M87*K87),0) -> 4689.0251 | P87: =(N87-(M87*K87))*$P$27 -> 1678.671 | Q87: =N87*$Q$27 -> 67.990864 | R87: 0 | V87: =SUM(N87:U87) -> 6435.687 | W87: =IF(P87<>"",V87*$W$27,0) -> 0 | Y87: =X87+W87+V87 -> 6435.687
C88: Brass, Agaha Y. | D88: 314 | E88: Env Impact Mgr 1 | F88: Classified | G88: Permanent | H88: 1 | I88: Compliance/Construction Monitoring/Env Review | J88: Kat/Rita NRPP Plaquemines | K88: =39.07*3.84% -> 1.500288 | L88: 2080 | N88: =IF(H88="1",(L88*K88)+(M88*K88),0) -> 3120.599 | P88: =(N88-(M88*K88))*$P$27 -> 1117.1745 | Q88: =N88*$Q$27 -> 45.248686 | R88: 0 | V88: =SUM(N88:U88) -> 4283.0222 | W88: =IF(P88<>"",V88*$W$27,0) -> 0 | Y88: =X88+W88+V88 -> 4283.0222
A89: 202734 | C89: Bratkowski, Christine L. | D89: 620 | E89: Attorney 3 | F89: Classified | G89: Permanent | H89: 1 | I89: Legal Council | J89: ESG Shelter Program | K89: =40.36*8% -> 3.2288 | L89: 2080 | N89: =IF(H89="1",(L89*K89)+(M89*K89),0) -> 6715.904 | P89: =(N89-(M89*K89))*$P$27 -> 2404.2936 | Q89: =N89*$Q$27 -> 97.380608 | R89: 0 | S89: =IF(H89="1",2828.52*2,0) -> 5657.04 | T89: =IF(H89="1",127.2*2,0) -> 254.4 | U89: 0 | V89: =SUM(N89:U89) -> 15129.018 | W89: =IF(P89<>"",V89*$W$27,0) -> 0 | Y89: =X89+W89+V89 -> 15129.018
C90: Bratkowski, Christine L. | D90: 620 | E90: Attorney 3 | F90: Classified | G90: Permanent | H90: 1 | I90: Legal Council | J90: Kat/Rita NRPP Rd 1 & Rd 3 (formerly ALL NRPP) | K90: =40.36*8% -> 3.2288 | L90: 2080 | N90: =IF(H90="1",(L90*K90)+(M90*K90),0) -> 6715.904 | P90: =(N90-(M90*K90))*$P$27 -> 2404.2936 | Q90: =N90*$Q$27 -> 97.380608 | R90: 0 | V90: =SUM(N90:U90) -> 9217.5782 | W90: =IF(P90<>"",V90*$W$27,0) -> 0 | Y90: =X90+W90+V90 -> 9217.5782
C91: Bratkowski, Christine L. | D91: 620 | E91: Attorney 3 | F91: Classified | G91: Permanent | H91: 1 | I91: Legal Council | J91: HOME Pgm | K91: =40.36*40% -> 16.144 | L91: 2080 | N91: =IF(H91="1",(L91*K91)+(M91*K91),0) -> 33579.52 | P91: =(N91-(M91*K91))*$P$27 -> 12021.468 | Q91: =N91*$Q$27 -> 486.90304 | R91: 0 | V91: =SUM(N91:U91) -> 46087.891 | W91: =IF(P91<>"",V91*$W$27,0) -> 0 | Y91: =X91+W91+V91 -> 46087.891
C92: Bratkowski, Christine L. | D92: 620 | E92: Attorney 3 | F92: Classified | G92: Permanent | H92: 1 | I92: Legal Council | J92: HUD Hsg Counseling Pgm | K92: =40.36*2% -> 0.8072 | L92: 2080 | N92: =IF(H92="1",(L92*K92)+(M92*K92),0) -> 1678.976 | P92: =(N92-(M92*K92))*$P$27 -> 601.07341 | Q92: =N92*$Q$27 -> 24.345152 | R92: 0 | V92: =SUM(N92:U92) -> 2304.3946 | W92: =IF(P92<>"",V92*$W$27,0) -> 0 | Y92: =X92+W92+V92 -> 2304.3946
C93: Bratkowski, Christine L. | D93: 620 | E93: Attorney 3 | F93: Classified | G93: Permanent | H93: 1 | I93: Legal Council | J93: Kat/Rita 1st Time Homebuyer Pgm | K93: =40.36*20% -> 8.072 | L93: 2080 | N93: =IF(H93="1",(L93*K93)+(M93*K93),0) -> 16789.76 | P93: =(N93-(M93*K93))*$P$27 -> 6010.7341 | Q93: =N93*$Q$27 -> 243.45152 | R93: 0 | V93: =SUM(N93:U93) -> 23043.946 | W93: =IF(P93<>"",V93*$W$27,0) -> 0 | Y93: =X93+W93+V93 -> 23043.946
C94: Bratkowski, Christine L. | D94: 620 | E94: Attorney 3 | F94: Classified | G94: Permanent | H94: 1 | I94: Legal Council | J94: M2M | K94: =40.36*2% -> 0.8072 | L94: 2080 | N94: =IF(H94="1",(L94*K94)+(M94*K94),0) -> 1678.976 | P94: =(N94-(M94*K94))*$P$27 -> 601.07341 | Q94: =N94*$Q$27 -> 24.345152 | R94: 0 | V94: =SUM(N94:U94) -> 2304.3946 | W94: =IF(P94<>"",V94*$W$27,0) -> 0 | Y94: =X94+W94+V94 -> 2304.3946
C95: Bratkowski, Christine L. | D95: 620 | E95: Attorney 3 | F95: Classified | G95: Permanent | H95: 1 | I95: Legal Council | J95: Risk Sharing Program | K95: =40.36*6% -> 2.4216 | L95: 2080 | N95: =IF(H95="1",(L95*K95)+(M95*K95),0) -> 5036.928 | P95: =(N95-(M95*K95))*$P$27 -> 1803.2202 | Q95: =N95*$Q$27 -> 73.035456 | R95: 0 | V95: =SUM(N95:U95) -> 6913.1837 | W95: =IF(P95<>"",V95*$W$27,0) -> 0 | Y95: =X95+W95+V95 -> 6913.1837
C96: Bratkowski, Christine L. | D96: 620 | E96: Attorney 3 | F96: Classified | G96: Permanent | H96: 1 | I96: Legal Council | J96: Kat/Rita Homelessness Supports & Hsg Pgm | K96: =40.36*6% -> 2.4216 | L96: 2080 | N96: =IF(H96="1",(L96*K96)+(M96*K96),0) -> 5036.928 | P96: =(N96-(M96*K96))*$P$27 -> 1803.2202 | Q96: =N96*$Q$27 -> 73.035456 | R96: 0 | V96: =SUM(N96:U96) -> 6913.1837 | W96: =IF(P96<>"",V96*$W$27,0) -> 0 | Y96: =X96+W96+V96 -> 6913.1837
C97: Bratkowski, Christine L. | D97: 620 | E97: Attorney 3 | F97: Classified | G97: Permanent | H97: 1 | I97: Legal Council | J97: Shared - General Fund | K97: =40.36*8% -> 3.2288 | L97: 2080 | N97: =IF(H97="1",(L97*K97)+(M97*K97),0) -> 6715.904 | P97: =(N97-(M97*K97))*$P$27 -> 2404.2936 | Q97: =N97*$Q$27 -> 97.380608 | R97: 0 | V97: =SUM(N97:U97) -> 9217.5782 | W97: =IF(P97<>"",V97*$W$27,0) -> 0 | Y97: =X97+W97+V97 -> 9217.5782
A98: 144651 | C98: Bringier-Harris, Konchetta M. | D98: 619 | E98: Auditor Supervisor | F98: Classified | G98: Permanent | H98: 1 | I98: Internal Audit | J98: Shared - General Fund | K98: =35.89*67% -> 24.0463 | L98: 2080 | N98: =IF(H98="1",(L98*K98)+(M98*K98),0) -> 50016.304 | P98: =(N98-(M98*K98))*$P$27 -> 17905.837 | Q98: =N98*$Q$27 -> 725.23641 | R98: 0 | S98: =IF(H98="1",2828.52*2,0) -> 5657.04 | T98: =IF(H98="1",361.92*2,0) -> 723.84 | U98: 0 | V98: =SUM(N98:U98) -> 75028.257 | W98: =IF(P98<>"",V98*$W$27,0) -> 0 | Y98: =X98+W98+V98 -> 75028.257
C99: Bringier-Harris, Konchetta M. | D99: 619 | E99: Auditor Supervisor | F99: Classified | G99: Permanent | H99: 1 | I99: Internal Audit | J99: LIHTC | K99: =35.89*10% -> 3.589 | L99: 2080 | N99: =IF(H99="1",(L99*K99)+(M99*K99),0) -> 7465.12 | P99: =(N99-(M99*K99))*$P$27 -> 2672.513 | Q99: =N99*$Q$27 -> 108.24424 | R99: 0 | V99: =SUM(N99:U99) -> 10245.877 | W99: =IF(P99<>"",V99*$W$27,0) -> 0 | Y99: =X99+W99+V99 -> 10245.877
C100: Bringier-Harris, Konchetta M. | D100: 619 | E100: Auditor Supervisor | F100: Classified | G100: Permanent | H100: 1 | I100: Internal Audit | J100: HOME Pgm | K100: =35.89*10% -> 3.589 | L100: 2080 | N100: =IF(H100="1",(L100*K100)+(M100*K100),0) -> 7465.12 | P100: =(N100-(M100*K100))*$P$27 -> 2672.513 | Q100: =N100*$Q$27 -> 108.24424 | R100: 0 | V100: =SUM(N100:U100) -> 10245.877 | W100: =IF(P100<>"",V100*$W$27,0) -> 0 | Y100: =X100+W100+V100 -> 10245.877
C101: Bringier-Harris, Konchetta M. | D101: 619 | E101: Auditor Supervisor | F101: Classified | G101: Permanent | H101: 1 | I101: Internal Audit | J101: Gustav/Ike State Affordable Rental Pgm | K101: =35.89*5% -> 1.7945 | L101: 2080 | N101: =IF(H101="1",(L101*K101)+(M101*K101),0) -> 3732.56 | P101: =(N101-(M101*K101))*$P$27 -> 1336.2565 | Q101: =N101*$Q$27 -> 54.12212 | R101: 0 | V101: =SUM(N101:U101) -> 5122.9386 | W101: =IF(P101<>"",V101*$W$27,0) -> 0 | Y101: =X101+W101+V101 -> 5122.9386
...

Sheet Travel
B1: Travel and Training Expenses | F1: IN-STATE TRAVEL & TRAINING | L1: OUT-OF-STATE TRAVEL & TRAINING
F2: Total In-State | J2: Travel-Mtgs/Monitoring | K2: Training-EE Development | N2: Total Out-of-State | O2: Travel-Mtgs/Monitoring | P2: Training-EE Development
B3: Total FY 2017 Request | E3: =E4+E11+E14+E15+E16+E19+E22+E23+E24+E25 -> 315244.5 | F3: =F4+F11+F14+F15+F16+F19+F22+F23+F24+F25 -> 160469 | J3: =J4+J11+J14+J15+J16+J19+J22+J23+J24+J25 -> 96374 | K3: =K4+K11+K14+K15+K16+K19+K22+K23+K24+K25 -> 64095 | N3: =N4+N11+N14+N15+N16+N19+N22+N23+N24+N25 -> 154775.5 | O3: =O4+O11+O14+O15+O16+O19+O22+O23+O24+O25 -> 7255 | P3: =P4+P11+P14+P15+P16+P19+P22+P23+P24+P25 -> 147520.5 | Q3: =E3-P280 -> 0
B4: Administration | E4: =SUM(E5:E10) -> 54780 | F4: =SUM(F5:F10) -> 45310 | J4: =SUM(J5:J10) -> 0 | K4: =SUM(K5:K10) -> 45310 | N4: =SUM(N5:N10) -> 9470 | O4: =SUM(O5:O10) -> 0 | P4: =SUM(P5:P10) -> 9470
C5: Accounting | E5: =F5+N5 -> 13900 | F5: =SUM(J5:K5) -> 6430 | J5: =P281 -> 0 | K5: =P299+P317 -> 6430 | N5: =SUM(O5:P5) -> 7470 | O5: =P335 -> 0 | P5: =P353+P371 -> 7470
C6: Communications/Public Affairs | E6: =F6+N6 -> 4880 | F6: =SUM(J6:K6) -> 2880 | J6: =P283 -> 0 | K6: =P301+P319 -> 2880 | N6: =SUM(O6:P6) -> 2000 | O6: =P337 -> 0 | P6: =P355+P373 -> 2000
C7: Human Resources | E7: =F7+N7 -> 1000 | F7: =SUM(J7:K7) -> 1000 | J7: =P289 -> 0 | K7: =P307+P325 -> 1000 | N7: =SUM(O7:P7) -> 0 | O7: =P343 -> 0 | P7: =P361+P379 -> 0
C8: Information Technology | E8: =F8+N8 -> 30000 | F8: =SUM(J8:K8) -> 30000 | J8: =P290 -> 0 | K8: =P308+P326 -> 30000 | N8: =SUM(O8:P8) -> 0 | O8: =P344 -> 0 | P8: =P362+P380 -> 0
C9: Operations Admin/Facilities & Fleet Mgt | E9: =F9+N9 -> 5000 | F9: =SUM(J9:K9) -> 5000 | J9: =P294 -> 0 | K9: =P312+P330 -> 5000 | N9: =SUM(O9:P9) -> 0 | O9: =P348 -> 0 | P9: =P366+P384 -> 0
C10: Policy & Reporting | E10: =F10+N10 -> 0 | F10: =SUM(J10:K10) -> 0 | J10: =P296 -> 0 | K10: =P314+P332 -> 0 | N10: =SUM(O10:P10) -> 0 | O10: =P350 -> 0 | P10: =P368+P386 -> 0
B11: Asset Management | E11: =SUM(E12:E13) -> 48985 | F11: =SUM(F12:F13) -> 38435 | J11: =SUM(J12:J13) -> 35150 | K11: =SUM(K12:K13) -> 3285 | N11: =SUM(N12:N13) -> 10550 | O11: =SUM(O12:O13) -> 0 | P11: =SUM(P12:P13) -> 10550
C12: Compliance Monitoring/Env Reviews | E12: =F12+N12 -> 43565 | F12: =SUM(J12:K12) -> 38135 | J12: =P284 -> 35150 | K12: =P302+P320 -> 2985 | N12: =SUM(O12:P12) -> 5430 | O12: =P338 -> 0 | P12: =P356+P374 -> 5430
C13: Desk Monitoring | E13: =F13+N13 -> 5420 | F13: =SUM(J13:K13) -> 300 | J13: =P285 -> 0 | K13: =P303+P321 -> 300 | N13: =SUM(O13:P13) -> 5120 | O13: =P339 -> 0 | P13: =P357+P375 -> 5120
B14: Disaster Housing | E14: =F14+N14 -> 8000 | F14: =SUM(J14:K14) -> 5000 | J14: =P286 -> 2000 | K14: =P304+P322 -> 3000 | N14: =SUM(O14:P14) -> 3000 | O14: =P340 -> 0 | P14: =P358+P376 -> 3000
B15: Energy Assistance | E15: =F15+N15 -> 26820 | F15: =SUM(J15:K15) -> 11980 | J15: =P287 -> 11980 | K15: =P305+P323 -> 0 | N15: =SUM(O15:P15) -> 14840 | O15: =P341 -> 0 | P15: =P359+P377 -> 14840
B16: Executive | E16: =SUM(E17:E18) -> 108934.5 | F16: =SUM(F17:F18) -> 30744 | J16: =SUM(J17:J18) -> 19744 | K16: =SUM(K17:K18) -> 11000 | N16: =SUM(N17:N18) -> 78190.5 | O16: =SUM(O17:O18) -> 7255 | P16: =SUM(P17:P18) -> 70935.5
C17: Board | E17: =F17+N17 -> 70365 | F17: =SUM(J17:K17) -> 23744 | J17: =P282 -> 18744 | K17: =P300+P318 -> 5000 | N17: =SUM(O17:P17) -> 46621 | O17: =P336 -> 0 | P17: =P354+P372 -> 46621
C18: Executive Staff | E18: =F18+N18 -> 38569.5 | F18: =SUM(J18:K18) -> 7000 | J18: =P288 -> 1000 | K18: =P306+P324 -> 6000 | N18: =SUM(O18:P18) -> 31569.5 | O18: =P342 -> 7255 | P18: =P360+P378 -> 24314.5
B19: Housing Production | E19: =SUM(E20:E21) -> 11000 | F19: =SUM(F20:F21) -> 5000 | J19: =SUM(J20:J21) -> 5000 | K19: =SUM(K20:K21) -> 0 | N19: =SUM(N20:N21) -> 6000 | O19: =SUM(O20:O21) -> 0 | P19: =SUM(P20:P21) -> 6000
C20: Rental Production | E20: =F20+N20 -> 5550 | F20: =SUM(J20:K20) -> 0 | J20: =P297 -> 0 | K20: =P315+P333 -> 0 | N20: =SUM(O20:P20) -> 5550 | O20: =P351 -> 0 | P20: =P369+P387 -> 5550
C21: Single Family Production | E21: =F21+N21 -> 5450 | F21: =SUM(J21:K21) -> 5000 | J21: =P298 -> 5000 | K21: =P316+P334 -> 0 | N21: =SUM(O21:P21) -> 450 | O21: =P352 -> 0 | P21: =P370+P388 -> 450
B22: Internal Audit | E22: =F22+N22 -> 1500 | F22: =SUM(J22:K22) -> 1500 | J22: =P291 -> 0 | K22: =P309+P327 -> 1500 | N22: =SUM(O22:P22) -> 0 | O22: =P345 -> 0 | P22: =P363+P381 -> 0
B23: Legal | E23: =F23+N23 -> 11400 | F23: =SUM(J23:K23) -> 0 | J23: =P292 -> 0 | K23: =P310+P328 -> 0 | N23: =SUM(O23:P23) -> 11400 | O23: =P346 -> 0 | P23: =P364+P382 -> 11400
B24: LHA | E24: =F24+N24 -> 30425 | F24: =SUM(J24:K24) -> 12500 | J24: =P293 -> 12500 | K24: =P311+P329 -> 0 | N24: =SUM(O24:P24) -> 17925 | O24: =P347 -> 0 | P24: =P365+P383 -> 17925
B25: Performance-Based Sect 8 Contract Administration | E25: =F25+N25 -> 13400 | F25: =SUM(J25:K25) -> 10000 | J25: =P295 -> 10000 | K25: =P313+P331 -> 0 | N25: =SUM(O25:P25) -> 3400 | O25: =P349 -> 0 | P25: =P367+P385 -> 3400
J26: 6210 | K26: 6212 | O26: 6220 | P26: 6222
A27: GL Account | B27: Budget Unit | C27: Funding Sources | D27: Traveler | E27: Event Description | F27: City, State | G27: Travel Start Date | H27: Travel End Date | I27: NCSHA Event (Y/N) | J27: Registration | K27: Flight | L27: Lodging | M27: Parking | N27: Mileage | O27: Other Expenses | P27: Budget FY 2017
A28: 6212 | B28: Accounting/Budget/Finance | C28: Shared - General Fund | D28: Anderson, Kip | E28: GFOA Fall Conference | F28: Baton Rouge, LA | J28: 250 | M28: 15 | P28: =SUM(J28:O28) -> 265
A29: 6212 | B29: Accounting/Budget/Finance | C29: Shared - General Fund | D29: Anderson, Kip | E29: Various Training Classes | F29: Baton Rouge, LA | J29: 200 | P29: =SUM(J29:O29) -> 200
A30: 6212 | B30: Accounting/Budget/Finance | C30: Shared - General Fund | D30: Clark, Kesha | E30: Excel | F30: Baton Rouge, LA | J30: 225 | P30: =SUM(J30:O30) -> 225
A31: 6212 | B31: Accounting/Budget/Finance | C31: Shared - General Fund | D31: Clark, Kesha | E31: Various Training Classes | F31: Baton Rouge, LA | J31: 200 | P31: =SUM(J31:O31) -> 200
A32: 6212 | B32: Accounting/Budget/Finance | C32: Shared - General Fund | D32: Davis, Ingrid | E32: Excel | F32: Baton Rouge, LA | J32: 225 | P32: =SUM(J32:O32) -> 225
A33: 6212 | B33: Accounting/Budget/Finance | C33: Shared - General Fund | D33: Davis, Ingrid | E33: Various Training Classes | F33: Baton Rouge, LA | J33: 200 | P33: =SUM(J33:O33) -> 200
A34: 6212 | B34: Accounting/Budget/Finance | C34: Shared - General Fund | D34: Fulton, Anne | E34: AGA Spring Conference (see Other Operating Services) | F34: Baton Rouge, LA | J34: =300-300 -> 0 | P34: =SUM(J34:O34) -> 0
A35: 6212 | B35: Accounting/Budget/Finance | C35: Shared - General Fund | D35: Fulton, Anne | E35: AGA Fall Conference (see Other Operating Services) | F35: Baton Rouge, LA | J35: =300-300 -> 0 | P35: =SUM(J35:O35) -> 0
A36: 6212 | B36: Accounting/Budget/Finance | C36: Shared - General Fund | D36: Fulton, Anne | E36: Bond Finance (see Other Operating Services) | F36: New Orleans, LA | J36: =300-300 -> 0 | M36: =75-75 -> 0 | N36: 0 | P36: =SUM(J36:O36) -> 0
A37: 6212 | B37: Accounting/Budget/Finance | C37: Shared - General Fund | D37: Fulton, Anne | E37: Various Training Classes (see Other Operating Services) | F37: Baton Rouge, LA | J37: =200-200 -> 0 | P37: =SUM(J37:O37) -> 0
A38: 6212 | B38: Accounting/Budget/Finance | C38: Shared - General Fund | D38: Harrington, Jatis | E38: GFOA Fall Conference | F38: Baton Rouge, LA | J38: 250 | M38: 15 | P38: =SUM(J38:O38) -> 265
A39: 6212 | B39: Accounting/Budget/Finance | C39: Shared - General Fund | D39: Harrington, Jatis | E39: AGA Fall or Spring Conference | F39: Baton Rouge, LA | J39: 300 | M39: 10 | P39: =SUM(J39:O39) -> 310
A40: 6212 | B40: Accounting/Budget/Finance | C40: Shared - General Fund | D40: Harrington, Jatis | E40: Crystal Reports to complement ACCPAC software | F40: Baton Rouge, LA | J40: 400 | P40: =SUM(J40:O40) -> 400
A41: 6212 | B41: Accounting/Budget/Finance | C41: Shared - General Fund | D41: Harrington, Jatis | E41: The Bond Buyer - Bond Finance Webinars (multiple ee's) | F41: Baton Rouge, LA | J41: 1500 | P41: =SUM(J41:O41) -> 1500
A42: 6212 | B42: Accounting/Budget/Finance | C42: Shared - General Fund | D42: Harrington, Jatis | E42: Bond Finance | F42: New Orleans, LA | J42: 0 | M42: 0 | N42: 0 | P42: =SUM(J42:O42) -> 0
A43: 6212 | B43: Accounting/Budget/Finance | C43: Shared - General Fund | D43: Harrington, Jatis | E43: Various Training Classes | F43: Baton Rouge, LA | J43: =200-200 -> 0 | P43: =SUM(J43:O43) -> 0
A44: 6212 | B44: Accounting/Budget/Finance | C44: Shared - General Fund | D44: Mayers, Melissa D. | E44: AGA Fall or Spring Conference | F44: Baton Rouge, LA | J44: 300 | M44: 10 | P44: =SUM(J44:O44) -> 310
A45: 6212 | B45: Accounting/Budget/Finance | C45: Shared - General Fund | D45: Mayers, Melissa D. | E45: Bond Finance | F45: New Orleans, LA | J45: 300 | M45: 75 | N45: 0 | P45: =SUM(J45:O45) -> 375
A46: 6212 | B46: Accounting/Budget/Finance | C46: Shared - General Fund | D46: Mayers, Melissa D. | E46: National Seminars - Payroll Update | F46: Baton Rouge, LA | J46: 200 | P46: =SUM(J46:O46) -> 200
A47: 6212 | B47: Accounting/Budget/Finance | C47: Shared - General Fund | D47: Pool, Shantel R. | E47: Excel | F47: Baton Rouge, LA | J47: 225 | P47: =SUM(J47:O47) -> 225
A48: 6212 | B48: Accounting/Budget/Finance | C48: Shared - General Fund | D48: Pool, Shantel R. | E48: National Seminars - Payroll Update | F48: Baton Rouge, LA | J48: 200 | P48: =SUM(J48:O48) -> 200
A49: 6212 | B49: Accounting/Budget/Finance | C49: Shared - General Fund | D49: Roberts, Tracy B. | E49: Various Training Classes | F49: Baton Rouge, LA | J49: =200-200 -> 0 | P49: =SUM(J49:O49) -> 0
A50: 6212 | B50: Accounting/Budget/Finance | C50: Shared - General Fund | D50: Robinson, Ramona | E50: GFOA Fall Conference | F50: Baton Rouge, LA | J50: 250 | M50: 15 | P50: =SUM(J50:O50) -> 265
A51: 6212 | B51: Accounting/Budget/Finance | C51: Shared - General Fund | D51: Robinson, Ramona | E51: Various Training Classes | F51: Baton Rouge, LA | J51: =200-200 -> 0 | P51: =SUM(J51:O51) -> 0
A52: 6212 | B52: Accounting/Budget/Finance | C52: Shared - General Fund | D52: Thompson, Keyonna | E52: AGA Fall or Spring Conference | F52: Baton Rouge, LA | J52: 300 | M52: 10 | P52: =SUM(J52:O52) -> 310
A53: 6212 | B53: Accounting/Budget/Finance | C53: Shared - General Fund | D53: Thompson, Keyonna | E53: Excel | F53: Baton Rouge, LA | J53: 225 | P53: =SUM(J53:O53) -> 225
A54: 6212 | B54: Accounting/Budget/Finance | C54: Shared - General Fund | D54: Thompson, Keyonna | E54: Various Training Classes | F54: Baton Rouge, LA | J54: =200-200 -> 0 | P54: =SUM(J54:O54) -> 0
A55: 6212 | B55: Accounting/Budget/Finance | C55: Shared - General Fund | D55: VACANT | E55: GFOA Fall Conference | F55: Baton Rouge, LA | J55: 250 | M55: 15 | P55: =SUM(J55:O55) -> 265
A56: 6235 | B56: Accounting/Budget/Finance | C56: Shared - General Fund | D56: VACANT | E56: NCSHA 2016 Annual Conference & Showplace Tradeshow | F56: Miami Beach, FL | G56: 42637 | H56: 42640 | I56: Yes | J56: 650 | K56: 600 | L56: 2100 | M56: 100 | N56: 50 | O56: 260 | P56: =SUM(J56:O56) -> 3760
A57: 6212 | B57: Accounting/Budget/Finance | C57: Shared - General Fund | D57: VACANT | E57: The Bond Buyer - Bond Finance Webinars (multiple ee's) | F57: New Orleans, LA | P57: =SUM(J57:O57) -> 0
A58: 6235 | B58: Accounting/Budget/Finance | C58: Shared - General Fund | D58: VACANT | E58: NCSHA 2017 HFA Institute | F58: Washington, DC | G58: 42743 | H58: 42748 | I58: Yes | J58: 600 | K58: 600 | L58: 2100 | M58: 100 | N58: 50 | O58: 260 | P58: =SUM(J58:O58) -> 3710
A59: 6212 | B59: Accounting/Budget/Finance | C59: Shared - General Fund | D59: VACANT | E59: Various Training Classes | F59: Baton Rouge, LA | J59: =200-200 -> 0 | P59: =SUM(J59:O59) -> 0
A60: 6212 | B60: Accounting/Budget/Finance | C60: Shared - General Fund | D60: Xu, Lan | E60: GFOA Fall Conference | F60: Baton Rouge, LA | J60: 250 | M60: 15 | P60: =SUM(J60:O60) -> 265
A61: 6235 | B61: Board of Directors | C61: Admin Exp - Unallocable - General Fund | D61: VACANT | E61: NCSHA Executive Board Meeting | F61: Washington, DC | I61: Yes | J61: 500 | K61: 600 | L61: 1500 | M61: 100 | N61: 255 | O61: 500 | P61: =SUM(J61:O61) -> 3455
A62: 6235 | B62: Board of Directors | C62: Admin Exp - Unallocable - General Fund | D62: VACANT | E62: NCSHA Executive Board Meeting | F62: Washington, DC | I62: Yes | J62: 500 | K62: 600 | L62: 1500 | M62: 100 | N62: 255 | O62: 500 | P62: =SUM(J62:O62) -> 3455
A63: 6235 | B63: Board of Directors | C63: Admin Exp - Unallocable - General Fund | D63: VACANT | E63: NCSHA Executive Board Meeting | F63: Washington, DC | I63: Yes | J63: 500 | K63: 600 | L63: 1500 | M63: 100 | N63: 255 | O63: 500 | P63: =SUM(J63:O63) -> 3455
A64: 6235 | B64: Board of Directors | C64: Admin Exp - Unallocable - General Fund | D64: VACANT | E64: NCSHA 2017 Legislative Conference | F64: Washington, DC | I64: Yes | J64: 500 | K64: 600 | L64: 1500 | M64: 100 | N64: 255 | O64: 500 | P64: =SUM(J64:O64) -> 3455
A65: 6235 | B65: Board of Directors | C65: Admin Exp - Unallocable - General Fund | D65: VACANT | E65: NCSHA 2017 Legislative Conference | F65: Washington, DC | I65: Yes | J65: 500 | K65: 600 | L65: 1500 | M65: 100 | N65: 255 | O65: 500 | P65: =SUM(J65:O65) -> 3455
A66: 6235 | B66: Board of Directors | C66: Admin Exp - Unallocable - General Fund | D66: VACANT | E66: NCSHA 2017 Legislative Conference | F66: Washington, DC | I66: Yes | J66: 500 | K66: 600 | L66: 1500 | M66: 100 | N66: 255 | O66: 500 | P66: =SUM(J66:O66) -> 3455
A67: 6235 | B67: Board of Directors | C67: Admin Exp - Unallocable - General Fund | D67: VACANT | E67: NCSHA Fall/Spring Institute | F67: Washington, DC | I67: Yes | J67: 500 | K67: 600 | L67: 1500 | M67: 100 | N67: 255 | O67: 401 | P67: =SUM(J67:O67) -> 3356
A68: 6235 | B68: Board of Directors | C68: Admin Exp - Unallocable - General Fund | D68: VACANT | E68: NCSHA Fall/Spring Institute | F68: Washington, DC | I68: Yes | J68: 1200 | K68: 600 | L68: 1500 | M68: 100 | N68: 255 | O68: 401 | P68: =SUM(J68:O68) -> 4056
A69: 6235 | B69: Board of Directors | C69: Admin Exp - Unallocable - General Fund | D69: VACANT | E69: NCSHA Fall/Spring Institute | F69: Washington, DC | I69: Yes | J69: 1200 | K69: 600 | L69: 1500 | M69: 100 | N69: 255 | O69: 401 | P69: =SUM(J69:O69) -> 4056
A70: 6235 | B70: Board of Directors | C70: Admin Exp - Unallocable - General Fund | D70: VACANT | E70: NCSHA Fall/Spring Institute | F70: Washington, DC | I70: Yes | J70: 1200 | K70: 600 | L70: 1500 | M70: 100 | N70: 255 | O70: 401 | P70: =SUM(J70:O70) -> 4056
A71: 6235 | B71: Board of Directors | C71: Admin Exp - Unallocable - General Fund | D71: VACANT | E71: NCSHA Fall/Spring Institute | F71: Washington, DC | I71: Yes | J71: 600 | K71: 600 | L71: 1500 | M71: 100 | N71: 255 | O71: 401 | P71: =SUM(J71:O71) -> 3456
A72: 6235 | B72: Board of Directors | C72: Admin Exp - Unallocable - General Fund | D72: VACANT | E72: NCSHA Fall/Spring Institute | F72: Washington, DC | I72: Yes | J72: 600 | K72: 600 | L72: 1500 | M72: 100 | N72: 255 | O72: 401 | P72: =SUM(J72:O72) -> 3456
... A81: 6210 | B81: Board of Directors | C81: Admin Exp - Unallocable - General Fund | D81: VACANT | E81: Monthly Board Meetings & Other Meetings | F81: Baton Rouge, LA | I81: No | J81: 0 | K81: 0 | L81: 0 | M81: 0 | N81: 1530 | O81: 0 | P81: =SUM(J81:O81) -> 1530
A82: 6212 | B82: Board of Directors | C82: Admin Exp - Unallocable - General Fund | E82: Board Retreat Expenses | F82: Unknown | L82: 0 | O82: 5000 | P82: =SUM(J82:O82) -> 5000
A83: 6222 | B83: Communications/Public Affairs | C83: Admin Exp - Unallocable - General Fund | E83: PRSA Conference | F83: Out of State | J83: 500 | K83: 500 | L83: 750 | O83: 250 | P83: =SUM(J83:O83) -> 2000
A84: 6212 | B84: Communications/Public Affairs | C84: Admin Exp - Unallocable - General Fund | E84: In Design Training for Employees | F84: Baton Rouge, LA | J84: 2000 | P84: =SUM(J84:O84) -> 2000
A85: 6212 | B85: Communications/Public Affairs | C85: Admin Exp - Unallocable - General Fund | E85: Social Media Conference | F85: Baton Rouge, LA | J85: 400 | P85: =SUM(J85:O85) -> 400
A86: 6212 | B86: Communications/Public Affairs | C86: Admin Exp - Unallocable - General Fund | E86: PRAL Monthly Meetings | F86: Baton Rouge, LA | J86: 480 | P86: =SUM(J86:O86) -> 480
A87: 6222 | B87: Compliance/Construction Monitoring/Env Review | C87: HOME Pgm | D87: Brass, Agaha Y. | E87: Foundation in Environmental Review | F87: Fort Worth, TX | G87: 42552 | H87: 42916 | J87: 600 | K87: 500 | L87: 725 | M87: 90 | O87: 750 | P87: =SUM(J87:O87) -> 2665
A88: 6222 | B88: Compliance/Construction Monitoring/Env Review | C88: HOME Pgm | D88: Brass, Agaha Y. | E88: DBRA training | F88: Varies | G88: 42552 | H88: 42916 | J88: 600 | K88: 600 | L88: 725 | M88: 90 | O88: 750 | P88: =SUM(J88:O88) -> 2765
A89: 6212 | B89: Compliance/Construction Monitoring/Env Review | C89: HOME Pgm | D89: Brass, Agaha Y. | E89: Safety Emergency Preparedness | F89: Gonzales, LA | G89: 42552 | H89: 42916 | J89: 600 | O89: 500 | P89: =SUM(J89:O89) -> 1100
A90: 6210 | B90: Compliance/Construction Monitoring/Env Review | C90: Isaac Homeowner Repair Program | D90: Folse, Todd | E90: Scope of Work & Construction Oversight (LHC) | O90: 3000 | P90: =SUM(J90:O90) -> 3000
A91: 6210 | B91: Compliance/Construction Monitoring/Env Review | C91: Kat/Rita NRPP Plaquemines | D91: Folse, Todd | E91: Compliance Monitoring (LHC) | O91: 1500 | P91: =SUM(J91:O91) -> 1500
A92: 6210 | B92: Compliance/Construction Monitoring/Env Review | C92: Kat/Rita NRPP Plaquemines | D92: Folse, Todd | E92: Scope of Work & Construction Oversight (LHC) | O92: 1500 | P92: =SUM(J92:O92) -> 1500
A93: 6210 | B93: Compliance/Construction Monitoring/Env Review | C93: Kat/Rita NRPP Rd 1 & Rd 3 (formerly ALL NRPP) | D93: Folse, Todd | E93: Scope of Work & Construction Oversight (LHC) | O93: 1000 | P93: =SUM(J93:O93) -> 1000
A94: 6212 | B94: Compliance/Construction Monitoring/Env Review | C94: LIHTC | D94: Saloom, Jessica R | E94: BOS Blended Occupancy Specialist training | F94: Shreveport LA | G94: 42668 | H94: 42671 | J94: 600 | L94: 300 | O94: 985 | P94: =SUM(J94:O94) -> 1885
A95: 6210 | B95: Compliance/Construction Monitoring/Env Review | C95: Shared - General Fund | D95: Folse, Todd | E95: Routine Statewide monitoring/field travel | F95: Statewide | G95: 42552 | H95: 42916 | L95: 2000 | M95: 100 | O95: 1250 | P95: =SUM(J95:O95) -> 3350
A96: 6210 | B96: Compliance/Construction Monitoring/Env Review | C96: Shared - General Fund | D96: Durnin, Joseph | E96: Routine Statewide monitoring/field travel | F96: Statewide | G96: 42552 | H96: 42916 | L96: 4500 | M96: 150 | O96: 2500 | P96: =SUM(J96:O96) -> 7150
A97: 6210 | B97: Compliance/Construction Monitoring/Env Review | C97: Shared - General Fund | D97: Hevey, Jeffrey | E97: Routine Statewide monitoring/field travel | F97: Statewide | G97: 42552 | H97: 42916 | L97: 4500 | M97: 150 | O97: 2500 | P97: =SUM(J97:O97) -> 7150
A98: 6210 | B98: Compliance/Construction Monitoring/Env Review | C98: Shared - General Fund | D98: Saloom, Jessica R | E98: Routine Statewide monitoring/field travel | F98: Statewide | G98: 42552 | H98: 42916 | L98: 4500 | M98: 150 | O98: 2500 | P98: =SUM(J98:O98) -> 7150
A99: 6210 | B99: Compliance/Construction Monitoring/Env Review | C99: Shared - General Fund | D99: Patterson, Ricky A. | E99: Routine Statewide monitoring/field travel | F99: Statewide | G99: 42552 | H99: 42916 | L99: 2000 | M99: 100 | O99: 1250 | P99: =SUM(J99:O99) -> 3350
A100: 6222 | B100: Compliance/Construction Monitoring/Env Review | C100: Shared - General Fund | D100: Folse, Todd | E100: International Code Council CEU Inspt training (see Operating Services) | F100: Birmingham, Al | G100: 42631 | H100: 42637 | J100: =1000-1000 -> 0 | L100: =810-810 -> 0 | M100: =45-45 -> 0 | O100: =392-392 -> 0 | P100: =SUM(J100:O100) -> 0
A101: 6222 | B101: Desk Monitoring | C101: Shared - General Fund | D101: Milton, Dione | E101: Neighbor Works Training Institute - Nuts & Bolts of Asset Management | J101: 810 | K101: 500 | L101: 750 | O101: 500 | P101: =SUM(J101:O101) -> 2560
A102: 6222 | B102: Desk Monitoring | C102: Shared - General Fund | D102: Kimbeng, Frankline | E102: National Apartment Association - Asset Mgmt. Conference | J102: 810 | K102: 500 | L102: 750 | O102: 500 | P102: =SUM(J102:O102) -> 2560
A103: 6222 | B103: Desk Monitoring | C103: Shared - General Fund | D103: Edmonston, Sydney R. | E103: NCHM - Tax Credit Specialist Certification (see Operating Services) | J103: =810-810 -> 0 | K103: =500-500 -> 0 | L103: =750-750 -> 0 | O103: =500-500 -> 0 | P103: =SUM(J103:O103) -> 0
A104: 6212 | B104: Desk Monitoring | C104: Shared - General Fund | E104: Webinars | J104: 300 | P104: =SUM(J104:O104) -> 300
A105: 6212 | B105: Disaster Housing | C105: Gustav/Ike Parish Alloc Hsg Pgms | D105: Bergeron, Liza | E105: Compliance Monitoring/Technical Assistance | F105: Statewide | O105: 500 | P105: =SUM(J105:O105) -> 500
A106: 6222 | B106: Disaster Housing | C106: Gustav/Ike Piggyback Pgm | D106: Bergeron, Liza | E106: NCSHA 2016 Annual Conference & Showplace Tradeshow | F106: Miami Beach, FL | G106: 42637 | H106: 42640 | J106: 500 | K106: 500 | L106: 1000 | O106: 1000 | P106: =SUM(J106:O106) -> 3000
A107: 6212 | B107: Disaster Housing | C107: Kat/Rita NRPP Plaquemines | D107: Mcclay, Felicia D. | E107: Training & Technical Assistance (LHC) | O107: 1500 | P107: =SUM(J107:O107) -> 1500
A108: 6210 | B108: Disaster Housing | C108: Kat/Rita NRPP Rd 1 & Rd 3 (formerly ALL NRPP) | D108: Washington, Debra A. | E108: Technical Assistance Training | F108: St. Bernard Parish, LA | G108: 42552 | H108: 42916 | O108: =1500 -> 1500 | P108: =SUM(J108:O108) -> 1500
...

Sheet Bldg Bond Int
A1: BUILDING BOND INTEREST
A2: Total FY17 Request | B2: =F15 -> 13568.75
B4: Program | C4: Budget Unit
B5: Overhead | C5: Accounting/Budget/Finance | D5: Interest on Building Bonds
A8: Account # | B8: Cusip # | C8: Amount | D8: Rate | E8: # of Months | F8: Interest
A9: 2090-010-000-000 | C9: 835000 | D9: 0.0325 | E9: 12 | F9: =C9*D9/E9*6 -> 13568.75
A10: Total Semi-Annual Interest Due | C10: =SUM(C9:C9) -> 835000 | F10: =SUM(F9:F9) -> 13568.75
A13: Fiscal '13 | B13: Fiscal '14 | C13: Fiscal '15 | D13: Fiscal '15 | E13: Fiscal '16 | F13: Fiscal '17
A14: Actuals | B14: Actuals | C14: BUDGET | D14: ACTUALS | E14: BUDGET | F14: Budget
A15: 93588 | B15: 77637 | C15: 56819 | D15: 83006.25 | E15: 38275 | F15: =F9 -> 13568.75

Sheet Bldg Maint ONLY
B1: Building Maintenance Expenses
B3: Total FY 2017 Request | E3: =E4+E11+E14+E15+E16+E19+E22+E23+E24+E25 -> 357727 | F3: By Category | N3: =SUM(N4:N25) -> 357727
B4: Administration | E4: =SUM(E5:E10) -> 357727 | F4: Appliances - 172 | N4: =O280 -> 1200
C5: Accounting | E5: 0 | F5: Carpet & Tile - 179 | N5: =O281 -> 3500
C6: Communications/Public Affairs | E6: 0 | F6: Electrical - 162 | N6: =O282 -> 6500
C7: Human Resources | E7: 0 | F7: Elevator - 169 | N7: =O283 -> 4692
C8: Information Technology | E8: 0 | F8: Exterminating - 168 | N8: =O284 -> 2100
C9: Operations Admin/Facilities & Fleet Mgt | E9: =O279 -> 357727 | F9: Fire Safety - 170 | N9: =O285 -> 18000
C10: Policy & Reporting | E10: 0 | F10: Grounds - 165 | N10: =O286 -> 25000
B11: Asset Management | E11: =SUM(E12:E13) -> 0 | F11: HVAC - 164 | N11: =O287 -> 35000
C12: Compliance Monitoring/Env Reviews | E12: 0 | F12: Janitorial Services - 166 | N12: =O288 -> 74000
C13: Desk Monitoring | E13: 0 | F13: Janitorial Supplies - 167 | N13: =O289 -> 12500
B14: Disaster Housing | E14: 0 | F14: Lighting - 171 | N14: =O290 -> 7525
B15: Energy Assistance | E15: 0 | F15: Locksmith - 173 | N15: =O291 -> 500
B16: Executive | E16: =SUM(E17:E18) -> 0 | F16: Misc. Contract Labor - 176 | N16: =O292 -> 0
C17: Board | E17: 0 | F17: Misc. Exterior Expense - 177 | N17: =O293 -> 8800
C18: Executive Staff | E18: 0 | F18: Misc. Interior Expense - 178 | N18: =O294 -> 12010
B19: Housing Production | E19: =SUM(E20:E21) -> 0 | F19: Plumbing - 163 | N19: =O295 -> 1500
C20: Rental Production | E20: 0 | F20: Security - 182 | N20: =O296 -> 4900
C21: Single Family Production | E21: 0 | F21: Utilities - Electricity - 179 | N21: =O297 -> 117000
B22: Internal Audit | E22: 0 | F22: Utilities - Waste Removal - 181 | N22: =O298 -> 15800
B23: Legal | E23: 0 | F23: Utilities - Water & Sewer - 180 | N23: =O299 -> 5000
B24: LHA | E24: 0 | F24: Water Treatment - 174 | N24: =O300 -> 1200
B25: Performance-Based Sect 8 Contract Administration | E25: 0 | F25: Windows & Glass - 175 | N25: =O301 -> 1000
Q26: 2015 Budg | S26: 2015 Act | U26: 2016 To Date
A27: GL Account | B27: Budget Unit | C27: Funding Sources | D27: Type of Service/Supplies | E27: Description/Purpose | F27: Location | G27: Existing Contract (Y/N) | H27: Incumbent Contractor | I27: Incumbent Address | J27: Contract Start Date | K27: Contract End Date | L27: Contract Value | M27: Expenditures to date | N27: Projected 2016 Expense | O27: Budget Fiscal 2017
A28: =VLOOKUP(D28,BldgExpCodes,2) -> 6320 | B28: Operations - Administration/Facilities & Fleet Mgt | C28: Shared - General Fund | D28: Electrical - 162 | E28: Electrical | F28: Quail Drive - 315 | H28: ARCCO | J28: NA | K28: NA | M28: 850 | N28: 1000 | O28: 6500 | P28: x | Q28: 6000 | S28: 690
A29: =VLOOKUP(D29,BldgExpCodes,2) -> 6320 | B29: Operations - Administration/Facilities & Fleet Mgt | C29: Shared - General Fund | D29: Plumbing - 163 | E29: Plumbing | H29: Reliable Plumbing | J29: NA | K29: NA | M29: 627 | N29: 800 | O29: 1500 | P29: x | Q29: 1300 | S29: 2861
A30: =VLOOKUP(D30,BldgExpCodes,2) -> 6320 | B30: Operations - Administration/Facilities & Fleet Mgt | C30: Shared - General Fund | D30: HVAC - 164 | E30: Heating and A/C | H30: Star Service | J30: 42125 | K30: 43281 | L30: 75270 | M30: 31326 | N30: 34000 | O30: 35000 | P30: x | Q30: 27000 | S30: 70011 | U30: 30000
A31: =VLOOKUP(D31,BldgExpCodes,2) -> 6320 | B31: Operations - Administration/Facilities & Fleet Mgt | C31: Shared - General Fund | D31: Water Treatment - 174 | E31: Water Treatment | H31: SWE | J31: 39603 | K31: OPEN | L31: OPEN | M31: 6175 | N31: 800 | O31: 1200 | P31: x | Q31: 900 | S31: 780
A32: =VLOOKUP(D32,BldgExpCodes,2) -> 6320 | B32: Operations - Administration/Facilities & Fleet Mgt | C32: Shared - General Fund | D32: Misc. Exterior Expense - 177 | E32: Building Exterior | H32: Wal-Mart | J32: NA | K32: NA | M32: 113 | N32: 1764 | O32: 2000 | P32: x | Q32: 1600 | S32: 8954
A33: =VLOOKUP(D33,BldgExpCodes,2) -> 6320 | B33: Operations - Administration/Facilities & Fleet Mgt | C33: Shared - General Fund | D33: Misc. Interior Expense - 178 | E33: Building Interior | H33: Door Controls | J33: NA | K33: NA | M33: 757 | N33: 1500 | O33: 5500 | P33: x | Q33: 5000 | S33: 4709
A34: =VLOOKUP(D34,BldgExpCodes,2) -> 6320 | B34: Operations - Administration/Facilities & Fleet Mgt | C34: Shared - General Fund | D34: Windows & Glass - 175 | E34: Windows and Glass | J34: NA | K34: NA | M34: 0 | N34: 2000 | O34: 1000 | P34: x | Q34: 2950 | S34: 0
A35: =VLOOKUP(D35,BldgExpCodes,2) -> 6320 | B35: Operations - Administration/Facilities & Fleet Mgt | C35: Shared - General Fund | D35: Lighting - 171 | E35: Lighting and Fixtures | H35: ISE/Notoco | J35: NA | K35: NA | M35: 6798.59 | N35: 7500 | O35: 7525 | P35: x | Q35: 8500 | S35: 6783
A36: =VLOOKUP(D36,BldgExpCodes,2) -> 6340 | B36: Operations - Administration/Facilities & Fleet Mgt | C36: Shared - General Fund | D36: Utilities - Electricity - 179 | E36: Electricity | F36: Quail Drive - 315 | H36: Entergy | J36: NA | K36: NA | M36: 73621.99 | N36: 90000 | O36: 98000 | P36: x | Q36: 118775 | S36: 122806
A37: =VLOOKUP(D37,BldgExpCodes,2) -> 6340 | B37: Operations - Administration/Facilities & Fleet Mgt | C37: Shared - General Fund | D37: Utilities - Waste Removal - 181 | E37: Garbage Disposal | F37: Quail Drive - 315 | H37: Waste Management | J37: NA | K37: NA | M37: 10416.39 | N37: 11500 | O37: 14000 | P37: x | S37: 13722
A38: =VLOOKUP(D38,BldgExpCodes,2) -> 6340 | B38: Operations - Administration/Facilities & Fleet Mgt | C38: Shared - General Fund | D38: Utilities - Water & Sewer - 180 | E38: Water Service | F38: Quail Drive - 315 | H38: Baton Rouge Water Company | J38: NA | K38: NA | M38: 2639.01 | N38: =M38+(M38/9)*3 -> 3518.68 | O38: 3500 | P38: x | S38: 4399
A39: =VLOOKUP(D39,BldgExpCodes,2) -> 6340 | B39: Operations - Administration/Facilities & Fleet Mgt | C39: Shared - General Fund | D39: Utilities - Electricity - 179 | E39: Electricity | F39: Industriplex - 305 | H39: Entergy | J39: NA | K39: NA | M39: 12124.73 | N39: 15000 | O39: 19000 | P39: x | V39: Utilities
A40: =VLOOKUP(D40,BldgExpCodes,2) -> 6340 | B40: Operations - Administration/Facilities & Fleet Mgt | C40: Shared - General Fund | D40: Utilities - Waste Removal - 181 | E40: Garbage Disposal | F40: Industriplex - 305 | H40: Waste Pro | J40: NA | K40: NA | M40: 1344 | N40: 1500 | O40: 1800 | P40: x
A41: =VLOOKUP(D41,BldgExpCodes,2) -> 6340 | B41: Operations - Administration/Facilities & Fleet Mgt | C41: Shared - General Fund | D41: Utilities - Water & Sewer - 180 | E41: Water Services | F41: Industriplex - 305 | H41: Baton Rouge Water Company | J41: NA | K41: NA | M41: 1176.83 | N41: =M41+(M41/9)*3 -> 1569.1067 | O41: 1500 | P41: x
A42: =VLOOKUP(D42,BldgExpCodes,2) -> 6320 | B42: Operations - Administration/Facilities & Fleet Mgt | C42: Shared - General Fund | D42: Carpet & Tile - 179 | E42: Carpet and Tile | J42: NA | K42: NA | M42: 0 | N42: 0 | O42: 3500 | P42: x | Q42: 14000 | S42: 0
A43: =VLOOKUP(D43,BldgExpCodes,2) -> 6320 | B43: Operations - Administration/Facilities & Fleet Mgt | C43: Shared - General Fund | D43: Appliances - 172 | E43: Appliances | H43: Wal-Mart | J43: NA | K43: NA | M43: 114 | N43: 1000 | O43: 1200 | P43: x | Q43: =250+660 -> 910 | S43: 729
A44: =VLOOKUP(D44,BldgExpCodes,2) -> 6320 | B44: Operations - Administration/Facilities & Fleet Mgt | C44: Shared - General Fund | D44: Grounds - 165 | E44: Grounds | H44: Luxury Lawn | J44: 42217 | K44: 42551 | L44: 17600 | M44: 16550 | N44: 21700 | O44: 25000 | P44: x | Q44: 26800 | S44: 29016
B45: Operations - Administration/Facilities & Fleet Mgt | C45: Shared - General Fund | D45: Grounds - 165 | E45: Grounds | H45: Heroman | J45: 42125 | K45: 43281 | L45: 9900 | M45: 2750 | N45: 3300 | O45: 0
A46: =VLOOKUP(D46,BldgExpCodes,2) -> 6320 | B46: Operations - Administration/Facilities & Fleet Mgt | C46: Shared - General Fund | D46: Janitorial Services - 166 | E46: Janitorial Services | F46: Quail Drive - 315 | H46: JaniKing | J46: 42064 | K46: 42794 | L46: 101016 | M46: 63135 | N46: 50508 | O46: 74000 | P46: x | Q46: 66000 | S46: 55880
B47: Operations - Administration/Facilities & Fleet Mgt | C47: Shared - General Fund | D47: Janitorial Services - 166 | E47: Janitorial Services | F47: Industriplex - 305 | H47: JaniKing | J47: 42064 | K47: 42794 | L47: 27480 | M47: 16030 | N47: 13740 | O47: 0
A48: =VLOOKUP(D48,BldgExpCodes,2) -> 6320 | B48: Operations - Administration/Facilities & Fleet Mgt | C48: Shared - General Fund | D48: Janitorial Supplies - 167 | E48: Janitorial Supplies | H48: General Paper | J48: NA | K48: NA | M48: 6787.2 | N48: 7400 | O48: 12500 | P48: x | Q48: 9200 | S48: 9374
B49: Operations - Administration/Facilities & Fleet Mgt | C49: Shared - General Fund | D49: Janitorial Supplies - 167 | E49: Janitorial Supplies | H49: Cintas | J49: NA | K49: NA | M49: 4589.43 | N49: 5006 | O49: 0
A50: =VLOOKUP(D50,BldgExpCodes,2) -> 6320 | B50: Operations - Administration/Facilities & Fleet Mgt | C50: Shared - General Fund | D50: Locksmith - 173 | E50: Locksmith | H50: American Key and Lock | J50: NA | K50: NA | M50: 81.08 | N50: 500 | O50: 500 | P50: x | Q50: 800 | S50: 474
A51: =VLOOKUP(D51,BldgExpCodes,2) -> 6320 | B51: Operations - Administration/Facilities & Fleet Mgt | C51: Shared - General Fund | D51: Exterminating - 168 | E51: Exterminating | H51: Premier Pest Control | J51: 39598 | K51: OPEN | M51: 4800 | N51: 2000 | O51: 2100 | P51: x | Q51: 1800 | S51: 3340
A52: =VLOOKUP(D52,BldgExpCodes,2) -> 6320 | B52: Operations - Administration/Facilities & Fleet Mgt | C52: Shared - General Fund | D52: Security - 182 | E52: Security( Lobby Coverage) | H52: Vigilant | J52: 41823 | K52: 42581 | L52: 35000 | M52: =11151-818.5 -> 10332.5 | N52: 11300 | O52: 2500 | P52: x | Q52: 11662 | S52: 5971
A53: =VLOOKUP(D53,BldgExpCodes,2) -> 6320 | B53: Operations - Administration/Facilities & Fleet Mgt | C53: Shared - General Fund | D53: Elevator - 169 | E53: Elevator | H53: Schindler | J53: 41395 | K53: 42490 | L53: 16047.6 | M53: 15138 | N53: 4692 | O53: 4692 | P53: x | Q53: 16200 | S53: 6706
A54: =VLOOKUP(D54,BldgExpCodes,2) -> 6320 | B54: Operations - Administration/Facilities & Fleet Mgt | C54: Shared - General Fund | D54: Fire Safety - 170 | E54: Fire Safety | H54: Facility Automation | J54: 41821 | K54: 42916 | L54: 64112 | M54: 36256.25 | N54: 21737.5 | O54: 18000 | P54: x | Q54: 3300 | S54: 23886
A55: =VLOOKUP(D55,BldgExpCodes,2) -> 6320 | B55: Operations - Administration/Facilities & Fleet Mgt | C55: Shared - General Fund | D55: Security - 182 | E55: Security Board | H55: Vigilant | J55: 41823 | K55: 42581 | L55: 35000 | M55: 818.5 | N55: 1000 | O55: 2400
B56: Operations - Administration/Facilities & Fleet Mgt | C56: Shared - General Fund | D56: Security - 182 | E56: Industriplex false alarm | H56: Sheriffs Office | J56: NA | K56: NA | M56: 25 | N56: 25 | O56: 0
A57: =VLOOKUP(D57,BldgExpCodes,2) -> 6320 | B57: Operations - Administration/Facilities & Fleet Mgt | C57: Shared - General Fund | D57: Misc. Exterior Expense - 177 | E57: Re-Stripe Quail | F57: Quail Drive - 315 | J57: NA | K57: NA | M57: 0 | N57: 0 | O57: 3800
A58: =VLOOKUP(D58,BldgExpCodes,2) -> 6320 | B58: Operations - Administration/Facilities & Fleet Mgt | C58: Shared - General Fund | D58: Misc. Interior Expense - 178 | E58: Building Interior | F58: Industriplex - 305 | J58: NA | K58: NA | M58: 0 | N58: 0 | O58: 6510
A59: =VLOOKUP(D59,BldgExpCodes,2) -> 6320 | B59: Operations - Administration/Facilities & Fleet Mgt | C59: Shared - General Fund | D59: Misc. Exterior Expense - 177 | E59: Pressure Wash Quail | F59: Quail Drive - 315 | J59: NA | K59: NA | M59: 0 | N59: 0 | O59: 3000 | Q59: 20000 | S59: 16802
A60: =VLOOKUP(D60,BldgExpCodes,2) -> #N/A | B60: Operations - Administration/Facilities & Fleet Mgt | C60: Shared - General Fund
A61: =VLOOKUP(D61,BldgExpCodes,2) -> #N/A | B61: Operations - Administration/Facilities & Fleet Mgt | C61: Shared - General Fund | Q61: 700 | S61: 0
A62: =VLOOKUP(D62,BldgExpCodes,2) -> #N/A | B62: Operations - Administration/Facilities & Fleet Mgt | C62: Shared - General Fund
A63: =VLOOKUP(D63,BldgExpCodes,2) -> #N/A | B63: Operations - Administration/Facilities & Fleet Mgt | C63: Shared - General Fund
A64: =VLOOKUP(D64,BldgExpCodes,2) -> #N/A | B64: Operations - Administration/Facilities & Fleet Mgt | C64: Shared - General Fund
A65: =VLOOKUP(D65,BldgExpCodes,2) -> #N/A | B65: Operations - Administration/Facilities & Fleet Mgt | C65: Shared - General Fund
A66: =VLOOKUP(D66,BldgExpCodes,2) -> #N/A | B66: Operations - Administration/Facilities & Fleet Mgt | C66: Shared - General Fund
A67: =VLOOKUP(D67,BldgExpCodes,2) -> #N/A | B67: Operations - Administration/Facilities & Fleet Mgt | C67: Shared - General Fund
A68: =VLOOKUP(D68,BldgExpCodes,2) -> #N/A | B68: Operations - Administration/Facilities & Fleet Mgt | C68: Shared - General Fund
A69: =VLOOKUP(D69,BldgExpCodes,2) -> #N/A | B69: Operations - Administration/Facilities & Fleet Mgt | C69: Shared - General Fund
A70: =VLOOKUP(D70,BldgExpCodes,2) -> #N/A | B70: Operations - Administration/Facilities & Fleet Mgt | C70: Shared - General Fund
A71: =VLOOKUP(D71,BldgExpCodes,2) -> #N/A | B71: Operations - Administration/Facilities & Fleet Mgt | C71: Shared - General Fund
A72: =VLOOKUP(D72,BldgExpCodes,2) -> #N/A | B72: Operations - Administration/Facilities & Fleet Mgt | C72: Shared - General Fund
A73: =VLOOKUP(D73,BldgExpCodes,2) -> #N/A | B73: Operations - Administration/Facilities & Fleet Mgt | C73: Shared - General Fund
... A278: =VLOOKUP(D278,BldgExpCodes,2) -> #N/A | B278: Operations - Administration/Facilities & Fleet Mgt | C278: Shared - General Fund
D279: =COUNTA(D28:D278) -> 32 | K279: =SUM(K28:K278) -> 385269 | L279: =SUM(L28:L278) -> 381425.6 | M279: =SUM(M28:M278) -> 325376.5 | N279: =SUM(N28:N278) -> 316360.29 | O279: =SUM(O28:O278) -> 357727
B280: Operations - Administration/Facilities & Fleet Mgt | C280: Shared - General Fund | D280: Appliances - 172 | L280: =SUMIF($D$28:$D$278,$D280,L$28:L$278) -> 0 | M280: =SUMIF($D$28:$D$278,$D280,M$28:M$278) -> 114 | N280: =SUMIF($D$28:$D$278,$D280,N$28:N$278) -> 1000 | O280: =SUMIF($D$28:$D$278,$D280,O$28:O$278) -> 1200
B281: Operations - Administration/Facilities & Fleet Mgt | C281: Shared - General Fund | D281: Carpet & Tile - 179 | L281: =SUMIF($D$28:$D$278,$D281,L$28:L$278) -> 0 | M281: =SUMIF($D$28:$D$278,$D281,M$28:M$278) -> 0 | N281: =SUMIF($D$28:$D$278,$D281,N$28:N$278) -> 0 | O281: =SUMIF($D$28:$D$278,$D281,O$28:O$278) -> 3500
B282: Operations - Administration/Facilities & Fleet Mgt | C282: Shared - General Fund | D282: Electrical - 162 | L282: =SUMIF($D$28:$D$278,$D282,L$28:L$278) -> 0 | M282: =SUMIF($D$28:$D$278,$D282,M$28:M$278) -> 850 | N282: =SUMIF($D$28:$D$278,$D282,N$28:N$278) -> 1000 | O282: =SUMIF($D$28:$D$278,$D282,O$28:O$278) -> 6500
B283: Operations - Administration/Facilities & Fleet Mgt | C283: Shared - General Fund | D283: Elevator - 169 | L283: =SUMIF($D$28:$D$278,$D283,L$28:L$278) -> 16047.6 | M283: =SUMIF($D$28:$D$278,$D283,M$28:M$278) -> 15138 | N283: =SUMIF($D$28:$D$278,$D283,N$28:N$278) -> 4692 | O283: =SUMIF($D$28:$D$278,$D283,O$28:O$278) -> 4692
B284: Operations - Administration/Facilities & Fleet Mgt | C284: Shared - General Fund | D284: Exterminating - 168 | L284: =SUMIF($D$28:$D$278,$D284,L$28:L$278) -> 0 | M284: =SUMIF($D$28:$D$278,$D284,M$28:M$278) -> 4800 | N284: =SUMIF($D$28:$D$278,$D284,N$28:N$278) -> 2000 | O284: =SUMIF($D$28:$D$278,$D284,O$28:O$278) -> 2100
B285: Operations - Administration/Facilities & Fleet Mgt | C285: Shared - General Fund | D285: Fire Safety - 170 | L285: =SUMIF($D$28:$D$278,$D285,L$28:L$278) -> 64112 | M285: =SUMIF($D$28:$D$278,$D285,M$28:M$278) -> 36256.25 | N285: =SUMIF($D$28:$D$278,$D285,N$28:N$278) -> 21737.5 | O285: =SUMIF($D$28:$D$278,$D285,O$28:O$278) -> 18000
B286: Operations - Administration/Facilities & Fleet Mgt | C286: Shared - General Fund | D286: Grounds - 165 | L286: =SUMIF($D$28:$D$278,$D286,L$28:L$278) -> 27500 | M286: =SUMIF($D$28:$D$278,$D286,M$28:M$278) -> 19300 | N286: =SUMIF($D$28:$D$278,$D286,N$28:N$278) -> 25000 | O286: =SUMIF($D$28:$D$278,$D286,O$28:O$278) -> 25000
B287: Operations - Administration/Facilities & Fleet Mgt | C287: Shared - General Fund | D287: HVAC - 164 | L287: =SUMIF($D$28:$D$278,$D287,L$28:L$278) -> 75270 | M287: =SUMIF($D$28:$D$278,$D287,M$28:M$278) -> 31326 | N287: =SUMIF($D$28:$D$278,$D287,N$28:N$278) -> 34000 | O287: =SUMIF($D$28:$D$278,$D287,O$28:O$278) -> 35000
B288: Operations - Administration/Facilities & Fleet Mgt | C288: Shared - General Fund | D288: Janitorial Services - 166 | L288: =SUMIF($D$28:$D$278,$D288,L$28:L$278) -> 128496 | M288: =SUMIF($D$28:$D$278,$D288,M$28:M$278) -> 79165 | N288: =SUMIF($D$28:$D$278,$D288,N$28:N$278) -> 64248 | O288: =SUMIF($D$28:$D$278,$D288,O$28:O$278) -> 74000
B289: Operations - Administration/Facilities & Fleet Mgt | C289: Shared - General Fund | D289: Janitorial Supplies - 167 | L289: =SUMIF($D$28:$D$278,$D289,L$28:L$278) -> 0 | M289: =SUMIF($D$28:$D$278,$D289,M$28:M$278) -> 11376.63 | N289: =SUMIF($D$28:$D$278,$D289,N$28:N$278) -> 12406 | O289: =SUMIF($D$28:$D$278,$D289,O$28:O$278) -> 12500
B290: Operations - Administration/Facilities & Fleet Mgt | C290: Shared - General Fund | D290: Lighting - 171 | L290: =SUMIF($D$28:$D$278,$D290,L$28:L$278) -> 0 | M290: =SUMIF($D$28:$D$278,$D290,M$28:M$278) -> 6798.59 | N290: =SUMIF($D$28:$D$278,$D290,N$28:N$278) -> 7500 | O290: =SUMIF($D$28:$D$278,$D290,O$28:O$278) -> 7525
B291: Operations - Administration/Facilities & Fleet Mgt | C291: Shared - General Fund | D291: Locksmith - 173 | L291: =SUMIF($D$28:$D$278,$D291,L$28:L$278) -> 0 | M291: =SUMIF($D$28:$D$278,$D291,M$28:M$278) -> 81.08 | N291: =SUMIF($D$28:$D$278,$D291,N$28:N$278) -> 500 | O291: =SUMIF($D$28:$D$278,$D291,O$28:O$278) -> 500
... B301: Operations - Administration/Facilities & Fleet Mgt | C301: Shared - General Fund | D301: Windows & Glass - 175 | L301: =SUMIF($D$28:$D$278,$D301,L$28:L$278) -> 0 | M301: =SUMIF($D$28:$D$278,$D301,M$28:M$278) -> 0 | N301: =SUMIF($D$28:$D$278,$D301,N$28:N$278) -> 2000 | O301: =SUMIF($D$28:$D$278,$D301,O$28:O$278) -> 1000
A305: JUSTIFICATION/NOTABLE Items/Descriptions
A307: 1)
A308: 2)
A315: Changes made from Original Request | D315: Requested By | G315: Date
A316: 1)
A317: 2)

Sheet Prof Serv
B1: Contractual/Professional Services
F2: Required Public Notices | G2: Sponsorships | H2: Other Professional Services | I2: Auditing | J2: Legal
B3: Total FY 2017 Request | E3: =E4+E11+E14+E15+E16+E19+E22+E23+E24+E25 -> 1747959 | F3: =F4+F11+F14+F15+F16+F19+F22+F23+F24+F25 -> 33350 | G3: =G4+G11+G14+G15+G16+G19+G22+G23+G24+G25 -> 12500 | H3: =H4+H11+H14+H15+H16+H19+H22+H23+H24+H25 -> 1379609 | I3: =I4+I11+I14+I15+I16+I19+I22+I23+I24+I25 -> 222500 | J3: =J4+J11+J14+J15+J16+J19+J22+J23+J24+J25 -> 100000 | K3: =E3-N276 -> 0
B4: Administration | E4: =SUM(E5:E10) -> 392708 | F4: =SUM(F5:F10) -> 33350 | G4: =SUM(G5:G10) -> 12500 | H4: =SUM(H5:H10) -> 191858 | I4: =SUM(I5:I10) -> 155000 | J4: =SUM(J5:J10) -> 0
C5: Accounting | E5: =SUM(F5:J5) -> 159608 | F5: 0 | G5: 0 | H5: =N295+N331+N349+N367-F5-G5 -> 4608 | I5: =N277 -> 155000 | J5: =N313 -> 0
C6: Communications/Public Affairs | E6: =SUM(F6:J6) -> 103850 | F6: =SUM(N45:N56) -> 33350 | G6: =N37 -> 12500 | H6: =N297+N333+N351+N369-F6-G6 -> 58000 | I6: =N279 -> 0 | J6: =N315 -> 0
C7: Human Resources | E7: =SUM(F7:J7) -> 250 | F7: 0 | G7: 0 | H7: =N303+N339+N357+N375-F7-G7 -> 250 | I7: =N285 -> 0 | J7: =N321 -> 0
C8: Information Technology | E8: =SUM(F8:J8) -> 99000 | F8: 0 | G8: 0 | H8: =N376+N358+N340+N304-F8-G8 -> 99000 | I8: =N286 -> 0 | J8: =N322 -> 0
C9: Operations Admin/Facilities & Fleet Mgt | E9: =SUM(F9:J9) -> 30000 | F9: 0 | G9: 0 | H9: =N308+N344+N362+N380-F9-G9 -> 30000 | I9: =N290 -> 0 | J9: =N326 -> 0
C10: Policy & Reporting | E10: =SUM(F10:J10) -> 0 | F10: 0 | G10: 0 | H10: =N382+N364+N346+N310-F10-G10 -> 0 | I10: =N292 -> 0 | J10: =N328 -> 0
B11: Asset Management | E11: =SUM(E12:E13) -> 30000 | F11: =SUM(F12:F13) -> 0 | G11: =SUM(G12:G13) -> 0 | H11: =SUM(H12:H13) -> 30000 | I11: =SUM(I12:I13) -> 0 | J11: =SUM(J12:J13) -> 0
C12: Compliance Monitoring/Env Reviews | E12: =SUM(F12:J12) -> 30000 | F12: 0 | G12: 0 | H12: =N298+N334+N352+N370-F12-G12 -> 30000 | I12: =N280 -> 0 | J12: =N316 -> 0
C13: Desk Monitoring | E13: =SUM(F13:J13) -> 0 | F13: 0 | G13: 0 | H13: =N299+N335+N353+N371-F13-G13 -> 0 | I13: =N281 -> 0 | J13: =N317 -> 0
B14: Disaster Housing | E14: =SUM(F14:J14) -> 286250 | F14: 0 | G14: 0 | H14: =N300+N336+N354+N372-F14-G14 -> 286250 | I14: =N282 -> 0 | J14: =N318 -> 0
B15: Energy Assistance | E15: =SUM(F15:J15) -> 122000 | F15: 0 | G15: 0 | H15: =N301+N337+N355+N373-F15-G15 -> 122000 | I15: =N283 -> 0 | J15: =N319 -> 0
B16: Executive | E16: =SUM(E17:E18) -> 155000 | F16: =SUM(F17:F18) -> 0 | G16: =SUM(G17:G18) -> 0 | H16: =SUM(H17:H18) -> 155000 | I16: =SUM(I17:I18) -> 0 | J16: =SUM(J17:J18) -> 0
C17: Board | E17: =SUM(F17:J17) -> 15000 | F17: 0 | G17: 0 | H17: =N296+N332+N350+N368-F17-G17 -> 15000 | I17: =N278 -> 0 | J17: =N314 -> 0
C18: Executive Staff | E18: =SUM(F18:J18) -> 140000 | F18: 0 | G18: 0 | H18: =N374+N356+N338+N302-F18-G18 -> 140000 | I18: =N284 -> 0 | J18: =N320 -> 0
B19: Housing Production | E19: =SUM(E20:E21) -> 475001.02 | F19: =SUM(F20:F21) -> 0 | G19: =SUM(G20:G21) -> 0 | H19: =SUM(H20:H21) -> 475001.02 | I19: =SUM(I20:I21) -> 0 | J19: =SUM(J20:J21) -> 0
C20: Rental Production | E20: =SUM(F20:J20) -> 407001.02 | F20: 0 | G20: 0 | H20: =N311+N347+N365+N383-F20-G20 -> 407001.02 | I20: =N293 -> 0 | J20: =N329 -> 0
C21: Single Family Production | E21: =SUM(F21:J21) -> 68000 | F21: 0 | G21: 0 | H21: =N312+N348+N366+N384-F21-G21 -> 68000 | I21: =N294 -> 0 | J21: =N330 -> 0
B22: Internal Audit | E22: =SUM(F22:J22) -> 67500 | F22: 0 | G22: 0 | H22: =N305+N341+N359+N377-F22-G22 -> 0 | I22: =N287 -> 67500 | J22: =N323 -> 0
B23: Legal | E23: =SUM(F23:J23) -> 100000 | F23: 0 | G23: 0 | H23: =N306+N342+N360+N378-F23-G23 -> 0 | I23: =N288 -> 0 | J23: =N324 -> 100000
B24: LHA | E24: =SUM(F24:J24) -> 111000 | F24: 0 | G24: 0 | H24: =N307+N343+N361+N379-F24-G24 -> 111000 | I24: =N289 -> 0 | J24: =N325 -> 0
B25: Performance-Based Sect 8 Contract Administration | E25: =SUM(F25:J25) -> 8500 | F25: 0 | G25: 0 | H25: =N309+N345+N363+N381-F25-G25 -> 8500 | I25: =N291 -> 0 | J25: =N327 -> 0
A27: GL Account | B27: Budget Unit | C27: Funding Sources | D27: Type of Service | E27: Description/Purpose | F27: Existing Contract (Y/N) | G27: Incumbent Contractor | H27: Previous or Current Contract No. | I27: Contract Start Date | J27: Contract End Date | K27: Contract Value | L27: Expenditures to date | M27: Projected 2016 Expense | N27: Budget Fiscal 2017
A28: =VLOOKUP(D28,ProfExpCodes,2) -> 6400 | B28: Accounting/Budget/Finance | C28: Shared - General Fund | D28: Accounting/Auditing Services | E28: Auditing Services - MRB & Combined Financial Statements | F28: Yes | G28: Postlewaite & Netterville | H28: 15-0025 | I28: 41821 | J28: 42643 | K28: 250000 | L28: 145800 | M28: 74800 | N28: 80000 | O28: x
A29: =VLOOKUP(D29,ProfExpCodes,2) -> 6400 | B29: Accounting/Budget/Finance | C29: Shared - General Fund | D29: Accounting/Auditing Services | E29: Auditing Services - Gen Fd Financial Statements | F29: Yes | G29: Carr, Riggs & Ingram | H29: 15-0023 | I29: 41801 | J29: 42614 | K29: 195000 | L29: 130000 | M29: 65000 | N29: 65000 | O29: x
A30: =VLOOKUP(D30,ProfExpCodes,2) -> 6420 | B30: Accounting/Budget/Finance | C30: Shared - General Fund | D30: Other Professional Services | E30: E-file quarterly wage, Fed & State W2's and Recon forms | F30: No | G30: Atrix | N30: 700 | O30: x
A31: =VLOOKUP(D31,ProfExpCodes,2) -> 6420 | B31: Accounting/Budget/Finance | C31: Shared - General Fund | D31: Other Professional Services | E31: Preparation, Training, & Submission of Cost Alloc Plan | F31: Yes | G31: MGT of America, Inc. | H31: 15-0039 | I31: 41821 | J31: 42916 | K31: 39080 | L31: 35172 | M31: 35172 | N31: 3908 | O31: x
A32: =VLOOKUP(D32,ProfExpCodes,2) -> 6400 | B32: Accounting/Budget/Finance | C32: Shared - General Fund | D32: Accounting/Auditing Services | E32: Annual LHA Audit | F32: Yes | G32: State of Louisiana Legislative Auditor (Pinell & Martinez) | H32: 14-0054 | I32: 42248 | J32: 42613 | K32: 20895 | L32: 20895 | M32: 6965 | N32: 10000 | O32: x
A33: =VLOOKUP(D33,ProfExpCodes,2) -> 6420 | B33: Board of Directors | C33: Admin Exp - Unallocable - General Fund | D33: Other Professional Services | E33: Court Reporter for transcriptions of Board Meeting | F33: No | G33: Nicole Bourgeois Court Reporters | K33: 18000 | L33: 2171 | M33: 4571 | N33: 15000 | O33: x
A34: =VLOOKUP(D34,ProfExpCodes,2) -> 6420 | B34: Communications/Public Affairs | C34: Admin Exp - Unallocable - General Fund | D34: Other Professional Services | E34: Website Hosting | F34: Yes | G34: Covalent Logic | I34: 41456 | J34: 42522 | K34: 56700 | L34: 56700 | M34: 2400 | N34: 2400 | O34: x
A35: =VLOOKUP(D35,ProfExpCodes,2) -> 6305 | B35: Communications/Public Affairs | C35: Admin Exp - Unallocable - General Fund | D35: Printing Services | E35: State Printing of Annual Report, Jotter Cards, Notepads, Letterhead | F35: No | G35: State Printing | M35: 7500 | N35: 7500 | O35: x
A36: =VLOOKUP(D36,ProfExpCodes,2) -> 6300 | B36: Communications/Public Affairs | C36: Admin Exp - Unallocable - General Fund | D36: Advertising Services/Public Notices | E36: Radio Advertising to Promote Single Family Program | F36: No | G36: Louisiana Radio Network | M36: 24000 | N36: =30000-30000 -> 0
A37: =VLOOKUP(D37,ProfExpCodes,2) -> 6305 | B37: Communications/Public Affairs | C37: Admin Exp - Unallocable - General Fund | D37: Sponorships | E37: Sponsorships of Various Association Conferences | F37: No | G37: Various | M37: 4250 | N37: 12500 | O37: x
A38: =VLOOKUP(D38,ProfExpCodes,2) -> 6420 | B38: Communications/Public Affairs | C38: Admin Exp - Unallocable - General Fund | D38: Other Professional Services | E38: Graphic Design Services | F38: No | G38: Various | M38: 10610 | N38: 30000 | O38: x
A39: =VLOOKUP(D39,ProfExpCodes,2) -> 6300 | B39: Communications/Public Affairs | C39: Admin Exp - Unallocable - General Fund | D39: Advertising Services/Public Notices | E39: Social Media Advertising | F39: No | G39: Facebook | M39: 2600 | N39: 5000 | O39: x
A40: =VLOOKUP(D40,ProfExpCodes,2) -> 6420 | B40: Communications/Public Affairs | C40: Admin Exp - Unallocable - General Fund | D40: Other Professional Services | E40: Don Kadair Photography (staff and board member photos) | F40: No | G40: Don Kadair Photography | M40: 250 | N40: 500 | O40: x
A41: =VLOOKUP(D41,ProfExpCodes,2) -> 6305 | B41: Communications/Public Affairs | C41: Admin Exp - Unallocable - General Fund | D41: Printing Services | E41: Laptop Bags for SF Top Lenders | F41: Yes | G41: Augie Leopold | M41: 1500 | N41: =1500-1500 -> 0
A42: =VLOOKUP(D42,ProfExpCodes,2) -> 6305 | B42: Communications/Public Affairs | C42: Admin Exp - Unallocable - General Fund | D42: Printing Services | E42: Specialty Printing (Big signs, Rush Projects) | F42: No | G42: Kinko's | M42: 700 | N42: 1000 | O42: x
A43: =VLOOKUP(D43,ProfExpCodes,2) -> 6300 | B43: Communications/Public Affairs | C43: Admin Exp - Unallocable - General Fund | D43: Advertising Services/Public Notices | E43: TV and Billboard Advertising - Single Family pgms | N43: =75000-75000 -> 0
A44: =VLOOKUP(D44,ProfExpCodes,2) -> 6300 | B44: Communications/Public Affairs | C44: Admin Exp - Unallocable - General Fund | D44: Advertising Services/Public Notices | E44: Public Notices | F44: No | G44: Louisiana Press Association | L44: 3047 | M44: 45000 | N44: 3500 | O44: x
A45: =VLOOKUP(D45,ProfExpCodes,2) -> 6300 | B45: Communications/Public Affairs | C45: HOME Pgm | D45: Advertising Services/Public Notices | E45: HUD required public notices | F45: No | G45: Louisiana Press Association | L45: 3074 | N45: 3500 | O45: x
A46: =VLOOKUP(D46,ProfExpCodes,2) -> 6300 | B46: Communications/Public Affairs | C46: LIHEAP | D46: Advertising Services/Public Notices | E46: HUD required public notices | F46: No | G46: Louisiana Press Association | L46: 325 | N46: 400 | O46: x
A47: =VLOOKUP(D47,ProfExpCodes,2) -> 6300 | B47: Communications/Public Affairs | C47: LIHTC | D47: Advertising Services/Public Notices | E47: HUD required public notices | F47: No | G47: Louisiana Press Association | L47: 2018 | N47: 5000 | O47: x
A48: =VLOOKUP(D48,ProfExpCodes,2) -> 6300 | B48: Communications/Public Affairs | C48: Mortgage Revenue Bonds | D48: Advertising Services/Public Notices | E48: HUD required public notices | F48: No | G48: Louisiana Press Association | L48: 9885 | N48: 10000 | O48: x
A49: =VLOOKUP(D49,ProfExpCodes,2) -> 6300 | B49: Communications/Public Affairs | C49: Kat/Rita NRPP Rd 1 & Rd 3 (formerly ALL NRPP) | D49: Advertising Services/Public Notices | E49: HUD required public notices | F49: No | G49: Louisiana Press Association | L49: 1672 | N49: 2000 | O49: x
A50: =VLOOKUP(D50,ProfExpCodes,2) -> 6300 | B50: Communications/Public Affairs | C50: Project-Based Section 8 Voucher Pgm | D50: Advertising Services/Public Notices | E50: HUD required public notices | F50: No | G50: Louisiana Press Association | L50: 3499 | N50: 4500 | O50: x
A51: =VLOOKUP(D51,ProfExpCodes,2) -> 6300 | B51: Communications/Public Affairs | C51: Section 811 Supportive Hsg Pgm | D51: Advertising Services/Public Notices | E51: HUD required public notices | F51: No | G51: Louisiana Press Association | L51: 508 | N51: 650 | O51: x
A52: =VLOOKUP(D52,ProfExpCodes,2) -> 6300 | B52: Communications/Public Affairs | C52: Kat/Rita Supportive Hsg Svcs Pgm | D52: Advertising Services/Public Notices | E52: HUD required public notices | F52: No | G52: Louisiana Press Association | L52: 55 | N52: 100 | O52: x
A53: =VLOOKUP(D53,ProfExpCodes,2) -> 6300 | B53: Communications/Public Affairs | C53: Weatherization | D53: Advertising Services/Public Notices | E53: HUD required public notices | F53: No | G53: Louisiana Press Association | L53: 5263 | M53: 0 | N53: 5500 | O53: x
A54: =VLOOKUP(D54,ProfExpCodes,2) -> 6300 | B54: Communications/Public Affairs | C54: Continuum of Care | D54: Advertising Services/Public Notices | E54: HUD required public notices | G54: Louisiana Press Association | L54: 508 | N54: 700 | O54: x
A55: =VLOOKUP(D55,ProfExpCodes,2) -> 6300 | B55: Communications/Public Affairs | C55: Isaac Homeowner Repair Program | D55: Advertising Services/Public Notices | E55: HUD required public notices | F55: Yes | G55: Louisiana Press Association | L55: 706 | M55: 0 | N55: 800 | O55: x
